Workbook

Sheet PRESUPUESTO
B2: DOTACIÓN OPERARIOS PTAP-PTAR
B3: ARTICULO PRESUPUESTAL (SIIF NACIÓN) | C3: RECURSO | D3: DESCRIPCIÓN DEL RUBRO | E3: UNIDAD BENEFICIADA | F3: VALOR APROXIMADO DE LA NECESIDAD | G3: SUBTOTAL UNIDAD | H3: PRESUPUESTO A UTILIZAR | I3: SALDO
B4: A-02-02-01-002-008 | C4: 10 | D4: DOTACIÓN (PRENDAS DE VESTIR DE CALZADO) | E4: BACAC | F4: 848385 | G4: =F4 -> 848385 | H4: =MÍNIMAS!W22 -> 0 | I4: =MÍNIMAS!W24 -> 848385
B5: A-02-02-01-002-008 | C5: 10 | D5: DOTACIÓN (PRENDAS DE VESTIR DE CALZADO) | E5: BAEEV3 | F5: 466111 | G5: =SUM(F5:F6) -> 932222 | H5: =MÍNIMAS!Y22 -> 0 | I5: =MÍNIMAS!Y24 -> 932222
B6: A-02-02-01-002-008 | C6: 10 | F6: 466111
B7: A-02-02-01-002-008 | C7: 10 | D7: DOTACIÓN (PRENDAS DE VESTIR DE CALZADO) | E7: BAMMA | F7: 466111 | G7: =SUM(F7:F8) -> 932222 | H7: =MÍNIMAS!AA22 -> 0 | I7: =MÍNIMAS!AA24 -> 932222
B8: A-02-02-01-002-008 | C8: 10 | F8: 466111
B9: A-02-02-01-002-008 | C9: 10 | D9: DOTACIÓN (PRENDAS DE VESTIR DE CALZADO) | E9: BICAR | F9: 466111 | G9: =SUM(F9:F10) -> 932222 | H9: =MÍNIMAS!AI22 -> 0 | I9: =MÍNIMAS!AI24 -> 932222
B10: A-02-02-01-002-008 | C10: 10 | F10: 466111
B11: A-02-02-01-002-008 | C11: 10 | D11: DOTACIÓN (PRENDAS DE VESTIR DE CALZADO) | E11: BIMOC | F11: 466111 | G11: =SUM(F11:F12) -> 932222 | H11: =MÍNIMAS!AK22 -> 0 | I11: =MÍNIMAS!AK24 -> 932222
B12: A-02-02-01-002-008 | C12: 10 | F12: 466111
B13: A-02-02-01-002-008 | C13: 10 | D13: DOTACIÓN (PRENDAS DE VESTIR DE CALZADO) | E13: BITER10 | F13: 466111 | G13: =SUM(F13:F14) -> 932222 | H13: =MÍNIMAS!AM22 -> 0 | I13: =MÍNIMAS!AM24 -> 932222
B14: A-02-02-01-002-008 | C14: 10 | F14: 466111
B15: A-02-02-01-002-008 | C15: 10 | D15: DOTACIÓN (PRENDAS DE VESTIR DE CALZADO) | E15: GMMAT | F15: 466111 | G15: =SUM(F15:F17) -> 1398333 | H15: =MÍNIMAS!AS22 -> 0 | I15: =MÍNIMAS!AS24 -> 1398333
B16: A-02-02-01-002-008 | C16: 10 | F16: 466111
B17: A-02-02-01-002-008 | C17: 10 | F17: 466111
B18: SUBTOTAL | F18: =SUM(F4:F17) -> 6907828 | G18: =SUM(G4:G17) -> 6907828 | H18: =SUM(H4:H17) -> 0 | I18: =SUM(I4:I17) -> 6907828
B20: DOTACIÓN ESCUADRAS DE MANTENIMIENTO
B21: ARTICULO PRESUPUESTAL (SIIF NACIÓN) | C21: RECURSO | D21: DESCRIPCIÓN DEL RUBRO | E21: UNIDAD BENEFICIADA | F21: VALOR APROXIMADO DE LA NECESIDAD | H21: PRESUPUESTO A UTILIZAR | I21: SALDO
B22: A-02-02-01-004-008 | C22: 10 | D22: APARATOS MÉDICOS, INSTRUMENTOS ÓPTICOS Y DE PRECISIÓN, RELOJES | E22: BAABS3 | F22: 456312 | H22: =SUMIFS(MÍNIMAS!$33:$33,MÍNIMAS!$27:$27,PRESUPUESTO!E22) -> 0 | I22: =SUMIFS(MÍNIMAS!$35:$35,MÍNIMAS!$27:$27,PRESUPUESTO!E22) -> 456312
E23: BAACA10 | F23: 456312 | H23: =SUMIFS(MÍNIMAS!$33:$33,MÍNIMAS!$27:$27,PRESUPUESTO!E23) -> 0 | I23: =SUMIFS(MÍNIMAS!$35:$35,MÍNIMAS!$27:$27,PRESUPUESTO!E23) -> 456312
E24: BAACA2 | F24: 456312 | H24: =SUMIFS(MÍNIMAS!$33:$33,MÍNIMAS!$27:$27,PRESUPUESTO!E24) -> 0 | I24: =SUMIFS(MÍNIMAS!$35:$35,MÍNIMAS!$27:$27,PRESUPUESTO!E24) -> 456312
E25: BAADA1 | F25: 456312 | H25: =SUMIFS(MÍNIMAS!$33:$33,MÍNIMAS!$27:$27,PRESUPUESTO!E25) -> 0 | I25: =SUMIFS(MÍNIMAS!$35:$35,MÍNIMAS!$27:$27,PRESUPUESTO!E25) -> 456312
E26: BACAC | F26: 456312 | H26: =SUMIFS(MÍNIMAS!$33:$33,MÍNIMAS!$27:$27,PRESUPUESTO!E26) -> 0 | I26: =SUMIFS(MÍNIMAS!$35:$35,MÍNIMAS!$27:$27,PRESUPUESTO!E26) -> 456312
E27: BAEEV3 | F27: 456312 | H27: =SUMIFS(MÍNIMAS!$33:$33,MÍNIMAS!$27:$27,PRESUPUESTO!E27) -> 0 | I27: =SUMIFS(MÍNIMAS!$35:$35,MÍNIMAS!$27:$27,PRESUPUESTO!E27) -> 456312
E28: BAMMA | F28: 456312 | H28: =SUMIFS(MÍNIMAS!$33:$33,MÍNIMAS!$27:$27,PRESUPUESTO!E28) -> 0 | I28: =SUMIFS(MÍNIMAS!$35:$35,MÍNIMAS!$27:$27,PRESUPUESTO!E28) -> 456312
E29: BAS10 | F29: 456312 | H29: =SUMIFS(MÍNIMAS!$33:$33,MÍNIMAS!$27:$27,PRESUPUESTO!E29) -> 0 | I29: =SUMIFS(MÍNIMAS!$35:$35,MÍNIMAS!$27:$27,PRESUPUESTO!E29) -> 456312
E30: BASAC | F30: 456312 | H30: =SUMIFS(MÍNIMAS!$33:$33,MÍNIMAS!$27:$27,PRESUPUESTO!E30) -> 0 | I30: =SUMIFS(MÍNIMAS!$35:$35,MÍNIMAS!$27:$27,PRESUPUESTO!E30) -> 456312
E31: BATAC | F31: 456312 | H31: =SUMIFS(MÍNIMAS!$33:$33,MÍNIMAS!$27:$27,PRESUPUESTO!E31) -> 0 | I31: =SUMIFS(MÍNIMAS!$35:$35,MÍNIMAS!$27:$27,PRESUPUESTO!E31) -> 456312
E32: BICAR | F32: 456312 | H32: =SUMIFS(MÍNIMAS!$33:$33,MÍNIMAS!$27:$27,PRESUPUESTO!E32) -> 0 | I32: =SUMIFS(MÍNIMAS!$35:$35,MÍNIMAS!$27:$27,PRESUPUESTO!E32) -> 456312
E33: BIMOC | F33: 456312 | H33: =SUMIFS(MÍNIMAS!$33:$33,MÍNIMAS!$27:$27,PRESUPUESTO!E33) -> 0 | I33: =SUMIFS(MÍNIMAS!$35:$35,MÍNIMAS!$27:$27,PRESUPUESTO!E33) -> 456312
E34: BITER10 | F34: 456312 | H34: =SUMIFS(MÍNIMAS!$33:$33,MÍNIMAS!$27:$27,PRESUPUESTO!E34) -> 0 | I34: =SUMIFS(MÍNIMAS!$35:$35,MÍNIMAS!$27:$27,PRESUPUESTO!E34) -> 456312
... E38: GMRON | F38: 456312 | H38: =SUMIFS(MÍNIMAS!$33:$33,MÍNIMAS!$27:$27,PRESUPUESTO!E38) -> 0 | I38: =SUMIFS(MÍNIMAS!$35:$35,MÍNIMAS!$27:$27,PRESUPUESTO!E38) -> 456312
B39: SUBTOTAL | F39: =SUM(F22:F38) -> 7757304 | H39: =SUM(H22:H38) -> 0 | I39: =SUM(I22:I38) -> 7757304
B41: DOTACIÓN ESCUADRAS DE MANTENIMIENTO
B42: ARTICULO PRESUPUESTAL (SIIF NACIÓN) | C42: RECURSO | D42: DESCRIPCIÓN DEL RUBRO | E42: UNIDAD BENEFICIADA | F42: VALOR APROXIMADO DE LA NECESIDAD | H42: PRESUPUESTO A UTILIZAR | I42: SALDO
B43: A-02-02-01-002-007 | C43: 10 | D43: ARTÍCULOS TEXTILES (EXCEPTO PRENDAS DE VESTIR) | E43: BAABS3 | F43: 216816 | H43: =SUMIFS(MÍNIMAS!$44:$44,MÍNIMAS!$38:$38,PRESUPUESTO!E43) -> 0 | I43: =SUMIFS(MÍNIMAS!$46:$46,MÍNIMAS!$38:$38,PRESUPUESTO!E43) -> 216816
E44: BAACA10 | F44: 216816 | H44: =SUMIFS(MÍNIMAS!$44:$44,MÍNIMAS!$38:$38,PRESUPUESTO!E44) -> 0 | I44: =SUMIFS(MÍNIMAS!$46:$46,MÍNIMAS!$38:$38,PRESUPUESTO!E44) -> 216816
E45: BAACA2 | F45: 216816 | H45: =SUMIFS(MÍNIMAS!$44:$44,MÍNIMAS!$38:$38,PRESUPUESTO!E45) -> 0 | I45: =SUMIFS(MÍNIMAS!$46:$46,MÍNIMAS!$38:$38,PRESUPUESTO!E45) -> 216816
E46: BAADA1 | F46: 216816 | H46: =SUMIFS(MÍNIMAS!$44:$44,MÍNIMAS!$38:$38,PRESUPUESTO!E46) -> 0 | I46: =SUMIFS(MÍNIMAS!$46:$46,MÍNIMAS!$38:$38,PRESUPUESTO!E46) -> 216816
E47: BACAC | F47: 216816 | H47: =SUMIFS(MÍNIMAS!$44:$44,MÍNIMAS!$38:$38,PRESUPUESTO!E47) -> 0 | I47: =SUMIFS(MÍNIMAS!$46:$46,MÍNIMAS!$38:$38,PRESUPUESTO!E47) -> 216816
E48: BAEEV3 | F48: 216816 | H48: =SUMIFS(MÍNIMAS!$44:$44,MÍNIMAS!$38:$38,PRESUPUESTO!E48) -> 0 | I48: =SUMIFS(MÍNIMAS!$46:$46,MÍNIMAS!$38:$38,PRESUPUESTO!E48) -> 216816
E49: BAMMA | F49: 216816 | H49: =SUMIFS(MÍNIMAS!$44:$44,MÍNIMAS!$38:$38,PRESUPUESTO!E49) -> 0 | I49: =SUMIFS(MÍNIMAS!$46:$46,MÍNIMAS!$38:$38,PRESUPUESTO!E49) -> 216816
E50: BAS10 | F50: 216816 | H50: =SUMIFS(MÍNIMAS!$44:$44,MÍNIMAS!$38:$38,PRESUPUESTO!E50) -> 0 | I50: =SUMIFS(MÍNIMAS!$46:$46,MÍNIMAS!$38:$38,PRESUPUESTO!E50) -> 216816
E51: BASAC | F51: 216816 | H51: =SUMIFS(MÍNIMAS!$44:$44,MÍNIMAS!$38:$38,PRESUPUESTO!E51) -> 0 | I51: =SUMIFS(MÍNIMAS!$46:$46,MÍNIMAS!$38:$38,PRESUPUESTO!E51) -> 216816
E52: BATAC | F52: 216816 | H52: =SUMIFS(MÍNIMAS!$44:$44,MÍNIMAS!$38:$38,PRESUPUESTO!E52) -> 0 | I52: =SUMIFS(MÍNIMAS!$46:$46,MÍNIMAS!$38:$38,PRESUPUESTO!E52) -> 216816
E53: BICAR | F53: 216816 | H53: =SUMIFS(MÍNIMAS!$44:$44,MÍNIMAS!$38:$38,PRESUPUESTO!E53) -> 0 | I53: =SUMIFS(MÍNIMAS!$46:$46,MÍNIMAS!$38:$38,PRESUPUESTO!E53) -> 216816
E54: BIMOC | F54: 216816 | H54: =SUMIFS(MÍNIMAS!$44:$44,MÍNIMAS!$38:$38,PRESUPUESTO!E54) -> 0 | I54: =SUMIFS(MÍNIMAS!$46:$46,MÍNIMAS!$38:$38,PRESUPUESTO!E54) -> 216816
E55: BITER10 | F55: 216816 | H55: =SUMIFS(MÍNIMAS!$44:$44,MÍNIMAS!$38:$38,PRESUPUESTO!E55) -> 0 | I55: =SUMIFS(MÍNIMAS!$46:$46,MÍNIMAS!$38:$38,PRESUPUESTO!E55) -> 216816
... E59: GMRON | F59: 216816 | H59: =SUMIFS(MÍNIMAS!$44:$44,MÍNIMAS!$38:$38,PRESUPUESTO!E59) -> 0 | I59: =SUMIFS(MÍNIMAS!$46:$46,MÍNIMAS!$38:$38,PRESUPUESTO!E59) -> 216816
B60: SUBTOTAL | F60: =SUM(F43:F59) -> 3685872 | H60: =SUM(H43:H59) -> 0 | I60: =SUM(I43:I59) -> 3685872
B62: DOTACIÓN ESCUADRAS DE MANTENIMIENTO
B63: ARTICULO PRESUPUESTAL (SIIF NACIÓN) | C63: RECURSO | D63: DESCRIPCIÓN DEL RUBRO | E63: UNIDAD BENEFICIADA | F63: VALOR APROXIMADO DE LA NECESIDAD | H63: PRESUPUESTO A UTILIZAR | I63: SALDO
B64: A-02-02-01-004-006 | C64: 10 | D64: MAQUINARIA Y APARATOS ELÉCTRICOS | E64: BAABS3 | F64: 396276 | H64: =SUMIFS(MÍNIMAS!$57:$57,MÍNIMAS!$49:$49,PRESUPUESTO!E64) -> 0 | I64: =SUMIFS(MÍNIMAS!$59:$59,MÍNIMAS!$49:$49,PRESUPUESTO!E64) -> 396276
E65: BAACA10 | F65: 396276 | H65: =SUMIFS(MÍNIMAS!$57:$57,MÍNIMAS!$49:$49,PRESUPUESTO!E65) -> 0 | I65: =SUMIFS(MÍNIMAS!$59:$59,MÍNIMAS!$49:$49,PRESUPUESTO!E65) -> 396276
E66: BAACA2 | F66: 396276 | H66: =SUMIFS(MÍNIMAS!$57:$57,MÍNIMAS!$49:$49,PRESUPUESTO!E66) -> 0 | I66: =SUMIFS(MÍNIMAS!$59:$59,MÍNIMAS!$49:$49,PRESUPUESTO!E66) -> 396276
E67: BAADA1 | F67: 396276 | H67: =SUMIFS(MÍNIMAS!$57:$57,MÍNIMAS!$49:$49,PRESUPUESTO!E67) -> 0 | I67: =SUMIFS(MÍNIMAS!$59:$59,MÍNIMAS!$49:$49,PRESUPUESTO!E67) -> 396276
E68: BACAC | F68: 396276 | H68: =SUMIFS(MÍNIMAS!$57:$57,MÍNIMAS!$49:$49,PRESUPUESTO!E68) -> 0 | I68: =SUMIFS(MÍNIMAS!$59:$59,MÍNIMAS!$49:$49,PRESUPUESTO!E68) -> 396276
E69: BAEEV3 | F69: 396276 | H69: =SUMIFS(MÍNIMAS!$57:$57,MÍNIMAS!$49:$49,PRESUPUESTO!E69) -> 0 | I69: =SUMIFS(MÍNIMAS!$59:$59,MÍNIMAS!$49:$49,PRESUPUESTO!E69) -> 396276
E70: BAMMA | F70: 396276 | H70: =SUMIFS(MÍNIMAS!$57:$57,MÍNIMAS!$49:$49,PRESUPUESTO!E70) -> 0 | I70: =SUMIFS(MÍNIMAS!$59:$59,MÍNIMAS!$49:$49,PRESUPUESTO!E70) -> 396276
E71: BAS10 | F71: 396276 | H71: =SUMIFS(MÍNIMAS!$57:$57,MÍNIMAS!$49:$49,PRESUPUESTO!E71) -> 0 | I71: =SUMIFS(MÍNIMAS!$59:$59,MÍNIMAS!$49:$49,PRESUPUESTO!E71) -> 396276
E72: BASAC | F72: 396276 | H72: =SUMIFS(MÍNIMAS!$57:$57,MÍNIMAS!$49:$49,PRESUPUESTO!E72) -> 0 | I72: =SUMIFS(MÍNIMAS!$59:$59,MÍNIMAS!$49:$49,PRESUPUESTO!E72) -> 396276
E73: BATAC | F73: 396276 | H73: =SUMIFS(MÍNIMAS!$57:$57,MÍNIMAS!$49:$49,PRESUPUESTO!E73) -> 0 | I73: =SUMIFS(MÍNIMAS!$59:$59,MÍNIMAS!$49:$49,PRESUPUESTO!E73) -> 396276
E74: BICAR | F74: 396276 | H74: =SUMIFS(MÍNIMAS!$57:$57,MÍNIMAS!$49:$49,PRESUPUESTO!E74) -> 0 | I74: =SUMIFS(MÍNIMAS!$59:$59,MÍNIMAS!$49:$49,PRESUPUESTO!E74) -> 396276
E75: BIMOC | F75: 396276 | H75: =SUMIFS(MÍNIMAS!$57:$57,MÍNIMAS!$49:$49,PRESUPUESTO!E75) -> 0 | I75: =SUMIFS(MÍNIMAS!$59:$59,MÍNIMAS!$49:$49,PRESUPUESTO!E75) -> 396276
E76: BITER10 | F76: 396276 | H76: =SUMIFS(MÍNIMAS!$57:$57,MÍNIMAS!$49:$49,PRESUPUESTO!E76) -> 0 | I76: =SUMIFS(MÍNIMAS!$59:$59,MÍNIMAS!$49:$49,PRESUPUESTO!E76) -> 396276
... E80: GMRON | F80: 396276 | H80: =SUMIFS(MÍNIMAS!$57:$57,MÍNIMAS!$49:$49,PRESUPUESTO!E80) -> 0 | I80: =SUMIFS(MÍNIMAS!$59:$59,MÍNIMAS!$49:$49,PRESUPUESTO!E80) -> 396276
B81: SUBTOTAL | F81: =SUM(F64:F80) -> 6736692 | H81: =SUM(H64:H80) -> 0 | I81: =SUM(I64:I80) -> 6736692
B83: DOTACIÓN ESCUADRAS DE MANTENIMIENTO
B84: ARTICULO PRESUPUESTAL (SIIF NACIÓN) | C84: RECURSO | D84: DESCRIPCIÓN DEL RUBRO | E84: UNIDAD BENEFICIADA | F84: VALOR APROXIMADO DE LA NECESIDAD | H84: PRESUPUESTO A UTILIZAR | I84: SALDO
B85: A-02-02-01-003-008 | C85: 10 | D85: OTROS BIENES TRANSPORTABLES N.C.P. | E85: BAABS3 | F85: 396276 | H85: =SUMIFS(MÍNIMAS!$69:$69,MÍNIMAS!$62:$62,PRESUPUESTO!E85) -> 0 | I85: =SUMIFS(MÍNIMAS!$71:$71,MÍNIMAS!$62:$62,PRESUPUESTO!E85) -> 396276
E86: BAACA10 | F86: 396276 | H86: =SUMIFS(MÍNIMAS!$69:$69,MÍNIMAS!$62:$62,PRESUPUESTO!E86) -> 0 | I86: =SUMIFS(MÍNIMAS!$71:$71,MÍNIMAS!$62:$62,PRESUPUESTO!E86) -> 396276
E87: BAACA2 | F87: 396276 | H87: =SUMIFS(MÍNIMAS!$69:$69,MÍNIMAS!$62:$62,PRESUPUESTO!E87) -> 0 | I87: =SUMIFS(MÍNIMAS!$71:$71,MÍNIMAS!$62:$62,PRESUPUESTO!E87) -> 396276
E88: BAADA1 | F88: 396276 | H88: =SUMIFS(MÍNIMAS!$69:$69,MÍNIMAS!$62:$62,PRESUPUESTO!E88) -> 0 | I88: =SUMIFS(MÍNIMAS!$71:$71,MÍNIMAS!$62:$62,PRESUPUESTO!E88) -> 396276
E89: BACAC | F89: 396276 | H89: =SUMIFS(MÍNIMAS!$69:$69,MÍNIMAS!$62:$62,PRESUPUESTO!E89) -> 0 | I89: =SUMIFS(MÍNIMAS!$71:$71,MÍNIMAS!$62:$62,PRESUPUESTO!E89) -> 396276
E90: BAEEV3 | F90: 396276 | H90: =SUMIFS(MÍNIMAS!$69:$69,MÍNIMAS!$62:$62,PRESUPUESTO!E90) -> 0 | I90: =SUMIFS(MÍNIMAS!$71:$71,MÍNIMAS!$62:$62,PRESUPUESTO!E90) -> 396276
E91: BAMMA | F91: 396276 | H91: =SUMIFS(MÍNIMAS!$69:$69,MÍNIMAS!$62:$62,PRESUPUESTO!E91) -> 0 | I91: =SUMIFS(MÍNIMAS!$71:$71,MÍNIMAS!$62:$62,PRESUPUESTO!E91) -> 396276
E92: BAS10 | F92: 396276 | H92: =SUMIFS(MÍNIMAS!$69:$69,MÍNIMAS!$62:$62,PRESUPUESTO!E92) -> 0 | I92: =SUMIFS(MÍNIMAS!$71:$71,MÍNIMAS!$62:$62,PRESUPUESTO!E92) -> 396276
E93: BASAC | F93: 396276 | H93: =SUMIFS(MÍNIMAS!$69:$69,MÍNIMAS!$62:$62,PRESUPUESTO!E93) -> 0 | I93: =SUMIFS(MÍNIMAS!$71:$71,MÍNIMAS!$62:$62,PRESUPUESTO!E93) -> 396276
E94: BATAC | F94: 396276 | H94: =SUMIFS(MÍNIMAS!$69:$69,MÍNIMAS!$62:$62,PRESUPUESTO!E94) -> 0 | I94: =SUMIFS(MÍNIMAS!$71:$71,MÍNIMAS!$62:$62,PRESUPUESTO!E94) -> 396276
E95: BICAR | F95: 396276 | H95: =SUMIFS(MÍNIMAS!$69:$69,MÍNIMAS!$62:$62,PRESUPUESTO!E95) -> 0 | I95: =SUMIFS(MÍNIMAS!$71:$71,MÍNIMAS!$62:$62,PRESUPUESTO!E95) -> 396276
E96: BIMOC | F96: 396276 | H96: =SUMIFS(MÍNIMAS!$69:$69,MÍNIMAS!$62:$62,PRESUPUESTO!E96) -> 0 | I96: =SUMIFS(MÍNIMAS!$71:$71,MÍNIMAS!$62:$62,PRESUPUESTO!E96) -> 396276
E97: BITER10 | F97: 396276 | H97: =SUMIFS(MÍNIMAS!$69:$69,MÍNIMAS!$62:$62,PRESUPUESTO!E97) -> 0 | I97: =SUMIFS(MÍNIMAS!$71:$71,MÍNIMAS!$62:$62,PRESUPUESTO!E97) -> 396276
... E101: GMRON | F101: 396276 | H101: =SUMIFS(MÍNIMAS!$69:$69,MÍNIMAS!$62:$62,PRESUPUESTO!E101) -> 0 | I101: =SUMIFS(MÍNIMAS!$71:$71,MÍNIMAS!$62:$62,PRESUPUESTO!E101) -> 396276
B102: SUBTOTAL | F102: =SUM(F85:F101) -> 6736692 | H102: =SUM(H85:H101) -> 0 | I102: =SUM(I85:I101) -> 6736692
B104: DOTACIÓN ESCUADRAS DE MANTENIMIENTO
B105: ARTICULO PRESUPUESTAL (SIIF NACIÓN) | C105: RECURSO | D105: DESCRIPCIÓN DEL RUBRO | E105: UNIDAD BENEFICIADA | F105: VALOR APROXIMADO DE LA NECESIDAD | H105: PRESUPUESTO A UTILIZAR | I105: SALDO
B106: A-02-02-01-003-006 | C106: 10 | D106: PRODUCTOS DE CAUCHO Y PLÁSTICO | E106: BAABS3 | F106: 387816 | H106: =SUMIFS(MÍNIMAS!$82:$82,MÍNIMAS!$74:$74,PRESUPUESTO!E106) -> 0 | I106: =SUMIFS(MÍNIMAS!$84:$84,MÍNIMAS!$74:$74,PRESUPUESTO!E106) -> 387816
E107: BAACA10 | F107: 387816 | H107: =SUMIFS(MÍNIMAS!$82:$82,MÍNIMAS!$74:$74,PRESUPUESTO!E107) -> 0 | I107: =SUMIFS(MÍNIMAS!$84:$84,MÍNIMAS!$74:$74,PRESUPUESTO!E107) -> 387816
E108: BAACA2 | F108: 387816 | H108: =SUMIFS(MÍNIMAS!$82:$82,MÍNIMAS!$74:$74,PRESUPUESTO!E108) -> 0 | I108: =SUMIFS(MÍNIMAS!$84:$84,MÍNIMAS!$74:$74,PRESUPUESTO!E108) -> 387816
E109: BAADA1 | F109: 387816 | H109: =SUMIFS(MÍNIMAS!$82:$82,MÍNIMAS!$74:$74,PRESUPUESTO!E109) -> 0 | I109: =SUMIFS(MÍNIMAS!$84:$84,MÍNIMAS!$74:$74,PRESUPUESTO!E109) -> 387816
E110: BACAC | F110: 387816 | H110: =SUMIFS(MÍNIMAS!$82:$82,MÍNIMAS!$74:$74,PRESUPUESTO!E110) -> 0 | I110: =SUMIFS(MÍNIMAS!$84:$84,MÍNIMAS!$74:$74,PRESUPUESTO!E110) -> 387816
E111: BAEEV3 | F111: 387816 | H111: =SUMIFS(MÍNIMAS!$82:$82,MÍNIMAS!$74:$74,PRESUPUESTO!E111) -> 0 | I111: =SUMIFS(MÍNIMAS!$84:$84,MÍNIMAS!$74:$74,PRESUPUESTO!E111) -> 387816
E112: BAMMA | F112: 387816 | H112: =SUMIFS(MÍNIMAS!$82:$82,MÍNIMAS!$74:$74,PRESUPUESTO!E112) -> 0 | I112: =SUMIFS(MÍNIMAS!$84:$84,MÍNIMAS!$74:$74,PRESUPUESTO!E112) -> 387816
E113: BAS10 | F113: 387816 | H113: =SUMIFS(MÍNIMAS!$82:$82,MÍNIMAS!$74:$74,PRESUPUESTO!E113) -> 0 | I113: =SUMIFS(MÍNIMAS!$84:$84,MÍNIMAS!$74:$74,PRESUPUESTO!E113) -> 387816
E114: BASAC | F114: 387816 | H114: =SUMIFS(MÍNIMAS!$82:$82,MÍNIMAS!$74:$74,PRESUPUESTO!E114) -> 0 | I114: =SUMIFS(MÍNIMAS!$84:$84,MÍNIMAS!$74:$74,PRESUPUESTO!E114) -> 387816
E115: BATAC | F115: 387816 | H115: =SUMIFS(MÍNIMAS!$82:$82,MÍNIMAS!$74:$74,PRESUPUESTO!E115) -> 0 | I115: =SUMIFS(MÍNIMAS!$84:$84,MÍNIMAS!$74:$74,PRESUPUESTO!E115) -> 387816
E116: BICAR | F116: 387816 | H116: =SUMIFS(MÍNIMAS!$82:$82,MÍNIMAS!$74:$74,PRESUPUESTO!E116) -> 0 | I116: =SUMIFS(MÍNIMAS!$84:$84,MÍNIMAS!$74:$74,PRESUPUESTO!E116) -> 387816
E117: BIMOC | F117: 387816 | H117: =SUMIFS(MÍNIMAS!$82:$82,MÍNIMAS!$74:$74,PRESUPUESTO!E117) -> 0 | I117: =SUMIFS(MÍNIMAS!$84:$84,MÍNIMAS!$74:$74,PRESUPUESTO!E117) -> 387816
E118: BITER10 | F118: 387816 | H118: =SUMIFS(MÍNIMAS!$82:$82,MÍNIMAS!$74:$74,PRESUPUESTO!E118) -> 0 | I118: =SUMIFS(MÍNIMAS!$84:$84,MÍNIMAS!$74:$74,PRESUPUESTO!E118) -> 387816
...

Sheet ANÁLISIS
B2: DOTACIÓN PTAP / PTAR
B4: A-02-02-01-002-008 DOTACIÓN (PRENDAS DE VESTIR DE CALZADO)
B5: ÍTEM | C5: CÓDIGO DANE | D5: DESCRIPCIÓN DEL BIEN Y/O SERVICIO | E5: UNIDAD MEDIDA | F5: EXISTENCIAS (STOCK - INVENTARIOS) | G5: NECESIDAD | H5: UNSPSC (CCE) | I5: CÓDIGO MATERIAL SAP (OPCIONAL) | J5: CÓDIGO OTAN - NOC (OPCIONAL) | K5: PROINARI S.A.S. NIT: 900878263-3 | O5: AUDICAL LTDA NIT: 900.267.051-7 | S5: AMBT SAS NIT: 900.384.083-3 | W5: PRECIO HISTÓRICO 2025 | Z5: MEDIDAS DE TENDENCIA CENTRAL | AF5: PRECIO UNITARIO DE REFERENCIA | AG5: MÉTRICA | AH5: OBSERVACIÓN
K6: VALOR UNITARIO ANTES DE IVA | L6: IVA | M6: VALOR UNITARIO IVA INCLUIDO | N6: VALOR TOTAL CONTRA ENTREGA | O6: VALOR UNITARIO ANTES DE IVA | P6: IVA | Q6: VALOR UNITARIO INCLUIDO IVA | R6: VALOR TOTAL CONTRA ENTREGA | S6: VALOR UNITARIO ANTES DE IVA | T6: IVA | U6: VALOR UNITARIO INCLUIDO IVA | V6: VALOR TOTAL CONTRA ENTREGA | W6: PRECIO HISTÓRICO | X6: IPC 2026 (5,10%) | Y6: PROYECCIÓN 2026 | Z6: (A) MENOR VALOR | AA6: (B) PROMEDIO | AB6: (C) MEDIANA | AC6: (D) MEDIA GEOMÉTRICA | AD6: (E) DESVIACIÓN | AE6: (F) % DISPERSIÓN
B7: 1 | C7: 2951001 | D7: BOTA CAÑA ALTA DE CAUCHO: FABRICADA EN CAUCHO, ARMADA POR PARTES, VULCANIZADAS EN AUTOCLAVE. CAÑA REFORZADA, FORRO 100% ALGODÓN ABSORBENTE, PUNTERA EN ACERO DE SEGURIDAD E IMPERMEABLE 100% NORMA EN 12568 CON REFUERZO EN CAUCHO, SUELA ANTIDESLIZANTE COLOR AMARILLO, TALLAS 39 A 42, CAÑA LARGO 16” COLOR NEGRO, ALTURA MÁXIMA DE 37.5 CM. | E7: PAR | F7: 0 | G7: 1 | H7: 46181611 | I7: 1264284 | K7: 118703.04 | L7: =K7*19% -> 22553.578 | M7: =K7+L7 -> 141256.62 | N7: =L7+M7 -> 163810.2 | O7: 108484.5 | P7: =O7*19% -> 20612.055 | Q7: =O7+P7 -> 129096.55 | R7: =P7+Q7 -> 149708.61 | S7: =U7/1.19 -> 94104.202 | T7: =U7-S7 -> 17879.798 | U7: 111984 | V7: 111984 | W7: 160000 | X7: =W7*5.1% -> 8160 | Y7: =W7+X7 -> 168160 | Z7: =MIN(V7,R7,N7,Y7) -> 111984 | AA7: =AVERAGE(V7,R7,N7,Y7) -> 148415.7 | AB7: =MEDIAN(V7,R7,N7,Y7) -> 156759.4 | AC7: =GEOMEAN(V7,R7,N7,Y7) -> 146594.13 | AD7: =_xlfn.STDEV.S(N7,R7,V7,Y7) -> 25532.778 | AE7: =AD7/AA7 -> 0.17203556 | AF7: =AVERAGE(AA7) -> 148415.7 | AG7: PROMEDIO | AH7: SIN OBSERVACIONES
B8: =+B7+1 -> 2 | C8: 2929012 | D8: CARTUCHO CONTRA VAPORES ORGÁNICOS PARA RESPIRADOR DE MEDIA CARA (CARACTERÍSTICAS DE ACUERDO AL MODELO DEL RESPIRADOR DEL ÍTEM N°5. NORMAS APLICABLES: APROBACIÓN NIOSH). | E8: PAR | F8: 0 | G8: 1 | H8: 46182005 | I8: 1289556 | K8: 130422.4 | L8: =K8*19% -> 24780.256 | M8: =K8+L8 -> 155202.66 | N8: =L8+M8 -> 179982.91 | O8: 119195 | P8: =O8*19% -> 22647.05 | Q8: =O8+P8 -> 141842.05 | R8: =P8+Q8 -> 164489.1 | S8: =U8/1.19 -> 103394.96 | T8: =U8-S8 -> 19645.042 | U8: 123040 | V8: 123040 | W8: 43000 | X8: =W8*5.1% -> 2193 | Y8: =W8+X8 -> 45193 | Z8: =MIN(V8,R8,N8,Y8) -> 45193 | AA8: =AVERAGE(V8,R8,N8,Y8) -> 128176.25 | AB8: =MEDIAN(V8,R8,N8,Y8) -> 143764.55 | AC8: =GEOMEAN(V8,R8,N8,Y8) -> 113271.71 | AD8: =_xlfn.STDEV.S(N8,R8,V8,Y8) -> 60319.024 | AE8: =AD8/AA8 -> 0.47059438 | AF8: =AB8 -> 143764.55 | AG8: MEDIANA | AH8: SIN OBSERVACIONES
B9: =+B8+1 -> 3 | C9: 3697101 | D9: CASCOS DE SEGURIDAD CON BARBOQUEJO (CASCO INDUSTRIAL: TIPO 1 CLASE E, CASCO DIELÉCTRICO ESTÁNDAR FABRICADO EN POLIETILENO DE ALTA DENSIDAD, LIVIANO Y RESISTENTE CON MÍNIMO 4 PUNTOS DE AJUSTE, CON SISTEMA DE FIJACIÓN REGULABLE RATCHET, SISTEMA DE SUSPENSIÓN CON TRINQUETE, RANURAS DE VENTILACIÓN Y QUE PERMITAN LA INSTALACIÓN DE ELEMENTOS DE PROTECCIÓN FACIAL, AUDITIVA Y CARETAS, CON BARBOQUEJO FABRICADO EN REATA O CINTA ELÁSTICA PARA MAYOR DURACIÓN Y COMODIDAD, IDENTIFICACIÓN DE COLOR AMARILLO. NORMA ANSI Z89.1, 2014 - PROTECCIÓN DE IMPACTO DE PARTÍCULAS Y/O O EN 397 / EN50365.). | E9: UN | F9: 0 | G9: 1 | H9: 46181704 | I9: 1327069 | K9: 68767.712 | L9: =K9*19% -> 13065.865 | M9: =K9+L9 -> 81833.577 | N9: =L9+M9 -> 94899.443 | O9: 62847.85 | P9: =O9*19% -> 11941.092 | Q9: =O9+P9 -> 74788.942 | R9: =P9+Q9 -> 86730.033 | S9: =U9/1.19 -> 54516.975 | T9: =U9-S9 -> 10358.225 | U9: 64875.2 | V9: 64875.2 | W9: 24000 | X9: =W9*5.1% -> 1224 | Y9: =W9+X9 -> 25224 | Z9: =MIN(V9,R9,N9,Y9) -> 25224 | AA9: =AVERAGE(V9,R9,N9,Y9) -> 67932.169 | AB9: =MEDIAN(V9,R9,N9,Y9) -> 75802.617 | AC9: =GEOMEAN(V9,R9,N9,Y9) -> 60580.306 | AD9: =_xlfn.STDEV.S(N9,R9,V9,Y9) -> 31165.827 | AE9: =AD9/AA9 -> 0.45877862 | AF9: =AB9 -> 75802.617 | AG9: MEDIANA | AH9: SIN OBSERVACIONES
B10: =+B9+1 -> 4 | C10: 2929012 | D10: CHALECO REFLECTIVO (TELA FLUORESCENTE COLOR NARANJA O VERDE, TEJIDO EN HILO 100% POLIÉSTER DE ALTA TENACIDAD, CON CINTAS REFLECTIVAS COLOR PLATA DE 2" VERTICALES Y CIERRE DELANTERO CON CREMALLERA). | E10: UN | F10: 0 | G10: 1 | H10: 46181507 | I10: 1181307 | K10: 16620.8 | L10: =K10*19% -> 3157.952 | M10: =K10+L10 -> 19778.752 | N10: =L10+M10 -> 22936.704 | O10: 15190 | P10: =O10*19% -> 2886.1 | Q10: =O10+P10 -> 18076.1 | R10: =P10+Q10 -> 20962.2 | S10: =U10/1.19 -> 13176.471 | T10: =U10-S10 -> 2503.5294 | U10: 15680 | V10: 15680 | W10: 20000 | X10: =W10*5.1% -> 1020 | Y10: =W10+X10 -> 21020 | Z10: =MIN(V10,R10,N10,Y10) -> 15680 | AA10: =AVERAGE(V10,R10,N10,Y10) -> 20149.726 | AB10: =MEDIAN(V10,R10,N10,Y10) -> 20991.1 | AC10: =GEOMEAN(V10,R10,N10,Y10) -> 19952.01 | AD10: =_xlfn.STDEV.S(N10,R10,V10,Y10) -> 3117.8619 | AE10: =AD10/AA10 -> 0.1547347 | AF10: =AVERAGE(AA10) -> 20149.726 | AG10: PROMEDIO | AH10: SIN OBSERVACIONES
B11: =+B10+1 -> 5 | C11: 2929012 | D11: FILTROS RESPIRADORES DE VAPORES ORGÁNICOS. (CARACTERÍSTICAS DE ACUERDO AL MODELO DEL RESPIRADOR). DEL ÍTEM 7 | E11: PAR | F11: 0 | G11: 1 | H11: 46182005 | I11: 1011887 | K11: 21350.944 | L11: =K11*19% -> 4056.6794 | M11: =K11+L11 -> 25407.623 | N11: =L11+M11 -> 29464.303 | O11: 19512.95 | P11: =O11*19% -> 3707.4605 | Q11: =O11+P11 -> 23220.411 | R11: =P11+Q11 -> 26927.871 | S11: =U11/1.19 -> 16926.387 | T11: =U11-S11 -> 3216.0134 | U11: 20142.4 | V11: 20142.4 | W11: 43000 | X11: =W11*5.1% -> 2193 | Y11: =W11+X11 -> 45193 | Z11: =MIN(V11,R11,N11,Y11) -> 20142.4 | AA11: =AVERAGE(V11,R11,N11,Y11) -> 30431.893 | AB11: =MEDIAN(V11,R11,N11,Y11) -> 28196.087 | AC11: =GEOMEAN(V11,R11,N11,Y11) -> 29152.12 | AD11: =_xlfn.STDEV.S(N11,R11,V11,Y11) -> 10598.402 | AE11: =AD11/AA11 -> 0.34826626 | AF11: =AB11 -> 28196.087 | AG11: MEDIANA | AH11: SIN OBSERVACIONES
B12: =+B11+1 -> 6 | C12: 4831204 | D12: GAFAS DE SEGURIDAD (GAFAS EN POLICARBONATO, CON ANTIEMPAÑANTE Y PROTECCIÓN PARA LUZ ULTRAVIOLETA. QUE EVITA LA PROYECCIÓN DE PARTÍCULAS SÓLIDAS O LÍQUIDAS A LOS OJOS, TALES COMO, MANEJO DE SUSTANCIAS CORROSIVAS). | E12: UN | F12: 0 | G12: 1 | H12: 46181804 | I12: 1309484 | K12: 47488 | L12: =K12*19% -> 9022.72 | M12: =K12+L12 -> 56510.72 | N12: =L12+M12 -> 65533.44 | O12: 43400 | P12: =O12*19% -> 8246 | Q12: =O12+P12 -> 51646 | R12: =P12+Q12 -> 59892 | S12: =U12/1.19 -> 37647.059 | T12: =U12-S12 -> 7152.9412 | U12: 44800 | V12: 44800 | W12: 7000 | X12: =W12*5.1% -> 357 | Y12: =W12+X12 -> 7357 | Z12: =MIN(V12,R12,N12,Y12) -> 7357 | AA12: =AVERAGE(V12,R12,N12,Y12) -> 44395.61 | AB12: =MEDIAN(V12,R12,N12,Y12) -> 52346 | AC12: =GEOMEAN(V12,R12,N12,Y12) -> 33725.053 | AD12: =_xlfn.STDEV.S(N12,R12,V12,Y12) -> 26197.761 | AE12: =AD12/AA12 -> 0.59009802 | AF12: =AB12 -> 52346 | AG12: MEDIANA | AH12: SIN OBSERVACIONES
B13: =+B12+1 -> 7 | C13: 3899918 | D13: GUANTE NITRILO MANGA LARGA (CLORINADO PUÑO LARGO DEBE SER RESISTENTE A QUÍMICOS, SOLVENTES, ALCOHOLES, ACETONAS. RESISTENCIA A UN AMPLIO RANGO DE SOLVENTES Y QUÍMICOS PELIGROSOS. MÍNIMO 18” DE LONGITUD. ESPESOR MÁXIMO 22 MILÉSIMAS. TALLAS SUJETAS A LAS NECESIDADES. EN 374-1:2016, EN 374-5:2016 Y EN 388:2016 MÍNIMO 2001X.). | E13: PAR | F13: 0 | G13: 1 | H13: 46181541 | I13: 1901328 | K13: 120246.4 | L13: =K13*19% -> 22846.816 | M13: =K13+L13 -> 143093.22 | N13: =L13+M13 -> 165940.03 | O13: 109895 | P13: =O13*19% -> 20880.05 | Q13: =O13+P13 -> 130775.05 | R13: =P13+Q13 -> 151655.1 | S13: =U13/1.19 -> 95327.731 | T13: =U13-S13 -> 18112.269 | U13: 113440 | V13: 113440 | W13: 23000 | X13: =W13*5.1% -> 1173 | Y13: =W13+X13 -> 24173 | Z13: =MIN(V13,R13,N13,Y13) -> 24173 | AA13: =AVERAGE(V13,R13,N13,Y13) -> 113802.03 | AB13: =MEDIAN(V13,R13,N13,Y13) -> 132547.55 | AC13: =GEOMEAN(V13,R13,N13,Y13) -> 91143.613 | AD13: =_xlfn.STDEV.S(N13,R13,V13,Y13) -> 63730.475 | AE13: =AD13/AA13 -> 0.56001174 | AF13: =AB13 -> 132547.55 | AG13: MEDIANA | AH13: SIN OBSERVACIONES
B14: =+B13+1 -> 8 | C14: 3899918 | D14: GUANTES CALIBRE 35 MANGA LARGA (GUANTE DE PROTECCIÓN CON DISEÑO ANATÓMICO, DISEÑADO PARA BRINDAR MAYOR RESISTENCIA QUÍMICA A HIDROCARBUROS, INCLUYENDO DERIVADOS DEL PETRÓLEO, COMPUESTO POR UNA COMBINACIÓN DE NITRILO Y CAUCHO SINTÉTICO). | E14: PAR | F14: 0 | G14: 1 | H14: 46181536 | I14: 1520930 | K14: 64448 | L14: =K14*19% -> 12245.12 | M14: =K14+L14 -> 76693.12 | N14: =L14+M14 -> 88938.24 | O14: 58900 | P14: =O14*19% -> 11191 | Q14: =O14+P14 -> 70091 | R14: =P14+Q14 -> 81282 | S14: =U14/1.19 -> 51092.437 | T14: =U14-S14 -> 9707.563 | U14: 60800 | V14: 60800 | W14: 6000 | X14: =W14*5.1% -> 306 | Y14: =W14+X14 -> 6306 | Z14: =MIN(V14,R14,N14,Y14) -> 6306 | AA14: =AVERAGE(V14,R14,N14,Y14) -> 59331.56 | AB14: =MEDIAN(V14,R14,N14,Y14) -> 71041 | AC14: =GEOMEAN(V14,R14,N14,Y14) -> 40802.344 | AD14: =_xlfn.STDEV.S(N14,R14,V14,Y14) -> 37292.732 | AE14: =AD14/AA14 -> 0.62854798 | AF14: =AB14 -> 71041 | AG14: MEDIANA | AH14: SIN OBSERVACIONES
B15: =+B14+1 -> 9 | C15: 3899918 | D15: GUANTES DE VAQUETA TIPO INGENIERO DE 12 PULGADAS DE LARGO CON REFUERZO EN LA PALMA (CONFECCIONADO CON CARNAZA DE RES O VAQUETA Y COSIDO CON HILO DE POLIÉSTER O HILO DE NYLON Y POLIPROPILENO, PUÑO RECTO, MEDIO DE 14CM EN ADELANTE, CON REFUERZO EN PALMA Y DEDOS). | E15: PAR | F15: 0 | G15: 1 | H15: 46181536 | I15: 1114739 | K15: 64448 | L15: =K15*19% -> 12245.12 | M15: =K15+L15 -> 76693.12 | N15: =L15+M15 -> 88938.24 | O15: 58900 | P15: =O15*19% -> 11191 | Q15: =O15+P15 -> 70091 | R15: =P15+Q15 -> 81282 | S15: =U15/1.19 -> 51092.437 | T15: =U15-S15 -> 9707.563 | U15: 60800 | V15: 60800 | W15: 11000 | X15: =W15*5.1% -> 561 | Y15: =W15+X15 -> 11561 | Z15: =MIN(V15,R15,N15,Y15) -> 11561 | AA15: =AVERAGE(V15,R15,N15,Y15) -> 60645.31 | AB15: =MEDIAN(V15,R15,N15,Y15) -> 71041 | AC15: =GEOMEAN(V15,R15,N15,Y15) -> 47478.334 | AD15: =_xlfn.STDEV.S(N15,R15,V15,Y15) -> 34812.145 | AE15: =AD15/AA15 -> 0.57402864 | AF15: =AB15 -> 71041 | AG15: MEDIANA | AH15: SIN OBSERVACIONES
B16: =+B15+1 -> 10 | C16: 2823610 | D16: OVEROLES DE PROTECCIÓN ENTERIZOS EN TELA (FABRICADO EN TELA JEAN O NAILON, COLOR VERDE O AZUL. COMPOSICIÓN 100% ALGODÓN. COSTURAS RESISTENTES). | E16: UN | F16: 0 | G16: 1 | H16: 46181503 | I16: 1499810 | K16: 104141.18 | L16: =K16*19% -> 19786.825 | M16: =K16+L16 -> 123928.01 | N16: =L16+M16 -> 143714.83 | O16: 95176.2 | P16: =O16*19% -> 18083.478 | Q16: =O16+P16 -> 113259.68 | R16: =P16+Q16 -> 131343.16 | S16: =U16/1.19 -> 82560 | T16: =U16-S16 -> 15686.4 | U16: 98246.4 | V16: 98246.4 | W16: 62000 | X16: =W16*5.1% -> 3162 | Y16: =W16+X16 -> 65162 | Z16: =MIN(V16,R16,N16,Y16) -> 65162 | AA16: =AVERAGE(V16,R16,N16,Y16) -> 109616.6 | AB16: =MEDIAN(V16,R16,N16,Y16) -> 114794.78 | AC16: =GEOMEAN(V16,R16,N16,Y16) -> 104846.76 | AD16: =_xlfn.STDEV.S(N16,R16,V16,Y16) -> 35309.233 | AE16: =AD16/AA16 -> 0.32211575 | AF16: =AB16 -> 114794.78 | AG16: MEDIANA | AH16: SIN OBSERVACIONES
B17: =+B16+1 -> 11 | C17: 2823610 | D17: OVEROLES DE PROTECCIÓN ENTERIZOS IMPERMEABLES (TRAJE ESCAFANDRA EN PVC CALIBRE 25 ENTERIZO. CONFECCIONADO CON MATERIAL VINÍLICO, SOPORTE TEXTIL EN POLIÉSTER PARA EVITAR DESGASTE, COSTURAS CON SISTEMA DE ELECTRO SELLADO QUE IMPIDEN FILTRACIONES. TALLAS SUJETAS A LAS NECESIDADES). | E17: UN | F17: 0 | G17: 1 | H17: 46181503 | I17: 1398215 | K17: 561206.4 | L17: =K17*19% -> 106629.22 | M17: =K17+L17 -> 667835.62 | N17: =L17+M17 -> 774464.83 | O17: 512895 | P17: =O17*19% -> 97450.05 | Q17: =O17+P17 -> 610345.05 | R17: =P17+Q17 -> 707795.1 | S17: =U17/1.19 -> 444907.56 | T17: =U17-S17 -> 84532.437 | U17: 529440 | V17: 529440 | W17: 195000 | X17: =W17*5.1% -> 9945 | Y17: =W17+X17 -> 204945 | Z17: =MIN(V17,R17,N17,Y17) -> 204945 | AA17: =AVERAGE(V17,R17,N17,Y17) -> 554161.23 | AB17: =MEDIAN(V17,R17,N17,Y17) -> 618617.55 | AC17: =GEOMEAN(V17,R17,N17,Y17) -> 493845.2 | AD17: =_xlfn.STDEV.S(N17,R17,V17,Y17) -> 254754.89 | AE17: =AD17/AA17 -> 0.45971257 | AF17: =AB17 -> 618617.55 | AG17: MEDIANA | AH17: SIN OBSERVACIONES
B18: =+B17+1 -> 12 | C18: 2823611 | D18: PETO DE CARNAZA PARA SUSTANCIAS QUÍMICAS (ELABORADO EN POLÍMEROS SIMILARES AL CAUCHO Y/O FABRICADO EN CARNAZA DE RES (CUERO VACUNO CURTIDO), PROTECCIÓN CONTRA CHISPA DE SOLDADURA. QUE PERMITA SER ESTIRADO Y REFORMAR SU TAMAÑO ORIGINAL, CON UNA CORREA QUE SE AJUSTE EN EL CUELLO Y OTRA CORREA QUE SE AJUSTE EN LA PARTE POSTERIOR DEL TRONCO). | E18: UN | F18: 0 | G18: 1 | H18: 46181501 | I18: 1017780 | K18: 62582.4 | L18: =K18*19% -> 11890.656 | M18: =K18+L18 -> 74473.056 | N18: =L18+M18 -> 86363.712 | O18: 57195 | P18: =O18*19% -> 10867.05 | Q18: =O18+P18 -> 68062.05 | R18: =P18+Q18 -> 78929.1 | S18: =U18/1.19 -> 49613.445 | T18: =U18-S18 -> 9426.5546 | U18: 59040 | V18: 59040 | W18: 20000 | X18: =W18*5.1% -> 1020 | Y18: =W18+X18 -> 21020 | Z18: =MIN(V18,R18,N18,Y18) -> 21020 | AA18: =AVERAGE(V18,R18,N18,Y18) -> 61338.203 | AB18: =MEDIAN(V18,R18,N18,Y18) -> 68984.55 | AC18: =GEOMEAN(V18,R18,N18,Y18) -> 53930.802 | AD18: =_xlfn.STDEV.S(N18,R18,V18,Y18) -> 29249.245 | AE18: =AD18/AA18 -> 0.476852 | AF18: =AB18 -> 68984.55 | AG18: MEDIANA | AH18: SIN OBSERVACIONES
B19: =+B18+1 -> 13 | C19: 3699056 | D19: PROTECTOR AUDITIVO DE INSERCIÓN (TAPONES PARA LOS OÍDOS REUTILIZABLES FLEXIBLES DE MÍNIMO 3 BRIDAS CON UN VÁSTAGO DE INSERCIÓN FIRME EL MANGO INCORPORADO PERMITE AL USUARIO CONTROLAR EL ÁNGULO DE INSERCIÓN, FACILITANDO LA OBTENCIÓN DEL AJUSTE PROFUNDO Y ESTABLE NECESARIO PARA UN BLOQUEO EFICAZ DEL RUIDO, LA EXTRACCIÓN ES IGUALMENTE RÁPIDA, LIMPIA Y FÁCIL. ELABORADO EN SILICONA Y/O ELASTÓMERO ANTIALÉRGICO, CORDEL ADJUNTO QUE AYUDA AL USUARIO A NO PERDER LOS TAPONES PARA LOS OÍDOS O DEJARLOS CAER EN LA SUCIEDAD. NIVEL DE PROTECCIÓN MÍNIMA CONTRA EL RUIDO NRR 25. ANSI 3.19). | E19: PAR | F19: 0 | G19: 1 | H19: 46181900 | I19: 1315806 | K19: 30358.4 | L19: =K19*19% -> 5768.096 | M19: =K19+L19 -> 36126.496 | N19: =L19+M19 -> 41894.592 | O19: 27745 | P19: =O19*19% -> 5271.55 | Q19: =O19+P19 -> 33016.55 | R19: =P19+Q19 -> 38288.1 | S19: =U19/1.19 -> 24067.227 | T19: =U19-S19 -> 4572.7731 | U19: 28640 | V19: 28640 | W19: 2000 | X19: =W19*5.1% -> 102 | Y19: =W19+X19 -> 2102 | Z19: =MIN(V19,R19,N19,Y19) -> 2102 | AA19: =AVERAGE(V19,R19,N19,Y19) -> 27731.173 | AB19: =MEDIAN(V19,R19,N19,Y19) -> 33464.05 | AC19: =GEOMEAN(V19,R19,N19,Y19) -> 17628.156 | AD19: =_xlfn.STDEV.S(N19,R19,V19,Y19) -> 17978.984 | AE19: =AD19/AA19 -> 0.64833118 | AF19: =AB19 -> 33464.05 | AG19: MEDIANA | AH19: SIN OBSERVACIONES
B20: =+B19+1 -> 14 | C20: 2929012 | D20: PROTECTOR RESPIRATORIA MEDIA CARA DOBLE FILTRO (PIEZA FACIAL EN MATERIAL ELASTÓMERO, AJUSTABLE, CON CABEZAL DE ARNÉS Y CON CORREAS DE AJUSTE FRONTAL, ESTAS PIEZAS PERMITEN COMODIDAD Y DURABILIDAD DE ACUERDO A LAS CONDICIONES DEL MANTENIMIENTO DEL EPP, NORMAS APLICABLES: APROBACIÓN NIOSH. ). | E20: UN | F20: 0 | G20: 1 | H20: 46182005 | I20: 1471744 | K20: 588342.4 | L20: =K20*19% -> 111785.06 | M20: =K20+L20 -> 700127.46 | N20: =L20+M20 -> 811912.51 | O20: 537695 | P20: =O20*19% -> 102162.05 | Q20: =O20+P20 -> 639857.05 | R20: =P20+Q20 -> 742019.1 | S20: =U20/1.19 -> 466420.17 | T20: =U20-S20 -> 88619.832 | U20: 555040 | V20: 555040 | W20: 43000 | X20: =W20*5.1% -> 2193 | Y20: =W20+X20 -> 45193 | Z20: =MIN(V20,R20,N20,Y20) -> 45193 | AA20: =AVERAGE(V20,R20,N20,Y20) -> 538541.15 | AB20: =MEDIAN(V20,R20,N20,Y20) -> 648529.55 | AC20: =GEOMEAN(V20,R20,N20,Y20) -> 350614.56 | AD20: =_xlfn.STDEV.S(N20,R20,V20,Y20) -> 346313.82 | AE20: =AD20/AA20 -> 0.64305916 | AF20: =AB20 -> 648529.55 | AG20: MEDIANA | AH20: SIN OBSERVACIONES
B21: =+B20+1 -> 15 | C21: 3699056 | D21: PROTECTORES AUDITIVOS ANATÓMICOS (HECHO A LA MEDIDA PARA EL RUIDO Y EL AGUA, ELABORADOS EN SILICONA VULCANIZADA ANTIALÉRGICA). | E21: PAR | F21: 0 | G21: 1 | H21: 46181900 | I21: CREAR | K21: 279840 | L21: =K21*19% -> 53169.6 | M21: =K21+L21 -> 333009.6 | N21: =L21+M21 -> 386179.2 | O21: 255750 | P21: =O21*19% -> 48592.5 | Q21: =O21+P21 -> 304342.5 | R21: =P21+Q21 -> 352935 | S21: =U21/1.19 -> 221848.74 | T21: =U21-S21 -> 42151.261 | U21: 264000 | V21: 264000 | Z21: =MIN(V21,R21,N21,Y21) -> 264000 | AA21: =AVERAGE(V21,R21,N21,Y21) -> 334371.4 | AB21: =MEDIAN(V21,R21,N21,Y21) -> 352935 | AC21: =GEOMEAN(V21,R21,N21,Y21) -> 330138.25 | AD21: =_xlfn.STDEV.S(N21,R21,V21,Y21) -> 63169.571 | AE21: =AD21/AA21 -> 0.18892038 | AF21: =AVERAGE(AA21) -> 334371.4 | AG21: PROMEDIO | AH21: SIN OBSERVACIONES
B22: =+B21+1 -> 16 | C22: 2929012 | D22: RESPIRADOR CON FILTROS PARA VAPORES DE CARBONO ORGÁNICOS (MASCARILLA EN SILICONA, AJUSTABLE, CON CABEZAL DE ARNÉS Y CON CORREAS DE AJUSTE FRONTAL). | E22: UN | F22: 0 | G22: 1 | H22: 46182005 | I22: 1481426 | K22: 279840 | L22: =K22*19% -> 53169.6 | M22: =K22+L22 -> 333009.6 | N22: =L22+M22 -> 386179.2 | O22: 255750 | P22: =O22*19% -> 48592.5 | Q22: =O22+P22 -> 304342.5 | R22: =P22+Q22 -> 352935 | S22: =U22/1.19 -> 221848.74 | T22: =U22-S22 -> 42151.261 | U22: 264000 | V22: 264000 | W22: 85000 | X22: =W22*5.1% -> 4335 | Y22: =W22+X22 -> 89335 | Z22: =MIN(V22,R22,N22,Y22) -> 89335 | AA22: =AVERAGE(V22,R22,N22,Y22) -> 273112.3 | AB22: =MEDIAN(V22,R22,N22,Y22) -> 308467.5 | AC22: =GEOMEAN(V22,R22,N22,Y22) -> 238109.81 | AD22: =_xlfn.STDEV.S(N22,R22,V22,Y22) -> 132932.21 | AE22: =AD22/AA22 -> 0.48673095 | AF22: =AB22 -> 308467.5 | AG22: MEDIANA | AH22: SIN OBSERVACIONES
B23: =+B22+1 -> 17 | C23: 2826203 | D23: SOMBRERO TIPO PAVA (SOMBRERO EN TELA, CON ALA ANCHA Y CORDÓN. UTILIZADO PARA REALIZAR ACTIVIDADES A LA INTEMPERIE Y CUANDO SE ESTÉ EXPUESTO AL SOL. COLOR VERDE). | E23: UN | F23: 0 | G23: 1 | H23: 53102503 | I23: 1732607 | K23: 67670.4 | L23: =K23*19% -> 12857.376 | M23: =K23+L23 -> 80527.776 | N23: =L23+M23 -> 93385.152 | O23: 61845 | P23: =O23*19% -> 11750.55 | Q23: =O23+P23 -> 73595.55 | R23: =P23+Q23 -> 85346.1 | S23: =U23/1.19 -> 53647.059 | T23: =U23-S23 -> 10192.941 | U23: 63840 | V23: 63840 | W23: 20000 | X23: =W23*5.1% -> 1020 | Y23: =W23+X23 -> 21020 | Z23: =MIN(V23,R23,N23,Y23) -> 21020 | AA23: =AVERAGE(V23,R23,N23,Y23) -> 65897.813 | AB23: =MEDIAN(V23,R23,N23,Y23) -> 74593.05 | AC23: =GEOMEAN(V23,R23,N23,Y23) -> 57186.929 | AD23: =_xlfn.STDEV.S(N23,R23,V23,Y23) -> 32414.207 | AE23: =AD23/AA23 -> 0.49188592 | AF23: =AB23 -> 74593.05 | AG23: MEDIANA | AH23: SIN OBSERVACIONES
B24: SUBTOTAL | K24: =SUM(N7:N23) -> 3624537.5 | O24: =SUM(R7:R23) -> 3312519.6 | S24: =SUM(V7:V23) -> 2477808 | W24: =SUM(Y7:Y23) -> 802964 | AF24: =SUM(AF7:AF10,AF11:AF13) -> 601222.23
B26: DOTACIÓN ESCUADRA DE MANTENIMIENTO
B28: A-02-02-01-004-008 APARATOS MÉDICOS, INSTRUMENTOS ÓPTICOS Y DE PRECISIÓN, RELOJES
B29: ÍTEM | C29: CÓDIGO DANE | D29: DESCRIPCIÓN DEL BIEN Y/O SERVICIO | E29: UNIDAD MEDIDA | F29: EXISTENCIAS (STOCK - INVENTARIOS) | G29: NECESIDAD | H29: UNSPSC (CCE) | I29: CÓDIGO MATERIAL SAP (OPCIONAL) | J29: CÓDIGO OTAN - NOC (OPCIONAL) | K29: VALOR UNITARIO ANTES DE IVA | L29: IVA | M29: VALOR UNITARIO IVA INCLUIDO | N29: VALOR TOTAL CONTRA ENTREGA | O29: VALOR UNITARIO ANTES DE IVA | P29: IVA | Q29: VALOR UNITARIO INCLUIDO IVA | R29: VALOR TOTAL CONTRA ENTREGA | S29: VALOR UNITARIO ANTES DE IVA | T29: IVA | U29: VALOR UNITARIO INCLUIDO IVA | V29: VALOR TOTAL CONTRA ENTREGA | W29: PRECIO HISTÓRICO | X29: IPC (5,10%) | Y29: PROYECCIÓN 2026 | Z29: MÉTRICAS | AF29: PRECIO UNITARIO DE REFERENCIA | AG29: MÉTRICA | AH29: OBSERVACIÓN
Z30: (A) MENOR VALOR | AA30: (B) PROMEDIO | AB30: (C) MEDIANA | AC30: (D) MEDIA GEOMÉTRICA | AD30: (E) DESVIACIÓN | AE30: (F) % DISPERSIÓN
B31: =+B23+1 -> 18 | C31: 48233 | D31: CINTA MÉTRICA DE 50 M | E31: UN | F31: 0 | G31: 1 | H31: 27111801 | I31: 1509008 | J31: SIN CREAR | K31: 111857.98 | L31: =K31*19% -> 21253.017 | M31: =K31+L31 -> 133111 | N31: =L31+M31 -> 154364.02 | O31: 102228.7 | P31: =O31*19% -> 19423.453 | Q31: =O31+P31 -> 121652.15 | R31: =P31+Q31 -> 141075.61 | S31: =U31/1.19 -> 88677.647 | T31: =U31-S31 -> 16848.753 | U31: 105526.4 | V31: 105526.4 | Z31: =MIN(V31,R31,N31) -> 105526.4 | AA31: =AVERAGE(V31,R31,N31) -> 133655.34 | AB31: =MEDIAN(V31,R31,N31) -> 141075.61 | AC31: =GEOMEAN(V31,R31,N31) -> 131963.26 | AD31: =_xlfn.STDEV.S(N31,R31,V31) -> 25250.217 | AE31: =AD31/AA31 -> 0.18892038 | AF31: =AVERAGE(AA31) -> 133655.34 | AG31: PROMEDIO | AH31: SIN OBSERVACIONES | AR31: =AT31/1.19 -> 88677.647 | AS31: =AT31-AR31 -> 16848.753 | AT31: 105526.4 | AU31: 105526.4
B32: =B31+1 -> 19 | C32: 4828101 | D32: FLEXÓMETRO DE 8 METROS | E32: UN | F32: 0 | G32: 1 | H32: 95121632 | I32: 1460149 | J32: SIN CREAR | K32: 66489.984 | L32: =K32*19% -> 12633.097 | M32: =K32+L32 -> 79123.081 | N32: =L32+M32 -> 91756.178 | O32: 60766.2 | P32: =O32*19% -> 11545.578 | Q32: =O32+P32 -> 72311.778 | R32: =P32+Q32 -> 83857.356 | S32: =U32/1.19 -> 52711.261 | T32: =U32-S32 -> 10015.139 | U32: 62726.4 | V32: 62726.4 | Z32: =MIN(V32,R32,N32) -> 62726.4 | AA32: =AVERAGE(V32,R32,N32) -> 79446.645 | AB32: =MEDIAN(V32,R32,N32) -> 83857.356 | AC32: =GEOMEAN(V32,R32,N32) -> 78440.848 | AD32: =_xlfn.STDEV.S(N32,R32,V32) -> 15009.09 | AE32: =AD32/AA32 -> 0.18892038 | AF32: =AVERAGE(AA32) -> 79446.645 | AG32: PROMEDIO | AH32: SIN OBSERVACIONES
B33: =B32+1 -> 20 | C33: 4826601 | D33: PLOMADA DE CONSTRUCCIÓN COMPLETA | E33: UN | F33: 0 | G33: 1 | H33: 27111804 | I33: 1596693 | J33: SIN CREAR | K33: 57494.4 | L33: =K33*19% -> 10923.936 | M33: =K33+L33 -> 68418.336 | N33: =L33+M33 -> 79342.272 | O33: 52545 | P33: =O33*19% -> 9983.55 | Q33: =O33+P33 -> 62528.55 | R33: =P33+Q33 -> 72512.1 | S33: =U33/1.19 -> 45579.832 | T33: =U33-S33 -> 8660.1681 | U33: 54240 | V33: 54240 | Z33: =MIN(V33,R33,N33) -> 54240 | AA33: =AVERAGE(V33,R33,N33) -> 68698.124 | AB33: =MEDIAN(V33,R33,N33) -> 72512.1 | AC33: =GEOMEAN(V33,R33,N33) -> 67828.404 | AD33: =_xlfn.STDEV.S(N33,R33,V33) -> 12978.475 | AE33: =AD33/AA33 -> 0.18892038 | AF33: =AVERAGE(AA33) -> 68698.124 | AG33: PROMEDIO | AH33: SIN OBSERVACIONES
B34: =B33+1 -> 21 | C34: 4826601 | D34: CIMBRA DE 30 METROS PARA CONSTRUCCIÓN | E34: UN | F34: 0 | G34: 1 | H34: 27112300 | I34: 1088518 | J34: SIN CREAR | K34: 61056 | L34: =K34*19% -> 11600.64 | M34: =K34+L34 -> 72656.64 | N34: =L34+M34 -> 84257.28 | O34: 55800 | P34: =O34*19% -> 10602 | Q34: =O34+P34 -> 66402 | R34: =P34+Q34 -> 77004 | S34: =U34/1.19 -> 48403.361 | T34: =U34-S34 -> 9196.6387 | U34: 57600 | V34: 57600 | Z34: =MIN(V34,R34,N34) -> 57600 | AA34: =AVERAGE(V34,R34,N34) -> 72953.76 | AB34: =MEDIAN(V34,R34,N34) -> 77004 | AC34: =GEOMEAN(V34,R34,N34) -> 72030.164 | AD34: =_xlfn.STDEV.S(N34,R34,V34) -> 13782.452 | AE34: =AD34/AA34 -> 0.18892038 | AF34: =AVERAGE(AA34) -> 72953.76 | AG34: PROMEDIO | AH34: SIN OBSERVACIONES
B35: VALOR TOTAL | K35: =SUM(N31:N34) -> 409719.75 | O35: =SUM(R31:R34) -> 374449.06 | S35: =SUM(V31:V34) -> 280092.8 | AF35: =SUM(AF31:AF34) -> 354753.87
B37: A-02-02-01-002-007 ARTÍCULOS TEXTILES (EXCEPTO PRENDAS DE VESTIR)
B38: ÍTEM | C38: CÓDIGO DANE | D38: DESCRIPCIÓN DEL BIEN Y/O SERVICIO | E38: UNIDAD MEDIDA | F38: EXISTENCIAS (STOCK - INVENTARIOS) | G38: NECESIDAD | H38: UNSPSC (CCE) | I38: CÓDIGO MATERIAL SAP (OPCIONAL) | J38: CÓDIGO OTAN - NOC (OPCIONAL) | K38: VALOR UNITARIO ANTES DE IVA | L38: IVA | M38: VALOR UNITARIO IVA INCLUIDO | N38: VALOR TOTAL CONTRA ENTREGA | O38: VALOR UNITARIO ANTES DE IVA | P38: IVA | Q38: VALOR UNITARIO INCLUIDO IVA | R38: VALOR TOTAL CONTRA ENTREGA | S38: VALOR UNITARIO ANTES DE IVA | T38: IVA | U38: VALOR UNITARIO INCLUIDO IVA | V38: VALOR TOTAL CONTRA ENTREGA | W38: PRECIO HISTÓRICO | X38: IPC (5,10%) | Y38: PROYECCIÓN 2026 | Z38: MÉTRICAS | AF38: PRECIO UNITARIO DE REFERENCIA | AG38: MÉTRICA | AH38: OBSERVACIÓN
Z39: (A) MENOR VALOR | AA39: (B) PROMEDIO | AB39: (C) MEDIANA | AC39: (D) MEDIA GEOMÉTRICA | AD39: (E) DESVIACIÓN | AE39: (F) % DISPERSIÓN
B40: =B34+1 -> 22 | C40: 2732008 | D40: ESLINGA RESTRICCIÓN EN Y CON ABSOLVEDOR | E40: UN | F40: 0 | G40: 1 | H40: 24101611 | I40: 1331221 | J40: SIN CREAR | K40: 620566.4 | L40: =K40*19% -> 117907.62 | M40: =K40+L40 -> 738474.02 | N40: =L40+M40 -> 856381.63 | O40: 567145 | P40: =O40*19% -> 107757.55 | Q40: =O40+P40 -> 674902.55 | R40: =P40+Q40 -> 782660.1 | S40: =U40/1.19 -> 491966.39 | T40: =U40-S40 -> 93473.613 | U40: 585440 | V40: 585440 | Z40: =MIN(V40,R40,N40) -> 585440 | AA40: =AVERAGE(V40,R40,N40) -> 741493.91 | AB40: =MEDIAN(V40,R40,N40) -> 782660.1 | AC40: =GEOMEAN(V40,R40,N40) -> 732106.58 | AD40: =_xlfn.STDEV.S(N40,R40,V40) -> 140083.31 | AE40: =AD40/AA40 -> 0.18892038 | AF40: =AVERAGE(AA40) -> 741493.91 | AG40: PROMEDIO | AH40: SIN OBSERVACIONES
B41: =B40+1 -> 23 | C41: 27320 | D41: SOGA 3/4" 19 MM GOLDEN X 50 ML | E41: UN | F41: 0 | G41: 1 | H41: 31151500 | I41: CREAR | J41: SIN CREAR | K41: 441536.64 | L41: =K41*19% -> 83891.962 | M41: =K41+L41 -> 525428.6 | N41: =L41+M41 -> 609320.56 | O41: 403527 | P41: =O41*19% -> 76670.13 | Q41: =O41+P41 -> 480197.13 | R41: =P41+Q41 -> 556867.26 | S41: =U41/1.19 -> 350036.97 | T41: =U41-S41 -> 66507.025 | U41: 416544 | V41: 416544 | Z41: =MIN(V41,R41,N41) -> 416544 | AA41: =AVERAGE(V41,R41,N41) -> 527577.27 | AB41: =MEDIAN(V41,R41,N41) -> 556867.26 | AC41: =GEOMEAN(V41,R41,N41) -> 520898.13 | AD41: =_xlfn.STDEV.S(N41,R41,V41) -> 99670.097 | AE41: =AD41/AA41 -> 0.18892038 | AF41: =AVERAGE(AA41) -> 527577.27 | AG41: PROMEDIO | AH41: SIN OBSERVACIONES
B42: =B41+1 -> 24 | C42: 27320 | D42: SOGA 3/8" 10 MM GOLDEN X 50 ML | E42: UN | F42: 0 | G42: 1 | H42: 31151500 | I42: 1589740 | J42: SIN CREAR | K42: 441536.64 | L42: =K42*19% -> 83891.962 | M42: =K42+L42 -> 525428.6 | N42: =L42+M42 -> 609320.56 | O42: 403527 | P42: =O42*19% -> 76670.13 | Q42: =O42+P42 -> 480197.13 | R42: =P42+Q42 -> 556867.26 | S42: =U42/1.19 -> 350036.97 | T42: =U42-S42 -> 66507.025 | U42: 416544 | V42: 416544 | Z42: =MIN(V42,R42,N42) -> 416544 | AA42: =AVERAGE(V42,R42,N42) -> 527577.27 | AB42: =MEDIAN(V42,R42,N42) -> 556867.26 | AC42: =GEOMEAN(V42,R42,N42) -> 520898.13 | AD42: =_xlfn.STDEV.S(N42,R42,V42) -> 99670.097 | AE42: =AD42/AA42 -> 0.18892038 | AF42: =AVERAGE(AA42) -> 527577.27 | AG42: PROMEDIO | AH42: SIN OBSERVACIONES
B43: =B42+1 -> 25 | C43: 27190 | D43: CINTURÓN DE HERRAMIENTAS CON BOLSILLOS | E43: UN | F43: 0 | G43: 1 | H43: 24112403 | I43: 1109319 | J43: SIN CREAR | K43: 169430.4 | L43: =K43*19% -> 32191.776 | M43: =K43+L43 -> 201622.18 | N43: =L43+M43 -> 233813.95 | O43: 154845 | P43: =O43*19% -> 29420.55 | Q43: =O43+P43 -> 184265.55 | R43: =P43+Q43 -> 213686.1 | S43: =U43/1.19 -> 134319.33 | T43: =U43-S43 -> 25520.672 | U43: 159840 | V43: 159840 | Z43: =MIN(V43,R43,N43) -> 159840 | AA43: =AVERAGE(V43,R43,N43) -> 202446.68 | AB43: =MEDIAN(V43,R43,N43) -> 213686.1 | AC43: =GEOMEAN(V43,R43,N43) -> 199883.7 | AD43: =_xlfn.STDEV.S(N43,R43,V43) -> 38246.304 | AE43: =AD43/AA43 -> 0.18892038 | AF43: =AVERAGE(AA43) -> 202446.68 | AG43: PROMEDIO | AH43: SIN OBSERVACIONES
B44: VALOR TOTAL | K44: =SUM(N40:N43) -> 2308836.7 | O44: =SUM(R40:R43) -> 2110080.7 | S44: =SUM(V40:V43) -> 1578368 | AF44: =SUM(AF40:AF43) -> 1999095.1
B46: A-02-02-01-004-006 MAQUINARIA Y APARATOS ELÉCTRICOS
B47: ÍTEM | C47: CÓDIGO DANE | D47: DESCRIPCIÓN DEL BIEN Y/O SERVICIO | E47: UNIDAD MEDIDA | F47: EXISTENCIAS (STOCK - INVENTARIOS) | G47: NECESIDAD | H47: UNSPSC (CCE) | I47: CÓDIGO MATERIAL SAP (OPCIONAL) | J47: CÓDIGO OTAN - NOC (OPCIONAL) | K47: VALOR UNITARIO ANTES DE IVA | L47: IVA | M47: VALOR UNITARIO IVA INCLUIDO | N47: VALOR TOTAL CONTRA ENTREGA | O47: VALOR UNITARIO ANTES DE IVA | P47: IVA | Q47: VALOR UNITARIO INCLUIDO IVA | R47: VALOR TOTAL CONTRA ENTREGA | S47: VALOR UNITARIO ANTES DE IVA | T47: IVA | U47: VALOR UNITARIO INCLUIDO IVA | V47: VALOR TOTAL CONTRA ENTREGA | W47: PRECIO HISTÓRICO | X47: IPC (5,10%) | Y47: PROYECCIÓN 2026 | Z47: MÉTRICAS | AF47: PRECIO UNITARIO DE REFERENCIA | AG47: MÉTRICA | AH47: OBSERVACIÓN
Z48: (A) MENOR VALOR | AA48: (B) PROMEDIO | AB48: (C) MEDIANA | AC48: (D) MEDIA GEOMÉTRICA | AD48: (E) DESVIACIÓN | AE48: (F) % DISPERSIÓN
B49: =B43+1 -> 26 | C49: 46350 | D49: DETECTOR DE AUSENCIA DE TENSIÓN 240 - 275.000 VAC MARCA SEW | E49: UN | F49: 0 | G49: 1 | H49: 41113669 | I49: CREAR | J49: SIN CREAR | K49: 3811760 | L49: =K49*19% -> 724234.4 | M49: =K49+L49 -> 4535994.4 | N49: =L49+M49 -> 5260228.8 | O49: 3483625 | P49: =O49*19% -> 661888.75 | Q49: =O49+P49 -> 4145513.8 | R49: =P49+Q49 -> 4807402.5 | S49: =U49/1.19 -> 3021848.7 | T49: =U49-S49 -> 574151.26 | U49: 3596000 | V49: 3596000 | Z49: =MIN(V49,R49,N49) -> 3596000 | AA49: =AVERAGE(V49,R49,N49) -> 4554543.8 | AB49: =MEDIAN(V49,R49,N49) -> 4807402.5 | AC49: =GEOMEAN(V49,R49,N49) -> 4496883.1 | AD49: =_xlfn.STDEV.S(N49,R49,V49) -> 860446.12 | AE49: =AD49/AA49 -> 0.18892038 | AF49: =AVERAGE(AA49) -> 4554543.8 | AG49: PROMEDIO | AH49: SIN OBSERVACIONES
B50: =B49+1 -> 27 | C50: 46350 | D50: DETECTOR DE VOLTAJE SIN CONTACTO 90V - 1000V | E50: UN | F50: 0 | G50: 1 | H50: 41113669 | I50: 1378218 | J50: SIN CREAR | K50: 446031.04 | L50: =K50*19% -> 84745.898 | M50: =K50+L50 -> 530776.94 | N50: =L50+M50 -> 615522.84 | O50: 407634.5 | P50: =O50*19% -> 77450.555 | Q50: =O50+P50 -> 485085.05 | R50: =P50+Q50 -> 562535.61 | S50: =U50/1.19 -> 353600 | T50: =U50-S50 -> 67184 | U50: 420784 | V50: 420784 | Z50: =MIN(V50,R50,N50) -> 420784 | AA50: =AVERAGE(V50,R50,N50) -> 532947.48 | AB50: =MEDIAN(V50,R50,N50) -> 562535.61 | AC50: =GEOMEAN(V50,R50,N50) -> 526200.35 | AD50: =_xlfn.STDEV.S(N50,R50,V50) -> 100684.64 | AE50: =AD50/AA50 -> 0.18892038 | AF50: =AVERAGE(AA50) -> 532947.48 | AG50: PROMEDIO | AH50: SIN OBSERVACIONES
B51: =B50+1 -> 28 | C51: 4621208 | D51: EXTENSIÓN ELÉCTRICA COMPLETA, EN CABLE ENCAUCHETADO 3X10 AWG NEGRO X 25 M | E51: UN | F51: 0 | G51: 1 | H51: 26121600 | I51: 1321079 | J51: SIN CREAR | K51: 423118.08 | L51: =K51*19% -> 80392.435 | M51: =K51+L51 -> 503510.52 | N51: =L51+M51 -> 583902.95 | O51: 386694 | P51: =O51*19% -> 73471.86 | Q51: =O51+P51 -> 460165.86 | R51: =P51+Q51 -> 533637.72 | S51: =U51/1.19 -> 335435.29 | T51: =U51-S51 -> 63732.706 | U51: 399168 | V51: 399168 | Z51: =MIN(V51,R51,N51) -> 399168 | AA51: =AVERAGE(V51,R51,N51) -> 505569.56 | AB51: =MEDIAN(V51,R51,N51) -> 533637.72 | AC51: =GEOMEAN(V51,R51,N51) -> 499169.03 | AD51: =_xlfn.STDEV.S(N51,R51,V51) -> 95512.391 | AE51: =AD51/AA51 -> 0.18892038 | AF51: =AVERAGE(AA51) -> 505569.56 | AG51: PROMEDIO | AH51: SIN OBSERVACIONES
B52: =B51+1 -> 29 | C52: 4621208 | D52: EXTENSIÓN ELÉCTRICA COMPLETA, EN CABLE ENCAUCHETADO 3X10 AWG NEGRO X 50 M | E52: UN | F52: 0 | G52: 1 | H52: 26121600 | I52: CREAR | J52: SIN CREAR | K52: 695122.56 | L52: =K52*19% -> 132073.29 | M52: =K52+L52 -> 827195.85 | N52: =L52+M52 -> 959269.13 | O52: 635283 | P52: =O52*19% -> 120703.77 | Q52: =O52+P52 -> 755986.77 | R52: =P52+Q52 -> 876690.54 | S52: =U52/1.19 -> 551072.27 | T52: =U52-S52 -> 104703.73 | U52: 655776 | V52: 655776 | Z52: =MIN(V52,R52,N52) -> 655776 | AA52: =AVERAGE(V52,R52,N52) -> 830578.56 | AB52: =MEDIAN(V52,R52,N52) -> 876690.54 | AC52: =GEOMEAN(V52,R52,N52) -> 820063.41 | AD52: =_xlfn.STDEV.S(N52,R52,V52) -> 156913.21 | AE52: =AD52/AA52 -> 0.18892038 | AF52: =AVERAGE(AA52) -> 830578.56 | AG52: PROMEDIO | AH52: SIN OBSERVACIONES
B53: =B52+1 -> 30 | C53: 4693998 | D53: PULIDORA 7": MOTOR DE 2,200 W, MONTADO SOBRE BALERO DE BOLAS PARA MAYOR VIDA ÚTIL Y MEJOR DESEMPEÑO INTERRUPTOR CON FUNCIÓN DE USO CONTINUO MANGO AUXILIAR AJUSTABLE A 3 POSICIONES PARA MAYOR CONTROL. | E53: UN | F53: 0 | G53: 1 | H53: 23101510 | I53: 1706783 | J53: SIN CREAR | K53: 1309142.4 | L53: =K53*19% -> 248737.06 | M53: =K53+L53 -> 1557879.5 | N53: =L53+M53 -> 1806616.5 | O53: 1196445 | P53: =O53*19% -> 227324.55 | Q53: =O53+P53 -> 1423769.6 | R53: =P53+Q53 -> 1651094.1 | S53: =U53/1.19 -> 1037848.7 | T53: =U53-S53 -> 197191.26 | U53: 1235040 | V53: 1235040 | Z53: =MIN(V53,R53,N53) -> 1235040 | AA53: =AVERAGE(V53,R53,N53) -> 1564250.2 | AB53: =MEDIAN(V53,R53,N53) -> 1651094.1 | AC53: =GEOMEAN(V53,R53,N53) -> 1544446.8 | AD53: =_xlfn.STDEV.S(N53,R53,V53) -> 295518.74 | AE53: =AD53/AA53 -> 0.18892038 | AF53: =AVERAGE(AA53) -> 1564250.2 | AG53: PROMEDIO | AH53: SIN OBSERVACIONES
B54: =B53+1 -> 31 | C54: 4693998 | D54: TALADRO PERCUTOR 1/2-PULG 800W 2600RPM VVR. CARACTERÍSTICAS: TALADRO PERCUTOR DE 1/2-PULG (13 MM) CON VELOCIDAD VARIABLE Y REVERSIBLE. VELOCIDAD VARIABLE REVERSIBLE PARA TODO TIPO DE APLICACIONES Y PARA MEJOR CONTROL EN APLICACIONES DE ATORNILLADO. | E54: UN | F54: 0 | G54: 1 | H54: 23101502 | I54: 1276928 | J54: SIN CREAR | K54: 1298272.7 | L54: =K54*19% -> 246671.82 | M54: =K54+L54 -> 1544944.6 | N54: =L54+M54 -> 1791616.4 | O54: 1186511.1 | P54: =O54*19% -> 225437.1 | Q54: =O54+P54 -> 1411948.1 | R54: =P54+Q54 -> 1637385.2 | S54: =U54/1.19 -> 1029231.6 | T54: =U54-S54 -> 195554 | U54: 1224785.6 | V54: 1224785.6 | Z54: =MIN(V54,R54,N54) -> 1224785.6 | AA54: =AVERAGE(V54,R54,N54) -> 1551262.4 | AB54: =MEDIAN(V54,R54,N54) -> 1637385.2 | AC54: =GEOMEAN(V54,R54,N54) -> 1531623.4 | AD54: =_xlfn.STDEV.S(N54,R54,V54) -> 293065.08 | AE54: =AD54/AA54 -> 0.18892038 | AF54: =AVERAGE(AA54) -> 1551262.4 | AG54: PROMEDIO | AH54: SIN OBSERVACIONES
B55: VALOR TOTAL | K55: =SUM(N49:N54) -> 11017157 | O55: =SUM(R49:R54) -> 10068746 | S55: =SUM(V49:V54) -> 7531553.6 | AF55: =SUM(AF49:AF54) -> 9539152
B57: A-02-02-01-003-008 OTROS BIENES TRANSPORTABLES NCP
B58: ÍTEM | C58: CÓDIGO DANE | D58: DESCRIPCIÓN DEL BIEN Y/O SERVICIO | E58: UNIDAD MEDIDA | F58: EXISTENCIAS (STOCK - INVENTARIOS) | G58: NECESIDAD | H58: UNSPSC (CCE) | I58: CÓDIGO MATERIAL SAP (OPCIONAL) | J58: CÓDIGO OTAN - NOC (OPCIONAL) | K58: VALOR UNITARIO ANTES DE IVA | L58: IVA | M58: VALOR UNITARIO IVA INCLUIDO | N58: VALOR TOTAL CONTRA ENTREGA | O58: VALOR UNITARIO ANTES DE IVA | P58: IVA | Q58: VALOR UNITARIO INCLUIDO IVA | R58: VALOR TOTAL CONTRA ENTREGA | S58: VALOR UNITARIO ANTES DE IVA | T58: IVA | U58: VALOR UNITARIO INCLUIDO IVA | V58: VALOR TOTAL CONTRA ENTREGA | W58: PRECIO HISTÓRICO | X58: IPC (5,10%) | Y58: PROYECCIÓN 2026 | Z58: MÉTRICAS | AF58: PRECIO UNITARIO DE REFERENCIA | AG58: MÉTRICA | AH58: OBSERVACIÓN
Z59: (A) MENOR VALOR | AA59: (B) PROMEDIO | AB59: (C) MEDIANA | AC59: (D) MEDIA GEOMÉTRICA | AD59: (E) DESVIACIÓN | AE59: (F) % DISPERSIÓN
B60: =B54+1 -> 32 | C60: 3899310 | D60: BROCHA PARA USOS GENERALES MANGO PLÁSTICO DE 2” | E60: UN | F60: 0 | G60: 1 | H60: 31211904 | I60: 1400641 | J60: SIN CREAR | K60: 30358.4 | L60: =K60*19% -> 5768.096 | M60: =K60+L60 -> 36126.496 | N60: =L60+M60 -> 41894.592 | O60: 27745 | P60: =O60*19% -> 5271.55 | Q60: =O60+P60 -> 33016.55 | R60: =P60+Q60 -> 38288.1 | S60: =U60/1.19 -> 24067.227 | T60: =U60-S60 -> 4572.7731 | U60: 28640 | V60: 28640 | Z60: =MIN(V60,R60,N60) -> 28640 | AA60: =AVERAGE(V60,R60,N60) -> 36274.231 | AB60: =MEDIAN(V60,R60,N60) -> 38288.1 | AC60: =GEOMEAN(V60,R60,N60) -> 35814.998 | AD60: =_xlfn.STDEV.S(N60,R60,V60) -> 6852.9413 | AE60: =AD60/AA60 -> 0.18892038 | AF60: =AVERAGE(AA60) -> 36274.231 | AG60: PROMEDIO | AH60: SIN OBSERVACIONES
B61: =B60+1 -> 33 | C61: 3899310 | D61: BROCHA PARA USOS GENERALES MANGO PLÁSTICO DE 4” | E61: UN | F61: 0 | G61: 1 | H61: 31211904 | I61: 1400051 | J61: SIN CREAR | K61: 43926.4 | L61: =K61*19% -> 8346.016 | M61: =K61+L61 -> 52272.416 | N61: =L61+M61 -> 60618.432 | O61: 40145 | P61: =O61*19% -> 7627.55 | Q61: =O61+P61 -> 47772.55 | R61: =P61+Q61 -> 55400.1 | S61: =U61/1.19 -> 34823.529 | T61: =U61-S61 -> 6616.4706 | U61: 41440 | V61: 41440 | Z61: =MIN(V61,R61,N61) -> 41440 | AA61: =AVERAGE(V61,R61,N61) -> 52486.177 | AB61: =MEDIAN(V61,R61,N61) -> 55400.1 | AC61: =GEOMEAN(V61,R61,N61) -> 51821.701 | AD61: =_xlfn.STDEV.S(N61,R61,V61) -> 9915.7084 | AE61: =AD61/AA61 -> 0.18892038 | AF61: =AVERAGE(AA61) -> 52486.177 | AG61: PROMEDIO | AH61: SIN OBSERVACIONES
B62: =B61+1 -> 34 | C62: 3899310 | D62: BROCHA PROFESIONAL MANGO PLÁSTICO DE 6” | E62: UN | F62: 0 | G62: 1 | H62: 31211904 | I62: 1302063 | J62: SIN CREAR | K62: 45622.4 | L62: =K62*19% -> 8668.256 | M62: =K62+L62 -> 54290.656 | N62: =L62+M62 -> 62958.912 | O62: 41695 | P62: =O62*19% -> 7922.05 | Q62: =O62+P62 -> 49617.05 | R62: =P62+Q62 -> 57539.1 | S62: =U62/1.19 -> 36168.067 | T62: =U62-S62 -> 6871.9328 | U62: 43040 | V62: 43040 | Z62: =MIN(V62,R62,N62) -> 43040 | AA62: =AVERAGE(V62,R62,N62) -> 54512.671 | AB62: =MEDIAN(V62,R62,N62) -> 57539.1 | AC62: =GEOMEAN(V62,R62,N62) -> 53822.539 | AD62: =_xlfn.STDEV.S(N62,R62,V62) -> 10298.554 | AE62: =AD62/AA62 -> 0.18892038 | AF62: =AVERAGE(AA62) -> 54512.671 | AG62: PROMEDIO | AH62: SIN OBSERVACIONES
B63: =B62+1 -> 35 | C63: 3899311 | D63: RODILLO FELPA PROFESIONAL 9" | E63: UN | F63: 0 | G63: 1 | H63: 31211906 | I63: 1118063 | J63: SIN CREAR | K63: 33419.68 | L63: =K63*19% -> 6349.7392 | M63: =K63+L63 -> 39769.419 | N63: =L63+M63 -> 46119.158 | O63: 30542.75 | P63: =O63*19% -> 5803.1225 | Q63: =O63+P63 -> 36345.872 | R63: =P63+Q63 -> 42148.995 | S63: =U63/1.19 -> 26494.118 | T63: =U63-S63 -> 5033.8824 | U63: 31528 | V63: 31528 | Z63: =MIN(V63,R63,N63) -> 31528 | AA63: =AVERAGE(V63,R63,N63) -> 39932.051 | AB63: =MEDIAN(V63,R63,N63) -> 42148.995 | AC63: =GEOMEAN(V63,R63,N63) -> 39426.51 | AD63: =_xlfn.STDEV.S(N63,R63,V63) -> 7543.9781 | AE63: =AD63/AA63 -> 0.18892038 | AF63: =AVERAGE(AA63) -> 39932.051 | AG63: PROMEDIO | AH63: SIN OBSERVACIONES
B64: =B63+1 -> 36 | C64: 3899311 | D64: RODILLO JUNIOR EPÓXIDO BLANCO | E64: UN | F64: 0 | G64: 1 | H64: 31211906 | I64: 1085177 | J64: SIN CREAR | K64: 26489.824 | L64: =K64*19% -> 5033.0666 | M64: =K64+L64 -> 31522.891 | N64: =L64+M64 -> 36555.957 | O64: 24209.45 | P64: =O64*19% -> 4599.7955 | Q64: =O64+P64 -> 28809.246 | R64: =P64+Q64 -> 33409.041 | S64: =U64/1.19 -> 21000.336 | T64: =U64-S64 -> 3990.0639 | U64: 24990.4 | V64: 24990.4 | Z64: =MIN(V64,R64,N64) -> 24990.4 | AA64: =AVERAGE(V64,R64,N64) -> 31651.799 | AB64: =MEDIAN(V64,R64,N64) -> 33409.041 | AC64: =GEOMEAN(V64,R64,N64) -> 31251.087 | AD64: =_xlfn.STDEV.S(N64,R64,V64) -> 5979.6698 | AE64: =AD64/AA64 -> 0.18892038 | AF64: =AVERAGE(AA64) -> 31651.799 | AG64: PROMEDIO | AH64: SIN OBSERVACIONES
B65: VALOR TOTAL | K65: =SUM(N60:N64) -> 248147.05 | O65: =SUM(R60:R64) -> 226785.34 | S65: =SUM(V60:V64) -> 169638.4 | AF65: =SUM(AF60:AF64) -> 214856.93
B67: A-02-02-01-003-006 PRODUCTOS DE CAUCHO Y PLÁSTICO
B68: ÍTEM | C68: CÓDIGO DANE | D68: DESCRIPCIÓN DEL BIEN Y/O SERVICIO | E68: UNIDAD MEDIDA | F68: EXISTENCIAS (STOCK - INVENTARIOS) | G68: NECESIDAD | H68: UNSPSC (CCE) | I68: CÓDIGO MATERIAL SAP (OPCIONAL) | J68: CÓDIGO OTAN - NOC (OPCIONAL) | K68: VALOR UNITARIO ANTES DE IVA | L68: IVA | M68: VALOR UNITARIO IVA INCLUIDO | N68: VALOR TOTAL CONTRA ENTREGA | O68: VALOR UNITARIO ANTES DE IVA | P68: IVA | Q68: VALOR UNITARIO INCLUIDO IVA | R68: VALOR TOTAL CONTRA ENTREGA | S68: VALOR UNITARIO ANTES DE IVA | T68: IVA | U68: VALOR UNITARIO INCLUIDO IVA | V68: VALOR TOTAL CONTRA ENTREGA | W68: PRECIO HISTÓRICO | X68: IPC (5,10%) | Y68: PROYECCIÓN 2026 | Z68: MÉTRICAS | AF68: PRECIO UNITARIO DE REFERENCIA | AG68: MÉTRICA | AH68: OBSERVACIÓN
Z69: (A) MENOR VALOR | AA69: (B) PROMEDIO | AB69: (C) MEDIANA | AC69: (D) MEDIA GEOMÉTRICA | AD69: (E) DESVIACIÓN | AE69: (F) % DISPERSIÓN
B70: =B64+1 -> 37 | C70: 3694005 | D70: BALDE PARA CONSTRUCCIÓN, CON MANIJA METÁLICA. | E70: UN | F70: 0 | G70: 1 | H70: 47121804 | I70: 1521293 | J70: SIN CREAR | K70: 70384 | L70: =K70*19% -> 13372.96 | M70: =K70+L70 -> 83756.96 | N70: =L70+M70 -> 97129.92 | O70: 64325 | P70: =O70*19% -> 12221.75 | Q70: =O70+P70 -> 76546.75 | R70: =P70+Q70 -> 88768.5 | S70: =U70/1.19 -> 55798.319 | T70: =U70-S70 -> 10601.681 | U70: 66400 | V70: 66400 | Z70: =MIN(V70,R70,N70) -> 66400 | AA70: =AVERAGE(V70,R70,N70) -> 84099.473 | AB70: =MEDIAN(V70,R70,N70) -> 88768.5 | AC70: =GEOMEAN(V70,R70,N70) -> 83034.772 | AD70: =_xlfn.STDEV.S(N70,R70,V70) -> 15888.104 | AE70: =AD70/AA70 -> 0.18892038 | AF70: =AVERAGE(AA70) -> 84099.473 | AG70: PROMEDIO | AH70: SIN OBSERVACIONES
B71: =B70+1 -> 38 | C71: 4421705 | D71: EXPANSOR DE TUBOS | E71: UN | F71: 0 | G71: 1 | H71: 43201605 | I71: 1699571 | J71: SIN CREAR | K71: 323596.8 | L71: =K71*19% -> 61483.392 | M71: =K71+L71 -> 385080.19 | N71: =L71+M71 -> 446563.58 | O71: 295740 | P71: =O71*19% -> 56190.6 | Q71: =O71+P71 -> 351930.6 | R71: =P71+Q71 -> 408121.2 | S71: =U71/1.19 -> 256537.82 | T71: =U71-S71 -> 48742.185 | U71: 305280 | V71: 305280 | Z71: =MIN(V71,R71,N71) -> 305280 | AA71: =AVERAGE(V71,R71,N71) -> 386654.93 | AB71: =MEDIAN(V71,R71,N71) -> 408121.2 | AC71: =GEOMEAN(V71,R71,N71) -> 381759.87 | AD71: =_xlfn.STDEV.S(N71,R71,V71) -> 73046.994 | AE71: =AD71/AA71 -> 0.18892038 | AF71: =AVERAGE(AA71) -> 386654.93 | AG71: PROMEDIO | AH71: SIN OBSERVACIONES
B72: =B71+1 -> 39 | C72: 3623001 | D72: MANGUERA AIRE 200 LIBRAS, ACOPLADA PARA COMPRESOR, 30 ML X ¼” | E72: UN | F72: 0 | G72: 1 | H72: 40142000 | I72: 1478930 | J72: SIN CREAR | K72: 508630.4 | L72: =K72*19% -> 96639.776 | M72: =K72+L72 -> 605270.18 | N72: =L72+M72 -> 701909.95 | O72: 464845 | P72: =O72*19% -> 88320.55 | Q72: =O72+P72 -> 553165.55 | R72: =P72+Q72 -> 641486.1 | S72: =U72/1.19 -> 403226.89 | T72: =U72-S72 -> 76613.109 | U72: 479840 | V72: 479840 | Z72: =MIN(V72,R72,N72) -> 479840 | AA72: =AVERAGE(V72,R72,N72) -> 607745.35 | AB72: =MEDIAN(V72,R72,N72) -> 641486.1 | AC72: =GEOMEAN(V72,R72,N72) -> 600051.28 | AD72: =_xlfn.STDEV.S(N72,R72,V72) -> 114815.48 | AE72: =AD72/AA72 -> 0.18892038 | AF72: =AVERAGE(AA72) -> 607745.35 | AG72: PROMEDIO | AH72: SIN OBSERVACIONES
B73: =B72+1 -> 40 | C73: 3623001 | D73: MANGUERA COMPLETA JARDÍN 1/2" CON PISTOLA Y ACOPLES, 50 M | E73: UN | F73: 0 | G73: 1 | H73: 40142000 | I73: 1512789 | J73: SIN CREAR | K73: 400425.6 | L73: =K73*19% -> 76080.864 | M73: =K73+L73 -> 476506.46 | N73: =L73+M73 -> 552587.33 | O73: 365955 | P73: =O73*19% -> 69531.45 | Q73: =O73+P73 -> 435486.45 | R73: =P73+Q73 -> 505017.9 | S73: =U73/1.19 -> 317445.38 | T73: =U73-S73 -> 60314.622 | U73: 377760 | V73: 377760 | Z73: =MIN(V73,R73,N73) -> 377760 | AA73: =AVERAGE(V73,R73,N73) -> 478455.08 | AB73: =MEDIAN(V73,R73,N73) -> 505017.9 | AC73: =GEOMEAN(V73,R73,N73) -> 472397.82 | AD73: =_xlfn.STDEV.S(N73,R73,V73) -> 90389.913 | AE73: =AD73/AA73 -> 0.18892038 | AF73: =AVERAGE(AA73) -> 478455.08 | AG73: PROMEDIO | AH73: SIN OBSERVACIONES
B74: =B73+1 -> 41 | C74: 3623001 | D74: MANGUERA DE NIVEL TRANSPARENTE 3/8 X 20M | E74: UN | F74: 0 | G74: 1 | H74: 40142000 | I74: 1239080 | J74: SIN CREAR | K74: 242188.8 | L74: =K74*19% -> 46015.872 | M74: =K74+L74 -> 288204.67 | N74: =L74+M74 -> 334220.54 | O74: 221340 | P74: =O74*19% -> 42054.6 | Q74: =O74+P74 -> 263394.6 | R74: =P74+Q74 -> 305449.2 | S74: =U74/1.19 -> 192000 | T74: =U74-S74 -> 36480 | U74: 228480 | V74: 228480 | Z74: =MIN(V74,R74,N74) -> 228480 | AA74: =AVERAGE(V74,R74,N74) -> 289383.25 | AB74: =MEDIAN(V74,R74,N74) -> 305449.2 | AC74: =GEOMEAN(V74,R74,N74) -> 285719.65 | AD74: =_xlfn.STDEV.S(N74,R74,V74) -> 54670.392 | AE74: =AD74/AA74 -> 0.18892038 | AF74: =AVERAGE(AA74) -> 289383.25 | AG74: PROMEDIO | AH74: SIN OBSERVACIONES
B75: =B74+1 -> 42 | C75: 4292299 | D75: NIVEL DE BURBUJA MAGNÉTICO | E75: UN | F75: 0 | G75: 1 | H75: 41111950 | I75: 1650213 | J75: SIN CREAR | K75: 32054.4 | L75: =K75*19% -> 6090.336 | M75: =K75+L75 -> 38144.736 | N75: =L75+M75 -> 44235.072 | O75: 29295 | P75: =O75*19% -> 5566.05 | Q75: =O75+P75 -> 34861.05 | R75: =P75+Q75 -> 40427.1 | S75: =U75/1.19 -> 25411.765 | T75: =U75-S75 -> 4828.2353 | U75: 30240 | V75: 30240 | Z75: =MIN(V75,R75,N75) -> 30240 | AA75: =AVERAGE(V75,R75,N75) -> 38300.724 | AB75: =MEDIAN(V75,R75,N75) -> 40427.1 | AC75: =GEOMEAN(V75,R75,N75) -> 37815.836 | AD75: =_xlfn.STDEV.S(N75,R75,V75) -> 7235.7872 | AE75: =AD75/AA75 -> 0.18892038 | AF75: =AVERAGE(AA75) -> 38300.724 | AG75: PROMEDIO | AH75: SIN OBSERVACIONES
B76: VALOR TOTAL | K76: =SUM(N70:N75) -> 2176646.4 | O76: =SUM(R70:R75) -> 1989270 | S76: =SUM(V70:V75) -> 1488000 | AF76: =SUM(AF70:AF75) -> 1884638.8
B78: A-02-02-01-003-001 PRODUCTOS DE MADERA, CORCHO, CESTERÍA Y ESPARTERÍA
B79: ÍTEM | C79: CÓDIGO DANE | D79: DESCRIPCIÓN DEL BIEN Y/O SERVICIO | E79: UNIDAD MEDIDA | F79: EXISTENCIAS (STOCK - INVENTARIOS) | G79: NECESIDAD | H79: UNSPSC (CCE) | I79: CÓDIGO MATERIAL SAP (OPCIONAL) | J79: CÓDIGO OTAN - NOC (OPCIONAL) | K79: VALOR UNITARIO ANTES DE IVA | L79: IVA | M79: VALOR UNITARIO IVA INCLUIDO | N79: VALOR TOTAL CONTRA ENTREGA | O79: VALOR UNITARIO ANTES DE IVA | P79: IVA | Q79: VALOR UNITARIO INCLUIDO IVA | R79: VALOR TOTAL CONTRA ENTREGA | S79: VALOR UNITARIO ANTES DE IVA | T79: IVA | U79: VALOR UNITARIO INCLUIDO IVA | V79: VALOR TOTAL CONTRA ENTREGA | W79: PRECIO HISTÓRICO | X79: IPC (5,10%) | Y79: PROYECCIÓN 2026 | Z79: MÉTRICAS | AF79: PRECIO UNITARIO DE REFERENCIA | AG79: MÉTRICA | AH79: OBSERVACIÓN
Z80: (A) MENOR VALOR | AA80: (B) PROMEDIO | AB80: (C) MEDIANA | AC80: (D) MEDIA GEOMÉTRICA | AD80: (E) DESVIACIÓN | AE80: (F) % DISPERSIÓN
B81: =B75+1 -> 43 | C81: 4292106 | D81: AZADÓN CABO DE MADERA | E81: UN | F81: 0 | G81: 1 | H81: 27112002 | I81: 1734473 | J81: SIN CREAR | K81: 152470.4 | L81: =K81*19% -> 28969.376 | M81: =K81+L81 -> 181439.78 | N81: =L81+M81 -> 210409.15 | O81: 139345 | P81: =O81*19% -> 26475.55 | Q81: =O81+P81 -> 165820.55 | R81: =P81+Q81 -> 192296.1 | S81: =U81/1.19 -> 120873.95 | T81: =U81-S81 -> 22966.05 | U81: 143840 | V81: 143840 | Z81: =MIN(V81,R81,N81) -> 143840 | AA81: =AVERAGE(V81,R81,N81) -> 182181.75 | AB81: =MEDIAN(V81,R81,N81) -> 192296.1 | AC81: =GEOMEAN(V81,R81,N81) -> 179875.33 | AD81: =_xlfn.STDEV.S(N81,R81,V81) -> 34417.845 | AE81: =AD81/AA81 -> 0.18892038 | AF81: =AVERAGE(AA81) -> 182181.75 | AG81: PROMEDIO | AH81: SIN OBSERVACIONES
B82: =B81+1 -> 44 | C82: 4292130 | D82: LLANA DENTADA DE 12X12 MANGO PLÁSTICO | E82: UN | F82: 0 | G82: 1 | H82: 27112202 | I82: 1331712 | J82: SIN CREAR | K82: 58817.28 | L82: =K82*19% -> 11175.283 | M82: =K82+L82 -> 69992.563 | N82: =L82+M82 -> 81167.846 | O82: 53754 | P82: =O82*19% -> 10213.26 | Q82: =O82+P82 -> 63967.26 | R82: =P82+Q82 -> 74180.52 | S82: =U82/1.19 -> 46628.571 | T82: =U82-S82 -> 8859.4286 | U82: 55488 | V82: 55488 | Z82: =MIN(V82,R82,N82) -> 55488 | AA82: =AVERAGE(V82,R82,N82) -> 70278.789 | AB82: =MEDIAN(V82,R82,N82) -> 74180.52 | AC82: =GEOMEAN(V82,R82,N82) -> 69389.058 | AD82: =_xlfn.STDEV.S(N82,R82,V82) -> 13277.095 | AE82: =AD82/AA82 -> 0.18892038 | AF82: =AVERAGE(AA82) -> 70278.789 | AG82: PROMEDIO | AH82: SIN OBSERVACIONES
B83: =B82+1 -> 45 | C83: 4292130 | D83: LLANA INOXIDABLE DE 125 MM MANGO MADERA | E83: UN | F83: 0 | G83: 1 | H83: 27112202 | I83: 1576006 | J83: SIN CREAR | K83: 74454.4 | L83: =K83*19% -> 14146.336 | M83: =K83+L83 -> 88600.736 | N83: =L83+M83 -> 102747.07 | O83: 68045 | P83: =O83*19% -> 12928.55 | Q83: =O83+P83 -> 80973.55 | R83: =P83+Q83 -> 93902.1 | S83: =U83/1.19 -> 59025.21 | T83: =U83-S83 -> 11214.79 | U83: 70240 | V83: 70240 | Z83: =MIN(V83,R83,N83) -> 70240 | AA83: =AVERAGE(V83,R83,N83) -> 88963.057 | AB83: =MEDIAN(V83,R83,N83) -> 93902.1 | AC83: =GEOMEAN(V83,R83,N83) -> 87836.783 | AD83: =_xlfn.STDEV.S(N83,R83,V83) -> 16806.934 | AE83: =AD83/AA83 -> 0.18892038 | AF83: =AVERAGE(AA83) -> 88963.057 | AG83: PROMEDIO | AH83: SIN OBSERVACIONES
B84: =B83+1 -> 46 | C84: 4292120 | D84: MARTILLO 16 ONZAS MANGO MADERA | E84: UN | F84: 0 | G84: 1 | H84: 27111602 | I84: 1657760 | J84: SIN CREAR | K84: 76645.632 | L84: =K84*19% -> 14562.67 | M84: =K84+L84 -> 91208.302 | N84: =L84+M84 -> 105770.97 | O84: 70047.6 | P84: =O84*19% -> 13309.044 | Q84: =O84+P84 -> 83356.644 | R84: =P84+Q84 -> 96665.688 | S84: =U84/1.19 -> 60762.353 | T84: =U84-S84 -> 11544.847 | U84: 72307.2 | V84: 72307.2 | Z84: =MIN(V84,R84,N84) -> 72307.2 | AA84: =AVERAGE(V84,R84,N84) -> 91581.287 | AB84: =MEDIAN(V84,R84,N84) -> 96665.688 | AC84: =GEOMEAN(V84,R84,N84) -> 90421.865 | AD84: =_xlfn.STDEV.S(N84,R84,V84) -> 17301.571 | AE84: =AD84/AA84 -> 0.18892038 | AF84: =AVERAGE(AA84) -> 91581.287 | AG84: PROMEDIO | AH84: SIN OBSERVACIONES
B85: VALOR TOTAL | K85: =SUM(N81:N84) -> 500095.04 | O85: =SUM(R81:R84) -> 457044.41 | S85: =SUM(V81:V84) -> 341875.2 | AF85: =SUM(AF81:AF84) -> 433004.88
B87: A-02-02-01-004-002 PRODUCTOS METÁLICOS ELABORADOS (EXCEPTO MAQUINARIA Y EQUIPO)
B88: ÍTEM | C88: CÓDIGO DANE | D88: DESCRIPCIÓN DEL BIEN Y/O SERVICIO | E88: UNIDAD MEDIDA | F88: EXISTENCIAS (STOCK - INVENTARIOS) | G88: NECESIDAD | H88: UNSPSC (CCE) | I88: CÓDIGO MATERIAL SAP (OPCIONAL) | J88: CÓDIGO OTAN - NOC (OPCIONAL) | K88: VALOR UNITARIO ANTES DE IVA | L88: IVA | M88: VALOR UNITARIO IVA INCLUIDO | N88: VALOR TOTAL CONTRA ENTREGA | O88: VALOR UNITARIO ANTES DE IVA | P88: IVA | Q88: VALOR UNITARIO INCLUIDO IVA | R88: VALOR TOTAL CONTRA ENTREGA | S88: VALOR UNITARIO ANTES DE IVA | T88: IVA | U88: VALOR UNITARIO INCLUIDO IVA | V88: VALOR TOTAL CONTRA ENTREGA | W88: PRECIO HISTÓRICO | X88: IPC (5,10%) | Y88: PROYECCIÓN 2026 | Z88: MÉTRICAS | AF88: PRECIO UNITARIO DE REFERENCIA | AG88: MÉTRICA | AH88: OBSERVACIÓN
Z89: (A) MENOR VALOR | AA89: (B) PROMEDIO | AB89: (C) MEDIANA | AC89: (D) MEDIA GEOMÉTRICA | AD89: (E) DESVIACIÓN | AE89: (F) % DISPERSIÓN
B90: =B84+1 -> 47 | C90: 42921 | D90: ALICATE 8 1/2 215 MM | E90: UN | F90: 0 | G90: 1 | H90: 27112111 | I90: 1729212 | J90: SIN CREAR | K90: 151452.8 | L90: =K90*19% -> 28776.032 | M90: =K90+L90 -> 180228.83 | N90: =L90+M90 -> 209004.86 | O90: 138415 | P90: =O90*19% -> 26298.85 | Q90: =O90+P90 -> 164713.85 | R90: =P90+Q90 -> 191012.7 | S90: =U90/1.19 -> 120067.23 | T90: =U90-S90 -> 22812.773 | U90: 142880 | V90: 142880 | Z90: =MIN(V90,R90,N90) -> 142880 | AA90: =AVERAGE(V90,R90,N90) -> 180965.85 | AB90: =MEDIAN(V90,R90,N90) -> 191012.7 | AC90: =GEOMEAN(V90,R90,N90) -> 178674.82 | AD90: =_xlfn.STDEV.S(Z90,AB90) -> 34034.959 | AE90: =AD90/AA90 -> 0.18807392 | AF90: =AVERAGE(AA90) -> 180965.85 | AG90: PROMEDIO | AH90: SIN OBSERVACIONES
B91: =B90+1 -> 48 | C91: 42921 | D91: ALICATE AISLADO 1000V CORTE DIAGONAL 7 175 MM | E91: UN | F91: 0 | G91: 1 | H91: 27112111 | I91: 1615429 | J91: SIN CREAR | K91: 206596.54 | L91: =K91*19% -> 39253.343 | M91: =K91+L91 -> 245849.89 | N91: =L91+M91 -> 285103.23 | O91: 188811.7 | P91: =O91*19% -> 35874.223 | Q91: =O91+P91 -> 224685.92 | R91: =P91+Q91 -> 260560.15 | S91: =U91/1.19 -> 163783.53 | T91: =U91-S91 -> 31118.871 | U91: 194902.4 | V91: 194902.4 | Z91: =MIN(V91,R91,N91) -> 194902.4 | AA91: =AVERAGE(V91,R91,N91) -> 246855.26 | AB91: =MEDIAN(V91,R91,N91) -> 260560.15 | AC91: =GEOMEAN(V91,R91,N91) -> 243730.07 | AD91: =_xlfn.STDEV.S(Z91,AA91) -> 36736.219 | AE91: =AD91/AA91 -> 0.14881684 | AF91: =AVERAGE(AA91) -> 246855.26 | AG91: PROMEDIO | AH91: SIN OBSERVACIONES
B92: =B91+1 -> 49 | C92: 42921 | D92: ALICATE DE ELECTRICISTA 8” | E92: UN | F92: 0 | G92: 1 | H92: 27112106 | I92: 1706789 | J92: SIN CREAR | K92: 127947.94 | L92: =K92*19% -> 24310.108 | M92: =K92+L92 -> 152258.04 | N92: =L92+M92 -> 176568.15 | O92: 116933.55 | P92: =O92*19% -> 22217.375 | Q92: =O92+P92 -> 139150.92 | R92: =P92+Q92 -> 161368.3 | S92: =U92/1.19 -> 101433.28 | T92: =U92-S92 -> 19272.323 | U92: 120705.6 | V92: 120705.6 | Z92: =MIN(V92,R92,N92) -> 120705.6 | AA92: =AVERAGE(V92,R92,N92) -> 152880.68 | AB92: =MEDIAN(V92,R92,N92) -> 161368.3 | AC92: =GEOMEAN(V92,R92,N92) -> 150945.21 | AD92: =_xlfn.STDEV.S(Z92,AA92) -> 22751.22 | AE92: =AD92/AA92 -> 0.14881684 | AF92: =AVERAGE(AA92) -> 152880.68 | AG92: PROMEDIO | AH92: SIN OBSERVACIONES
B93: =B92+1 -> 50 | C93: 42921 | D93: ALICATE DE PRESIÓN RECTO HOMBRESOLO 10" | E93: UN | F93: 0 | G93: 1 | H93: 27112106 | I93: 1745462 | J93: SIN CREAR | K93: 77742.944 | L93: =K93*19% -> 14771.159 | M93: =K93+L93 -> 92514.103 | N93: =L93+M93 -> 107285.26 | O93: 71050.45 | P93: =O93*19% -> 13499.585 | Q93: =O93+P93 -> 84550.035 | R93: =P93+Q93 -> 98049.621 | S93: =U93/1.19 -> 61632.269 | T93: =U93-S93 -> 11710.131 | U93: 73342.4 | V93: 73342.4 | Z93: =MIN(V93,R93,N93) -> 73342.4 | AA93: =AVERAGE(V93,R93,N93) -> 92892.428 | AB93: =MEDIAN(V93,R93,N93) -> 98049.621 | AC93: =GEOMEAN(V93,R93,N93) -> 91716.408 | AD93: =_xlfn.STDEV.S(Z93,AB93) -> 17470.644 | AE93: =AD93/AA93 -> 0.18807392 | AF93: =AVERAGE(AA93) -> 92892.428 | AG93: PROMEDIO | AH93: SIN OBSERVACIONES
B94: =B93+1 -> 51 | C94: 4219007 | D94: ANDAMIO MULTIDIRECCIONAL CERTIFICADO, CON BASE DE 1,40 M X 1,40 M X 4 M DE ALTURA | E94: UN | F94: 0 | G94: 1 | H94: 30191502 | I94: 1227984 | J94: SIN CREAR | K94: 23320000 | L94: =K94*19% -> 4430800 | M94: =K94+L94 -> 27750800 | N94: =L94+M94 -> 32181600 | O94: 21312500 | P94: =O94*19% -> 4049375 | Q94: =O94+P94 -> 25361875 | R94: =P94+Q94 -> 29411250 | S94: =U94/1.19 -> 18487395 | T94: =U94-S94 -> 3512605 | U94: 22000000 | V94: 22000000 | Z94: =MIN(V94,R94,N94) -> 22000000 | AA94: =AVERAGE(V94,R94,N94) -> 27864283 | AB94: =MEDIAN(V94,R94,N94) -> 29411250 | AC94: =GEOMEAN(V94,R94,N94) -> 27511521 | AD94: =_xlfn.STDEV.S(Z94,AB94) -> 5240545.1 | AE94: =AD94/AA94 -> 0.18807392 | AF94: =AVERAGE(AA94) -> 27864283 | AG94: PROMEDIO | AH94: SIN OBSERVACIONES
B95: =B94+1 -> 52 | C95: 4291402 | D95: BISTURÍ ALMA METÁLICA TRABAJO PESADO CON KIT DE CUCHILLAS DE REPUESTO DE ACERO DE 18 MM X 10 UNDS | E95: UN | F95: 0 | G95: 1 | H95: 42291613 | I95: 1439830 | J95: SIN CREAR | K95: 151452.8 | L95: =K95*19% -> 28776.032 | M95: =K95+L95 -> 180228.83 | N95: =L95+M95 -> 209004.86 | O95: 138415 | P95: =O95*19% -> 26298.85 | Q95: =O95+P95 -> 164713.85 | R95: =P95+Q95 -> 191012.7 | S95: =U95/1.19 -> 120067.23 | T95: =U95-S95 -> 22812.773 | U95: 142880 | V95: 142880 | Z95: =MIN(V95,R95,N95) -> 142880 | AA95: =AVERAGE(V95,R95,N95) -> 180965.85 | AB95: =MEDIAN(V95,R95,N95) -> 191012.7 | AC95: =GEOMEAN(V95,R95,N95) -> 178674.82 | AD95: =_xlfn.STDEV.S(Z95,AB95) -> 34034.959 | AE95: =AD95/AA95 -> 0.18807392 | AF95: =AVERAGE(AA95) -> 180965.85 | AG95: PROMEDIO | AH95: SIN OBSERVACIONES
B96: =B95+1 -> 53 | C96: 3699022 | D96: CARETA INTELIGENTE PARA SOLDADORES | E96: UN | F96: 0 | G96: 1 | H96: 46181711 | I96: 1628362 | J96: SIN CREAR | K96: 175480.03 | L96: =K96*19% -> 33341.206 | M96: =K96+L96 -> 208821.24 | N96: =L96+M96 -> 242162.44 | O96: 160373.85 | P96: =O96*19% -> 30471.032 | Q96: =O96+P96 -> 190844.88 | R96: =P96+Q96 -> 221315.91 | S96: =U96/1.19 -> 139115.29 | T96: =U96-S96 -> 26431.906 | U96: 165547.2 | V96: 165547.2 | Z96: =MIN(V96,R96,N96) -> 165547.2 | AA96: =AVERAGE(V96,R96,N96) -> 209675.19 | AB96: =MEDIAN(V96,R96,N96) -> 221315.91 | AC96: =GEOMEAN(V96,R96,N96) -> 207020.69 | AD96: =_xlfn.STDEV.S(Z96,AB96) -> 39434.435 | AE96: =AD96/AA96 -> 0.18807392 | AF96: =AVERAGE(AA96) -> 209675.19 | AG96: PROMEDIO | AH96: SIN OBSERVACIONES
B97: =B96+1 -> 54 | C97: 4292299 | D97: CORTADORA MANUAL DE ENCHAPES Y BALDOSA X 66 CM | E97: UN | F97: 0 | G97: 1 | H97: 23101508 | I97: 1643691 | J97: SIN CREAR | K97: 2242765 | L97: =K97*19% -> 426125.34 | M97: =K97+L97 -> 2668890.3 | N97: =L97+M97 -> 3095015.6 | O97: 2049696.8 | P97: =O97*19% -> 389442.38 | Q97: =O97+P97 -> 2439139.1 | R97: =P97+Q97 -> 2828581.5 | S97: =U97/1.19 -> 1777996.6 | T97: =U97-S97 -> 337819.36 | U97: 2115816 | V97: 2115816 | Z97: =MIN(V97,R97,N97) -> 2115816 | AA97: =AVERAGE(V97,R97,N97) -> 2679804.4 | AB97: =MEDIAN(V97,R97,N97) -> 2828581.5 | AC97: =GEOMEAN(V97,R97,N97) -> 2645878 | AD97: =_xlfn.STDEV.S(Z97,AB97) -> 504001.33 | AE97: =AD97/AA97 -> 0.18807392 | AF97: =AVERAGE(AA97) -> 2679804.4 | AG97: PROMEDIO | AH97: SIN OBSERVACIONES
B98: =B97+1 -> 55 | C98: 4292129 | D98: CINCEL CUÑA PUNTA PARA CONCRETO 7/8 X 36 CM | E98: UN | F98: 0 | G98: 1 | H98: 27111914 | I98: 1699642 | J98: SIN CREAR | K98: 57494.4 | L98: =K98*19% -> 10923.936 | M98: =K98+L98 -> 68418.336 | N98: =L98+M98 -> 79342.272 | O98: 52545 | P98: =O98*19% -> 9983.55 | Q98: =O98+P98 -> 62528.55 | R98: =P98+Q98 -> 72512.1 | S98: =U98/1.19 -> 45579.832 | T98: =U98-S98 -> 8660.1681 | U98: 54240 | V98: 54240 | Z98: =MIN(V98,R98,N98) -> 54240 | AA98: =AVERAGE(V98,R98,N98) -> 68698.124 | AB98: =MEDIAN(V98,R98,N98) -> 72512.1 | AC98: =GEOMEAN(V98,R98,N98) -> 67828.404 | AD98: =_xlfn.STDEV.S(Z98,AB98) -> 12920.326 | AE98: =AD98/AA98 -> 0.18807392 | AF98: =AVERAGE(AA98) -> 68698.124 | AG98: PROMEDIO | AH98: SIN OBSERVACIONES
B99: =B98+1 -> 56 | C99: 4292129 | D99: CINCEL LARGO 10" CUÑA 1" | E99: UN | F99: 0 | G99: 1 | H99: 27111914 | I99: 1589630 | J99: SIN CREAR | K99: 101590.4 | L99: =K99*19% -> 19302.176 | M99: =K99+L99 -> 120892.58 | N99: =L99+M99 -> 140194.75 | O99: 92845 | P99: =O99*19% -> 17640.55 | Q99: =O99+P99 -> 110485.55 | R99: =P99+Q99 -> 128126.1 | S99: =U99/1.19 -> 80537.815 | T99: =U99-S99 -> 15302.185 | U99: 95840 | V99: 95840 | Z99: =MIN(V99,R99,N99) -> 95840 | AA99: =AVERAGE(V99,R99,N99) -> 121386.95 | AB99: =MEDIAN(V99,R99,N99) -> 128126.1 | AC99: =GEOMEAN(V99,R99,N99) -> 119850.19 | AD99: =_xlfn.STDEV.S(Z99,AB99) -> 22829.72 | AE99: =AD99/AA99 -> 0.18807392 | AF99: =AVERAGE(AA99) -> 121386.95 | AG99: PROMEDIO | AH99: SIN OBSERVACIONES
B100: =B99+1 -> 57 | C100: 42921 | D100: CORTA TUBOS PVC | E100: UN | F100: 0 | G100: 1 | H100: 23241610 | I100: 1691788 | J100: SIN CREAR | K100: 203345.31 | L100: =K100*19% -> 38635.609 | M100: =K100+L100 -> 241980.92 | N100: =L100+M100 -> 280616.53 | O100: 185840.35 | P100: =O100*19% -> 35309.666 | Q100: =O100+P100 -> 221150.02 | R100: =P100+Q100 -> 256459.68 | S100: =U100/1.19 -> 161206.05 | T100: =U100-S100 -> 30629.15 | U100: 191835.2 | V100: 191835.2 | Z100: =MIN(V100,R100,N100) -> 191835.2 | AA100: =AVERAGE(V100,R100,N100) -> 242970.47 | AB100: =MEDIAN(V100,R100,N100) -> 256459.68 | AC100: =GEOMEAN(V100,R100,N100) -> 239894.46 | AD100: =_xlfn.STDEV.S(Z100,AB100) -> 45696.41 | AE100: =AD100/AA100 -> 0.18807392 | AF100: =AVERAGE(AA100) -> 242970.47 | AG100: PROMEDIO | AH100: SIN OBSERVACIONES
B101: =B100+1 -> 58 | C101: 4292119 | D101: JUEGO DE 8 DESTORNILLADORES MANGO PVC | E101: UN | F101: 0 | G101: 1 | H101: 27111701 | I101: 1745455 | J101: SIN CREAR | K101: 121942.4 | L101: =K101*19% -> 23169.056 | M101: =K101+L101 -> 145111.46 | N101: =L101+M101 -> 168280.51 | O101: 111445 | P101: =O101*19% -> 21174.55 | Q101: =O101+P101 -> 132619.55 | R101: =P101+Q101 -> 153794.1 | S101: =U101/1.19 -> 96672.269 | T101: =U101-S101 -> 18367.731 | U101: 115040 | V101: 115040 | Z101: =MIN(V101,R101,N101) -> 115040 | AA101: =AVERAGE(V101,R101,N101) -> 145704.87 | AB101: =MEDIAN(V101,R101,N101) -> 153794.1 | AC101: =GEOMEAN(V101,R101,N101) -> 143860.24 | AD101: =_xlfn.STDEV.S(Z101,AB101) -> 27403.287 | AE101: =AD101/AA101 -> 0.18807392 | AF101: =AVERAGE(AA101) -> 145704.87 | AG101: PROMEDIO | AH101: SIN OBSERVACIONES
B102: =B101+1 -> 59 | C102: 4292199 | D102: ESCUADRA METÁLICA 20” | E102: UN | F102: 0 | G102: 1 | H102: 27111803 | I102: 1638511 | J102: SIN CREAR | K102: 62750.304 | L102: =K102*19% -> 11922.558 | M102: =K102+L102 -> 74672.862 | N102: =L102+M102 -> 86595.42 | O102: 57348.45 | P102: =O102*19% -> 10896.206 | Q102: =O102+P102 -> 68244.655 | R102: =P102+Q102 -> 79140.861 | S102: =U102/1.19 -> 49746.555 | T102: =U102-S102 -> 9451.8454 | U102: 59198.4 | V102: 59198.4 | Z102: =MIN(V102,R102,N102) -> 59198.4 | AA102: =AVERAGE(V102,R102,N102) -> 74978.227 | AB102: =MEDIAN(V102,R102,N102) -> 79140.861 | AC102: =GEOMEAN(V102,R102,N102) -> 74029.001 | AD102: =_xlfn.STDEV.S(Z102,AB102) -> 14101.449 | AE102: =AD102/AA102 -> 0.18807392 | AF102: =AVERAGE(AA102) -> 74978.227 | AG102: PROMEDIO | AH102: SIN OBSERVACIONES
B103: =B102+1 -> 60 | C103: 42921 | D103: ESPÁTULA METÁLICA FLEXIBLE 2” | E103: UN | F103: 0 | G103: 1 | H103: 27111909 | I103: 1405068 | J103: SIN CREAR | K103: 36613.248 | L103: =K103*19% -> 6956.5171 | M103: =K103+L103 -> 43569.765 | N103: =L103+M103 -> 50526.282 | O103: 33461.4 | P103: =O103*19% -> 6357.666 | Q103: =O103+P103 -> 39819.066 | R103: =P103+Q103 -> 46176.732 | S103: =U103/1.19 -> 29025.882 | T103: =U103-S103 -> 5514.9176 | U103: 34540.8 | V103: 34540.8 | Z103: =MIN(V103,R103,N103) -> 34540.8 | AA103: =AVERAGE(V103,R103,N103) -> 43747.938 | AB103: =MEDIAN(V103,R103,N103) -> 46176.732 | AC103: =GEOMEAN(V103,R103,N103) -> 43194.088 | AD103: =_xlfn.STDEV.S(Z103,AB103) -> 8227.8464 | AE103: =AD103/AA103 -> 0.18807392 | AF103: =AVERAGE(AA103) -> 43747.938 | AG103: PROMEDIO | AH103: SIN OBSERVACIONES
B104: =B103+1 -> 61 | C104: 42921 | D104: ESPÁTULA METÁLICA FLEXIBLE 6” | E104: UN | F104: 0 | G104: 1 | H104: 27111909 | I104: 1570055 | J104: SIN CREAR | K104: 67670.4 | L104: =K104*19% -> 12857.376 | M104: =K104+L104 -> 80527.776 | N104: =L104+M104 -> 93385.152 | O104: 61845 | P104: =O104*19% -> 11750.55 | Q104: =O104+P104 -> 73595.55 | R104: =P104+Q104 -> 85346.1 | S104: =U104/1.19 -> 53647.059 | T104: =U104-S104 -> 10192.941 | U104: 63840 | V104: 63840 | Z104: =MIN(V104,R104,N104) -> 63840 | AA104: =AVERAGE(V104,R104,N104) -> 80857.084 | AB104: =MEDIAN(V104,R104,N104) -> 85346.1 | AC104: =GEOMEAN(V104,R104,N104) -> 79833.431 | AD104: =_xlfn.STDEV.S(Z104,AB104) -> 15207.109 | AE104: =AD104/AA104 -> 0.18807392 | AF104: =AVERAGE(AA104) -> 80857.084 | AG104: PROMEDIO | AH104: SIN OBSERVACIONES
... B110: =B109+1 -> 67 | C110: 4292123 | D110: LLAVE TUBO 8" | E110: UN | F110: 0 | G110: 1 | H110: 46171505 | I110: 1386397 | J110: SIN CREAR | K110: 77134.08 | L110: =K110*19% -> 14655.475 | M110: =K110+L110 -> 91789.555 | N110: =L110+M110 -> 106445.03 | O110: 70494 | P110: =O110*19% -> 13393.86 | Q110: =O110+P110 -> 83887.86 | R110: =P110+Q110 -> 97281.72 | S110: =U110/1.19 -> 61149.58 | T110: =U110-S110 -> 11618.42 | U110: 72768 | V110: 72768 | Z110: =MIN(V110,R110,N110) -> 72768 | AA110: =AVERAGE(V110,R110,N110) -> 92164.917 | AB110: =MEDIAN(V110,R110,N110) -> 97281.72 | AC110: =GEOMEAN(V110,R110,N110) -> 90998.107 | AD110: =_xlfn.STDEV.S(Z110,AB110) -> 17333.818 | AE110: =AD110/AA110 -> 0.18807392 | AF110: =AVERAGE(AA110) -> 92164.917 | AG110: PROMEDIO | AH110: SIN OBSERVACIONES
B111: =B110+1 -> 68 | C111: 4292120 | D111: MACETA OCTAGONAL DE 2 LB CON MANGO DE ENCINO DE 12'' | E111: UN | F111: 0 | G111: 1 | H111: 27111610 | I111: 1611409 | J111: SIN CREAR | K111: 101352.96 | L111: =K111*19% -> 19257.062 | M111: =K111+L111 -> 120610.02 | N111: =L111+M111 -> 139867.08 | O111: 92628 | P111: =O111*19% -> 17599.32 | Q111: =O111+P111 -> 110227.32 | R111: =P111+Q111 -> 127826.64 | S111: =U111/1.19 -> 80349.58 | T111: =U111-S111 -> 15266.42 | U111: 95616 | V111: 95616 | Z111: =MIN(V111,R111,N111) -> 95616 | AA111: =AVERAGE(V111,R111,N111) -> 121103.24 | AB111: =MEDIAN(V111,R111,N111) -> 127826.64 | AC111: =GEOMEAN(V111,R111,N111) -> 119570.07 | AD111: =_xlfn.STDEV.S(Z111,AB111) -> 22776.362 | AE111: =AD111/AA111 -> 0.18807392 | AF111: =AVERAGE(AA111) -> 121103.24 | AG111: PROMEDIO | AH111: SIN OBSERVACIONES
B112: =B111+1 -> 69 | C112: 42921 | D112: MARCO PROFESIONAL AJUSTABLE PARA SEGUETA 12”, INCLUYE HOJA DE SEGUETA | E112: UN | F112: 0 | G112: 1 | H112: 27111552 | I112: 1620030 | J112: SIN CREAR | K112: 76150.4 | L112: =K112*19% -> 14468.576 | M112: =K112+L112 -> 90618.976 | N112: =L112+M112 -> 105087.55 | O112: 69595 | P112: =O112*19% -> 13223.05 | Q112: =O112+P112 -> 82818.05 | R112: =P112+Q112 -> 96041.1 | S112: =U112/1.19 -> 60369.748 | T112: =U112-S112 -> 11470.252 | U112: 71840 | V112: 71840 | Z112: =MIN(V112,R112,N112) -> 71840 | AA112: =AVERAGE(V112,R112,N112) -> 90989.551 | AB112: =MEDIAN(V112,R112,N112) -> 96041.1 | AC112: =GEOMEAN(V112,R112,N112) -> 89837.621 | AD112: =_xlfn.STDEV.S(Z112,AB112) -> 17112.762 | AE112: =AD112/AA112 -> 0.18807392 | AF112: =AVERAGE(AA112) -> 90989.551 | AG112: PROMEDIO | AH112: SIN OBSERVACIONES
B113: =B112+1 -> 70 | C113: 4292120 | D113: MARTILLO 8 ONZAS MANGO FIBRA | E113: UN | F113: 0 | G113: 1 | H113: 27111610 | I113: 1035299 | J113: SIN CREAR | K113: 57494.4 | L113: =K113*19% -> 10923.936 | M113: =K113+L113 -> 68418.336 | N113: =L113+M113 -> 79342.272 | O113: 52545 | P113: =O113*19% -> 9983.55 | Q113: =O113+P113 -> 62528.55 | R113: =P113+Q113 -> 72512.1 | S113: =U113/1.19 -> 45579.832 | T113: =U113-S113 -> 8660.1681 | U113: 54240 | V113: 54240 | Z113: =MIN(V113,R113,N113) -> 54240 | AA113: =AVERAGE(V113,R113,N113) -> 68698.124 | AB113: =MEDIAN(V113,R113,N113) -> 72512.1 | AC113: =GEOMEAN(V113,R113,N113) -> 67828.404 | AD113: =_xlfn.STDEV.S(Z113,AB113) -> 12920.326 | AE113: =AD113/AA113 -> 0.18807392 | AF113: =AVERAGE(AA113) -> 68698.124 | AG113: PROMEDIO | AH113: SIN OBSERVACIONES
B114: =B113+1 -> 71 | C114: 4292105 | D114: PALA REDONDA CABO DE MADERA | E114: UN | F114: 0 | G114: 1 | H114: 27112004 | I114: 1652101 | J114: SIN CREAR | K114: 100912 | L114: =K114*19% -> 19173.28 | M114: =K114+L114 -> 120085.28 | N114: =L114+M114 -> 139258.56 | O114: 92225 | P114: =O114*19% -> 17522.75 | Q114: =O114+P114 -> 109747.75 | R114: =P114+Q114 -> 127270.5 | S114: =U114/1.19 -> 80000 | T114: =U114-S114 -> 15200 | U114: 95200 | V114: 95200 | Z114: =MIN(V114,R114,N114) -> 95200 | AA114: =AVERAGE(V114,R114,N114) -> 120576.35 | AB114: =MEDIAN(V114,R114,N114) -> 127270.5 | AC114: =GEOMEAN(V114,R114,N114) -> 119049.85 | AD114: =_xlfn.STDEV.S(Z114,AB114) -> 22677.268 | AE114: =AD114/AA114 -> 0.18807392 | AF114: =AVERAGE(AA114) -> 120576.35 | AG114: PROMEDIO | AH114: SIN OBSERVACIONES
B115: =B114+1 -> 72 | C115: 4292105 | D115: PALA CUADRADA CABO DE MADERA | E115: UN | F115: 0 | G115: 1 | H115: 27112004 | I115: 1650814 | J115: SIN CREAR | K115: 161688.16 | L115: =K115*19% -> 30720.75 | M115: =K115+L115 -> 192408.91 | N115: =L115+M115 -> 223129.66 | O115: 147769.25 | P115: =O115*19% -> 28076.158 | Q115: =O115+P115 -> 175845.41 | R115: =P115+Q115 -> 203921.57 | S115: =U115/1.19 -> 128181.51 | T115: =U115-S115 -> 24354.487 | U115: 152536 | V115: 152536 | Z115: =MIN(V115,R115,N115) -> 152536 | AA115: =AVERAGE(V115,R115,N115) -> 193195.74 | AB115: =MEDIAN(V115,R115,N115) -> 203921.57 | AC115: =GEOMEAN(V115,R115,N115) -> 190749.88 | AD115: =_xlfn.STDEV.S(Z115,AB115) -> 36335.081 | AE115: =AD115/AA115 -> 0.18807392 | AF115: =AVERAGE(AA115) -> 193195.74 | AG115: PROMEDIO | AH115: SIN OBSERVACIONES
...

Sheet MÍNIMAS
B2: =ANÁLISIS!B4 -> A-02-02-01-002-008 DOTACIÓN (PRENDAS DE VESTIR DE CALZADO)
B3: ÍTEM | C3: CÓDIGO DANE | D3: DESCRIPCIÓN DEL BIEN Y/O SERVICIO | E3: UNIDAD MEDIDA | F3: EXISTENCIAS (STOCK - INVENTARIOS) | G3: NECESIDAD | H3: UNSPSC (CCE) | I3: CÓDIGO MATERIAL SAP (OPCIONAL) | J3: CÓDIGO OTAN - NOC (OPCIONAL) | K3: NECESIDAD TOTAL | L3: MÍNIMAS | M3: PRECIO DE REFERENCIA | N3: VALOR TOTAL | O3: BAABS3 | Q3: BAACA10 | S3: BAACA2 | U3: BAADA1 | W3: BACAC | Y3: BAEEV3 | AA3: BAMMA | AC3: BAS10 | AE3: BASAC | AG3: BATAC | AI3: BICAR | AK3: BIMOC | AM3: BITER10 | AO3: BMMA1 | AQ3: BR10 | AS3: GMMAT | AU3: GMRON
O4: M | P4: VALOR TOTAL NECESIDAD | Q4: M | R4: VALOR TOTAL NECESIDAD | S4: M | T4: VALOR TOTAL NECESIDAD | U4: M | V4: VALOR TOTAL NECESIDAD | W4: M | X4: VALOR TOTAL NECESIDAD | Y4: M | Z4: VALOR TOTAL NECESIDAD | AA4: M | AB4: VALOR TOTAL NECESIDAD | AC4: M | AD4: VALOR TOTAL NECESIDAD | AE4: M | AF4: VALOR TOTAL NECESIDAD | AG4: M | AH4: VALOR TOTAL NECESIDAD | AI4: M | AJ4: VALOR TOTAL NECESIDAD | AK4: M | AL4: VALOR TOTAL NECESIDAD | AM4: M | AN4: VALOR TOTAL NECESIDAD | AO4: M | AP4: VALOR TOTAL NECESIDAD | AQ4: M | AR4: VALOR TOTAL NECESIDAD | AS4: M | AT4: VALOR TOTAL NECESIDAD | AU4: M | AV4: VALOR TOTAL NECESIDAD
B5: =ANÁLISIS!B7 -> 1 | C5: =ANÁLISIS!C7 -> 2951001 | D5: =ANÁLISIS!D7 -> BOTA CAÑA ALTA DE CAUCHO: FABRICADA EN CAUCHO, ARMADA POR PARTES, VULCANIZADAS EN AUTOCLAVE. CAÑA REFORZADA, FORRO 100% ALGODÓN ABSORBENTE, PUNTERA EN ACERO DE SEGURIDAD E IMPERMEABLE 100% NORMA EN 12568 CON REFUERZO EN CAUCHO, SUELA ANTIDESLIZANTE COLOR AMARILLO, TALLAS 39 A 42, CAÑA LARGO 16” COLOR NEGRO, ALTURA MÁXIMA DE 37.5 CM. | E5: =ANÁLISIS!E7 -> PAR | F5: =ANÁLISIS!F7 -> 0 | G5: =ANÁLISIS!G7 -> 1 | H5: =ANÁLISIS!H7 -> 46181611 | I5: =ANÁLISIS!I7 -> 1264284 | J5: =ANÁLISIS!J7 -> 0 | K5: =ANÁLISIS!G7 -> 1 | L5: =SUM(W5,Y5,AA5,AI5,AK5,AM5,AS5) -> 0 | M5: =ANÁLISIS!AF7 -> 148415.7 | N5: =L5*M5 -> 0 | P5: =O5*M5 -> 0 | Q5: 0 | R5: =Q5*$M5 -> 0 | T5: =S5*$M5 -> 0 | V5: =U5*$M5 -> 0 | W5: 0 | X5: =W5*$M5 -> 0 | Z5: =Y5*$M5 -> 0 | AB5: =AA5*$M5 -> 0 | AD5: =AC5*$M5 -> 0 | AE5: 0 | AF5: =AE5*$M5 -> 0 | AG5: 0 | AH5: =AG5*$M5 -> 0 | AJ5: =AI5*$M5 -> 0 | AL5: =AK5*$M5 -> 0 | AN5: =AM5*$M5 -> 0 | AP5: =AO5*$M5 -> 0 | AR5: =AQ5*$M5 -> 0 | AT5: =AS5*$M5 -> 0 | AV5: =AU5*$M5 -> 0
B6: =ANÁLISIS!B8 -> 2 | C6: =ANÁLISIS!C8 -> 2929012 | D6: =ANÁLISIS!D8 -> CARTUCHO CONTRA VAPORES ORGÁNICOS PARA RESPIRADOR DE MEDIA CARA (CARACTERÍSTICAS DE ACUERDO AL MODELO DEL RESPIRADOR DEL ÍTEM N°5. NORMAS APLICABLES: APROBACIÓN NIOSH). | E6: =ANÁLISIS!E8 -> PAR | F6: =ANÁLISIS!F8 -> 0 | G6: =ANÁLISIS!G8 -> 1 | H6: =ANÁLISIS!H8 -> 46182005 | I6: =ANÁLISIS!I8 -> 1289556 | J6: =ANÁLISIS!J8 -> 0 | K6: =ANÁLISIS!G8 -> 1 | L6: =SUM(W6,Y6,AA6,AI6,AK6,AM6,AS6) -> 0 | M6: =ANÁLISIS!AF8 -> 143764.55 | N6: =L6*M6 -> 0 | P6: =O6*M6 -> 0 | Q6: 0 | R6: =Q6*$M6 -> 0 | T6: =S6*$M6 -> 0 | V6: =U6*$M6 -> 0 | W6: 0 | X6: =W6*$M6 -> 0 | Z6: =Y6*$M6 -> 0 | AB6: =AA6*$M6 -> 0 | AD6: =AC6*$M6 -> 0 | AE6: 0 | AF6: =AE6*$M6 -> 0 | AG6: 0 | AH6: =AG6*$M6 -> 0 | AJ6: =AI6*$M6 -> 0 | AL6: =AK6*$M6 -> 0 | AN6: =AM6*$M6 -> 0 | AP6: =AO6*$M6 -> 0 | AR6: =AQ6*$M6 -> 0 | AT6: =AS6*$M6 -> 0 | AV6: =AU6*$M6 -> 0
B7: =ANÁLISIS!B9 -> 3 | C7: =ANÁLISIS!C9 -> 3697101 | D7: =ANÁLISIS!D9 -> CASCOS DE SEGURIDAD CON BARBOQUEJO (CASCO INDUSTRIAL: TIPO 1 CLASE E, CASCO DIELÉCTRICO ESTÁNDAR FABRICADO EN POLIETILENO DE ALTA DENSIDAD, LIVIANO Y RESISTENTE CON MÍNIMO 4 PUNTOS DE AJUSTE, CON SISTEMA DE FIJACIÓN REGULABLE RATCHET, SISTEMA DE SUSPENSIÓN CON TRINQUETE, RANURAS DE VENTILACIÓN Y QUE PERMITAN LA INSTALACIÓN DE ELEMENTOS DE PROTECCIÓN FACIAL, AUDITIVA Y CARETAS, CON BARBOQUEJO FABRICADO EN REATA O CINTA ELÁSTICA PARA MAYOR DURACIÓN Y COMODIDAD, IDENTIFICACIÓN DE COLOR AMARILLO. NORMA ANSI Z89.1, 2014 - PROTECCIÓN DE IMPACTO DE PARTÍCULAS Y/O O EN 397 / EN50365.). | E7: =ANÁLISIS!E9 -> UN | F7: =ANÁLISIS!F9 -> 0 | G7: =ANÁLISIS!G9 -> 1 | H7: =ANÁLISIS!H9 -> 46181704 | I7: =ANÁLISIS!I9 -> 1327069 | J7: =ANÁLISIS!J9 -> 0 | K7: =ANÁLISIS!G9 -> 1 | L7: =SUM(W7,Y7,AA7,AI7,AK7,AM7,AS7) -> 0 | M7: =ANÁLISIS!AF9 -> 75802.617 | N7: =L7*M7 -> 0 | P7: =O7*M7 -> 0 | Q7: 0 | R7: =Q7*$M7 -> 0 | T7: =S7*$M7 -> 0 | V7: =U7*$M7 -> 0 | W7: 0 | X7: =W7*$M7 -> 0 | Z7: =Y7*$M7 -> 0 | AB7: =AA7*$M7 -> 0 | AD7: =AC7*$M7 -> 0 | AE7: 0 | AF7: =AE7*$M7 -> 0 | AG7: 0 | AH7: =AG7*$M7 -> 0 | AJ7: =AI7*$M7 -> 0 | AL7: =AK7*$M7 -> 0 | AN7: =AM7*$M7 -> 0 | AP7: =AO7*$M7 -> 0 | AR7: =AQ7*$M7 -> 0 | AT7: =AS7*$M7 -> 0 | AV7: =AU7*$M7 -> 0
B8: =ANÁLISIS!B10 -> 4 | C8: =ANÁLISIS!C10 -> 2929012 | D8: =ANÁLISIS!D10 -> CHALECO REFLECTIVO (TELA FLUORESCENTE COLOR NARANJA O VERDE, TEJIDO EN HILO 100% POLIÉSTER DE ALTA TENACIDAD, CON CINTAS REFLECTIVAS COLOR PLATA DE 2" VERTICALES Y CIERRE DELANTERO CON CREMALLERA). | E8: =ANÁLISIS!E10 -> UN | F8: =ANÁLISIS!F10 -> 0 | G8: =ANÁLISIS!G10 -> 1 | H8: =ANÁLISIS!H10 -> 46181507 | I8: =ANÁLISIS!I10 -> 1181307 | J8: =ANÁLISIS!J10 -> 0 | K8: =ANÁLISIS!G10 -> 1 | L8: =SUM(W8,Y8,AA8,AI8,AK8,AM8,AS8) -> 0 | M8: =ANÁLISIS!AF10 -> 20149.726 | N8: =L8*M8 -> 0 | P8: =O8*M8 -> 0 | Q8: 0 | R8: =Q8*$M8 -> 0 | T8: =S8*$M8 -> 0 | V8: =U8*$M8 -> 0 | W8: 0 | X8: =W8*$M8 -> 0 | Z8: =Y8*$M8 -> 0 | AB8: =AA8*$M8 -> 0 | AD8: =AC8*$M8 -> 0 | AE8: 0 | AF8: =AE8*$M8 -> 0 | AG8: 0 | AH8: =AG8*$M8 -> 0 | AJ8: =AI8*$M8 -> 0 | AL8: =AK8*$M8 -> 0 | AN8: =AM8*$M8 -> 0 | AP8: =AO8*$M8 -> 0 | AR8: =AQ8*$M8 -> 0 | AT8: =AS8*$M8 -> 0 | AV8: =AU8*$M8 -> 0
B9: =ANÁLISIS!B11 -> 5 | C9: =ANÁLISIS!C11 -> 2929012 | D9: =ANÁLISIS!D11 -> FILTROS RESPIRADORES DE VAPORES ORGÁNICOS. (CARACTERÍSTICAS DE ACUERDO AL MODELO DEL RESPIRADOR). DEL ÍTEM 7 | E9: =ANÁLISIS!E11 -> PAR | F9: =ANÁLISIS!F11 -> 0 | G9: =ANÁLISIS!G11 -> 1 | H9: =ANÁLISIS!H11 -> 46182005 | I9: =ANÁLISIS!I11 -> 1011887 | J9: =ANÁLISIS!J11 -> 0 | K9: =ANÁLISIS!G11 -> 1 | L9: =SUM(W9,Y9,AA9,AI9,AK9,AM9,AS9) -> 0 | M9: =ANÁLISIS!AF11 -> 28196.087 | N9: =L9*M9 -> 0 | P9: =O9*M9 -> 0 | Q9: 0 | R9: =Q9*$M9 -> 0 | T9: =S9*$M9 -> 0 | V9: =U9*$M9 -> 0 | W9: 0 | X9: =W9*$M9 -> 0 | Z9: =Y9*$M9 -> 0 | AB9: =AA9*$M9 -> 0 | AD9: =AC9*$M9 -> 0 | AE9: 0 | AF9: =AE9*$M9 -> 0 | AG9: 0 | AH9: =AG9*$M9 -> 0 | AJ9: =AI9*$M9 -> 0 | AL9: =AK9*$M9 -> 0 | AN9: =AM9*$M9 -> 0 | AP9: =AO9*$M9 -> 0 | AR9: =AQ9*$M9 -> 0 | AT9: =AS9*$M9 -> 0 | AV9: =AU9*$M9 -> 0
B10: =ANÁLISIS!B12 -> 6 | C10: =ANÁLISIS!C12 -> 4831204 | D10: =ANÁLISIS!D12 -> GAFAS DE SEGURIDAD (GAFAS EN POLICARBONATO, CON ANTIEMPAÑANTE Y PROTECCIÓN PARA LUZ ULTRAVIOLETA. QUE EVITA LA PROYECCIÓN DE PARTÍCULAS SÓLIDAS O LÍQUIDAS A LOS OJOS, TALES COMO, MANEJO DE SUSTANCIAS CORROSIVAS). | E10: =ANÁLISIS!E12 -> UN | F10: =ANÁLISIS!F12 -> 0 | G10: =ANÁLISIS!G12 -> 1 | H10: =ANÁLISIS!H12 -> 46181804 | I10: =ANÁLISIS!I12 -> 1309484 | J10: =ANÁLISIS!J12 -> 0 | K10: =ANÁLISIS!G12 -> 1 | L10: =SUM(W10,Y10,AA10,AI10,AK10,AM10,AS10) -> 0 | M10: =ANÁLISIS!AF12 -> 52346 | N10: =L10*M10 -> 0 | P10: =O10*M10 -> 0 | Q10: 0 | R10: =Q10*$M10 -> 0 | T10: =S10*$M10 -> 0 | V10: =U10*$M10 -> 0 | W10: 0 | X10: =W10*$M10 -> 0 | Z10: =Y10*$M10 -> 0 | AB10: =AA10*$M10 -> 0 | AD10: =AC10*$M10 -> 0 | AE10: 0 | AF10: =AE10*$M10 -> 0 | AG10: 0 | AH10: =AG10*$M10 -> 0 | AJ10: =AI10*$M10 -> 0 | AL10: =AK10*$M10 -> 0 | AN10: =AM10*$M10 -> 0 | AP10: =AO10*$M10 -> 0 | AR10: =AQ10*$M10 -> 0 | AT10: =AS10*$M10 -> 0 | AV10: =AU10*$M10 -> 0
B11: =ANÁLISIS!B13 -> 7 | C11: =ANÁLISIS!C13 -> 3899918 | D11: =ANÁLISIS!D13 -> GUANTE NITRILO MANGA LARGA (CLORINADO PUÑO LARGO DEBE SER RESISTENTE A QUÍMICOS, SOLVENTES, ALCOHOLES, ACETONAS. RESISTENCIA A UN AMPLIO RANGO DE SOLVENTES Y QUÍMICOS PELIGROSOS. MÍNIMO 18” DE LONGITUD. ESPESOR MÁXIMO 22 MILÉSIMAS. TALLAS SUJETAS A LAS NECESIDADES. EN 374-1:2016, EN 374-5:2016 Y EN 388:2016 MÍNIMO 2001X.). | E11: =ANÁLISIS!E13 -> PAR | F11: =ANÁLISIS!F13 -> 0 | G11: =ANÁLISIS!G13 -> 1 | H11: =ANÁLISIS!H13 -> 46181541 | I11: =ANÁLISIS!I13 -> 1901328 | J11: =ANÁLISIS!J13 -> 0 | K11: =ANÁLISIS!G13 -> 1 | L11: =SUM(W11,Y11,AA11,AI11,AK11,AM11,AS11) -> 0 | M11: =ANÁLISIS!AF13 -> 132547.55 | N11: =L11*M11 -> 0 | P11: =O11*M11 -> 0 | Q11: 0 | R11: =Q11*$M11 -> 0 | T11: =S11*$M11 -> 0 | V11: =U11*$M11 -> 0 | W11: 0 | X11: =W11*$M11 -> 0 | Z11: =Y11*$M11 -> 0 | AB11: =AA11*$M11 -> 0 | AD11: =AC11*$M11 -> 0 | AE11: 0 | AF11: =AE11*$M11 -> 0 | AG11: 0 | AH11: =AG11*$M11 -> 0 | AJ11: =AI11*$M11 -> 0 | AL11: =AK11*$M11 -> 0 | AN11: =AM11*$M11 -> 0 | AP11: =AO11*$M11 -> 0 | AR11: =AQ11*$M11 -> 0 | AT11: =AS11*$M11 -> 0 | AV11: =AU11*$M11 -> 0
B12: =ANÁLISIS!B14 -> 8 | C12: =ANÁLISIS!C14 -> 3899918 | D12: =ANÁLISIS!D14 -> GUANTES CALIBRE 35 MANGA LARGA (GUANTE DE PROTECCIÓN CON DISEÑO ANATÓMICO, DISEÑADO PARA BRINDAR MAYOR RESISTENCIA QUÍMICA A HIDROCARBUROS, INCLUYENDO DERIVADOS DEL PETRÓLEO, COMPUESTO POR UNA COMBINACIÓN DE NITRILO Y CAUCHO SINTÉTICO). | E12: =ANÁLISIS!E14 -> PAR | F12: =ANÁLISIS!F14 -> 0 | G12: =ANÁLISIS!G14 -> 1 | H12: =ANÁLISIS!H14 -> 46181536 | I12: =ANÁLISIS!I14 -> 1520930 | J12: =ANÁLISIS!J14 -> 0 | K12: =ANÁLISIS!G14 -> 1 | L12: =SUM(W12,Y12,AA12,AI12,AK12,AM12,AS12) -> 0 | M12: =ANÁLISIS!AF14 -> 71041 | N12: =L12*M12 -> 0 | P12: =O12*M12 -> 0 | Q12: 0 | R12: =Q12*$M12 -> 0 | T12: =S12*$M12 -> 0 | V12: =U12*$M12 -> 0 | W12: 0 | X12: =W12*$M12 -> 0 | Z12: =Y12*$M12 -> 0 | AB12: =AA12*$M12 -> 0 | AD12: =AC12*$M12 -> 0 | AE12: 0 | AF12: =AE12*$M12 -> 0 | AG12: 0 | AH12: =AG12*$M12 -> 0 | AJ12: =AI12*$M12 -> 0 | AL12: =AK12*$M12 -> 0 | AN12: =AM12*$M12 -> 0 | AP12: =AO12*$M12 -> 0 | AR12: =AQ12*$M12 -> 0 | AT12: =AS12*$M12 -> 0 | AV12: =AU12*$M12 -> 0
B13: =ANÁLISIS!B15 -> 9 | C13: =ANÁLISIS!C15 -> 3899918 | D13: =ANÁLISIS!D15 -> GUANTES DE VAQUETA TIPO INGENIERO DE 12 PULGADAS DE LARGO CON REFUERZO EN LA PALMA (CONFECCIONADO CON CARNAZA DE RES O VAQUETA Y COSIDO CON HILO DE POLIÉSTER O HILO DE NYLON Y POLIPROPILENO, PUÑO RECTO, MEDIO DE 14CM EN ADELANTE, CON REFUERZO EN PALMA Y DEDOS). | E13: =ANÁLISIS!E15 -> PAR | F13: =ANÁLISIS!F15 -> 0 | G13: =ANÁLISIS!G15 -> 1 | H13: =ANÁLISIS!H15 -> 46181536 | I13: =ANÁLISIS!I15 -> 1114739 | J13: =ANÁLISIS!J15 -> 0 | K13: =ANÁLISIS!G15 -> 1 | L13: =SUM(W13,Y13,AA13,AI13,AK13,AM13,AS13) -> 0 | M13: =ANÁLISIS!AF15 -> 71041 | N13: =L13*M13 -> 0 | P13: =O13*M13 -> 0 | Q13: 0 | R13: =Q13*$M13 -> 0 | T13: =S13*$M13 -> 0 | V13: =U13*$M13 -> 0 | W13: 0 | X13: =W13*$M13 -> 0 | Z13: =Y13*$M13 -> 0 | AB13: =AA13*$M13 -> 0 | AD13: =AC13*$M13 -> 0 | AE13: 0 | AF13: =AE13*$M13 -> 0 | AG13: 0 | AH13: =AG13*$M13 -> 0 | AJ13: =AI13*$M13 -> 0 | AL13: =AK13*$M13 -> 0 | AN13: =AM13*$M13 -> 0 | AP13: =AO13*$M13 -> 0 | AR13: =AQ13*$M13 -> 0 | AT13: =AS13*$M13 -> 0 | AV13: =AU13*$M13 -> 0
B14: =ANÁLISIS!B16 -> 10 | C14: =ANÁLISIS!C16 -> 2823610 | D14: =ANÁLISIS!D16 -> OVEROLES DE PROTECCIÓN ENTERIZOS EN TELA (FABRICADO EN TELA JEAN O NAILON, COLOR VERDE O AZUL. COMPOSICIÓN 100% ALGODÓN. COSTURAS RESISTENTES). | E14: =ANÁLISIS!E16 -> UN | F14: =ANÁLISIS!F16 -> 0 | G14: =ANÁLISIS!G16 -> 1 | H14: =ANÁLISIS!H16 -> 46181503 | I14: =ANÁLISIS!I16 -> 1499810 | J14: =ANÁLISIS!J16 -> 0 | K14: =ANÁLISIS!G16 -> 1 | L14: =SUM(W14,Y14,AA14,AI14,AK14,AM14,AS14) -> 0 | M14: =ANÁLISIS!AF16 -> 114794.78 | N14: =L14*M14 -> 0 | P14: =O14*M14 -> 0 | Q14: 0 | R14: =Q14*$M14 -> 0 | T14: =S14*$M14 -> 0 | V14: =U14*$M14 -> 0 | W14: 0 | X14: =W14*$M14 -> 0 | Z14: =Y14*$M14 -> 0 | AB14: =AA14*$M14 -> 0 | AD14: =AC14*$M14 -> 0 | AE14: 0 | AF14: =AE14*$M14 -> 0 | AG14: 0 | AH14: =AG14*$M14 -> 0 | AJ14: =AI14*$M14 -> 0 | AL14: =AK14*$M14 -> 0 | AN14: =AM14*$M14 -> 0 | AP14: =AO14*$M14 -> 0 | AR14: =AQ14*$M14 -> 0 | AT14: =AS14*$M14 -> 0 | AV14: =AU14*$M14 -> 0
B15: =ANÁLISIS!B17 -> 11 | C15: =ANÁLISIS!C17 -> 2823610 | D15: =ANÁLISIS!D17 -> OVEROLES DE PROTECCIÓN ENTERIZOS IMPERMEABLES (TRAJE ESCAFANDRA EN PVC CALIBRE 25 ENTERIZO. CONFECCIONADO CON MATERIAL VINÍLICO, SOPORTE TEXTIL EN POLIÉSTER PARA EVITAR DESGASTE, COSTURAS CON SISTEMA DE ELECTRO SELLADO QUE IMPIDEN FILTRACIONES. TALLAS SUJETAS A LAS NECESIDADES). | E15: =ANÁLISIS!E17 -> UN | F15: =ANÁLISIS!F17 -> 0 | G15: =ANÁLISIS!G17 -> 1 | H15: =ANÁLISIS!H17 -> 46181503 | I15: =ANÁLISIS!I17 -> 1398215 | J15: =ANÁLISIS!J17 -> 0 | K15: =ANÁLISIS!G17 -> 1 | L15: =SUM(W15,Y15,AA15,AI15,AK15,AM15,AS15) -> 0 | M15: =ANÁLISIS!AF17 -> 618617.55 | N15: =L15*M15 -> 0 | P15: =O15*M15 -> 0 | Q15: 0 | R15: =Q15*$M15 -> 0 | T15: =S15*$M15 -> 0 | V15: =U15*$M15 -> 0 | W15: 0 | X15: =W15*$M15 -> 0 | Z15: =Y15*$M15 -> 0 | AB15: =AA15*$M15 -> 0 | AD15: =AC15*$M15 -> 0 | AE15: 0 | AF15: =AE15*$M15 -> 0 | AG15: 0 | AH15: =AG15*$M15 -> 0 | AJ15: =AI15*$M15 -> 0 | AL15: =AK15*$M15 -> 0 | AN15: =AM15*$M15 -> 0 | AP15: =AO15*$M15 -> 0 | AR15: =AQ15*$M15 -> 0 | AT15: =AS15*$M15 -> 0 | AV15: =AU15*$M15 -> 0
B16: =ANÁLISIS!B18 -> 12 | C16: =ANÁLISIS!C18 -> 2823611 | D16: =ANÁLISIS!D18 -> PETO DE CARNAZA PARA SUSTANCIAS QUÍMICAS (ELABORADO EN POLÍMEROS SIMILARES AL CAUCHO Y/O FABRICADO EN CARNAZA DE RES (CUERO VACUNO CURTIDO), PROTECCIÓN CONTRA CHISPA DE SOLDADURA. QUE PERMITA SER ESTIRADO Y REFORMAR SU TAMAÑO ORIGINAL, CON UNA CORREA QUE SE AJUSTE EN EL CUELLO Y OTRA CORREA QUE SE AJUSTE EN LA PARTE POSTERIOR DEL TRONCO). | E16: =ANÁLISIS!E18 -> UN | F16: =ANÁLISIS!F18 -> 0 | G16: =ANÁLISIS!G18 -> 1 | H16: =ANÁLISIS!H18 -> 46181501 | I16: =ANÁLISIS!I18 -> 1017780 | J16: =ANÁLISIS!J18 -> 0 | K16: =ANÁLISIS!G18 -> 1 | L16: =SUM(W16,Y16,AA16,AI16,AK16,AM16,AS16) -> 0 | M16: =ANÁLISIS!AF18 -> 68984.55 | N16: =L16*M16 -> 0 | P16: =O16*M16 -> 0 | Q16: 0 | R16: =Q16*$M16 -> 0 | T16: =S16*$M16 -> 0 | V16: =U16*$M16 -> 0 | W16: 0 | X16: =W16*$M16 -> 0 | Z16: =Y16*$M16 -> 0 | AB16: =AA16*$M16 -> 0 | AD16: =AC16*$M16 -> 0 | AE16: 0 | AF16: =AE16*$M16 -> 0 | AG16: 0 | AH16: =AG16*$M16 -> 0 | AJ16: =AI16*$M16 -> 0 | AL16: =AK16*$M16 -> 0 | AN16: =AM16*$M16 -> 0 | AP16: =AO16*$M16 -> 0 | AR16: =AQ16*$M16 -> 0 | AT16: =AS16*$M16 -> 0 | AV16: =AU16*$M16 -> 0
... B21: =ANÁLISIS!B23 -> 17 | C21: =ANÁLISIS!C23 -> 2826203 | D21: =ANÁLISIS!D23 -> SOMBRERO TIPO PAVA (SOMBRERO EN TELA, CON ALA ANCHA Y CORDÓN. UTILIZADO PARA REALIZAR ACTIVIDADES A LA INTEMPERIE Y CUANDO SE ESTÉ EXPUESTO AL SOL. COLOR VERDE). | E21: =ANÁLISIS!E23 -> UN | F21: =ANÁLISIS!F23 -> 0 | G21: =ANÁLISIS!G23 -> 1 | H21: =ANÁLISIS!H23 -> 53102503 | I21: =ANÁLISIS!I23 -> 1732607 | J21: =ANÁLISIS!J23 -> 0 | K21: =ANÁLISIS!G23 -> 1 | L21: =SUM(W21,Y21,AA21,AI21,AK21,AM21,AS21) -> 0 | M21: =ANÁLISIS!AF23 -> 74593.05 | N21: =L21*M21 -> 0 | P21: =O21*M21 -> 0 | Q21: 0 | R21: =Q21*$M21 -> 0 | T21: =S21*$M21 -> 0 | V21: =U21*$M21 -> 0 | W21: 0 | X21: =W21*$M21 -> 0 | Z21: =Y21*$M21 -> 0 | AB21: =AA21*$M21 -> 0 | AD21: =AC21*$M21 -> 0 | AE21: 0 | AF21: =AE21*$M21 -> 0 | AG21: 0 | AH21: =AG21*$M21 -> 0 | AJ21: =AI21*$M21 -> 0 | AL21: =AK21*$M21 -> 0 | AN21: =AM21*$M21 -> 0 | AP21: =AO21*$M21 -> 0 | AR21: =AQ21*$M21 -> 0 | AT21: =AS21*$M21 -> 0 | AV21: =AU21*$M21 -> 0
B22: VALOR TOTAL NECESIDAD | O22: =SUM(P5:P21) -> 0 | Q22: =SUM(R5:R21) -> 0 | S22: =SUM(T5:T21) -> 0 | U22: =SUM(V5:V21) -> 0 | W22: =SUM(X5:X21) -> 0 | Y22: =SUM(Z5:Z21) -> 0 | AA22: =SUM(AB5:AB21) -> 0 | AC22: =SUM(AD5:AD21) -> 0 | AE22: =SUM(AF5:AF21) -> 0 | AG22: =SUM(AH5:AH21) -> 0 | AI22: =SUM(AJ5:AJ21) -> 0 | AK22: =SUM(AL5:AL21) -> 0 | AM22: =SUM(AN5:AN21) -> 0 | AO22: =SUM(AP5:AP21) -> 0 | AQ22: =SUM(AR5:AR21) -> 0 | AS22: =SUM(AT5:AT21) -> 0 | AU22: =SUM(AV5:AV21) -> 0
B23: PRESUPUESTO ASIGNADO | W23: 848385 | Y23: 932222 | AA23: 932222 | AI23: 932222 | AK23: 932222 | AM23: 932222 | AS23: 1398333 | AW23: =SUM(O23:AV23) -> 6907828
B24: SALDO | O24: =O23-O22 -> 0 | Q24: =Q23-Q22 -> 0 | S24: =S23-S22 -> 0 | U24: =U23-U22 -> 0 | W24: =W23-W22 -> 848385 | Y24: =Y23-Y22 -> 932222 | AA24: =AA23-AA22 -> 932222 | AC24: =AC23-AC22 -> 0 | AE24: =AE23-AE22 -> 0 | AG24: =AG23-AG22 -> 0 | AI24: =AI23-AI22 -> 932222 | AK24: =AK23-AK22 -> 932222 | AM24: =AM23-AM22 -> 932222 | AO24: =AO23-AO22 -> 0 | AQ24: =AQ23-AQ22 -> 0 | AS24: =AS23-AS22 -> 1398333 | AU24: =AU23-AU22 -> 0 | AW24: =SUM(O24:AV24) -> 6907828
B26: =ANÁLISIS!B28 -> A-02-02-01-004-008 APARATOS MÉDICOS, INSTRUMENTOS ÓPTICOS Y DE PRECISIÓN, RELOJES
B27: ÍTEM | C27: CÓDIGO DANE | D27: DESCRIPCIÓN DEL BIEN Y/O SERVICIO | E27: =ANÁLISIS!E29 -> UNIDAD MEDIDA | F27: =ANÁLISIS!F29 -> EXISTENCIAS (STOCK - INVENTARIOS) | G27: NECESIDAD | H27: =ANÁLISIS!H29 -> UNSPSC (CCE) | I27: =ANÁLISIS!I29 -> CÓDIGO MATERIAL SAP (OPCIONAL) | J27: =ANÁLISIS!J29 -> CÓDIGO OTAN - NOC (OPCIONAL) | K27: NECESIDAD TOTAL | L27: MÍNIMAS | M27: PRECIO DE REFERENCIA | N27: VALOR TOTAL | O27: BAABS3 | Q27: BAACA10 | S27: BAACA2 | U27: BAADA1 | W27: BACAC | Y27: BAEEV3 | AA27: BAMMA | AC27: BAS10 | AE27: BASAC | AG27: BATAC | AI27: BICAR | AK27: BIMOC | AM27: BITER10 | AO27: BMMA1 | AQ27: BR10 | AS27: GMMAT | AU27: GMRON
O28: M | P28: VALOR TOTAL NECESIDAD | Q28: M | R28: VALOR TOTAL NECESIDAD | S28: M | T28: VALOR TOTAL NECESIDAD | U28: M | V28: VALOR TOTAL NECESIDAD | W28: M | X28: VALOR TOTAL NECESIDAD | Y28: M | Z28: VALOR TOTAL NECESIDAD | AA28: M | AB28: VALOR TOTAL NECESIDAD | AC28: M | AD28: VALOR TOTAL NECESIDAD | AE28: M | AF28: VALOR TOTAL NECESIDAD | AG28: M | AH28: VALOR TOTAL NECESIDAD | AI28: M | AJ28: VALOR TOTAL NECESIDAD | AK28: M | AL28: VALOR TOTAL NECESIDAD | AM28: M | AN28: VALOR TOTAL NECESIDAD | AO28: M | AP28: VALOR TOTAL NECESIDAD | AQ28: M | AR28: VALOR TOTAL NECESIDAD | AS28: M | AT28: VALOR TOTAL NECESIDAD | AU28: M | AV28: VALOR TOTAL NECESIDAD
B29: =ANÁLISIS!B31 -> 18 | C29: =ANÁLISIS!C31 -> 48233 | D29: =ANÁLISIS!D31 -> CINTA MÉTRICA DE 50 M | E29: =ANÁLISIS!E31 -> UN | F29: =ANÁLISIS!F31 -> 0 | G29: =ANÁLISIS!G31 -> 1 | H29: =ANÁLISIS!H31 -> 27111801 | I29: =ANÁLISIS!I31 -> 1509008 | J29: =ANÁLISIS!J31 -> SIN CREAR | K29: =ANÁLISIS!G31 -> 1 | L29: =SUM(O29,Q29,S29,U29,W29,Y29,AA29,AC29,AE29,AG29,AI29,AK29,AM29,AO29,AQ29,AS29,AU29) -> 0 | M29: =ANÁLISIS!AF31 -> 133655.34 | N29: =L29*M29 -> 0 | P29: =$M29*O29 -> 0 | R29: =$M29*Q29 -> 0 | T29: =$M29*S29 -> 0 | V29: =$M29*U29 -> 0 | X29: =$M29*W29 -> 0 | Z29: =$M29*Y29 -> 0 | AB29: =$M29*AA29 -> 0 | AD29: =$M29*AC29 -> 0 | AF29: =$M29*AE29 -> 0 | AH29: =$M29*AG29 -> 0 | AJ29: =$M29*AI29 -> 0 | AL29: =$M29*AK29 -> 0 | AN29: =$M29*AM29 -> 0 | AP29: =$M29*AO29 -> 0 | AR29: =$M29*AQ29 -> 0 | AT29: =$M29*AS29 -> 0 | AV29: =$M29*AU29 -> 0
B30: =ANÁLISIS!B32 -> 19 | C30: =ANÁLISIS!C32 -> 4828101 | D30: =ANÁLISIS!D32 -> FLEXÓMETRO DE 8 METROS | E30: =ANÁLISIS!E32 -> UN | F30: =ANÁLISIS!F32 -> 0 | G30: =ANÁLISIS!G32 -> 1 | H30: =ANÁLISIS!H32 -> 95121632 | I30: =ANÁLISIS!I32 -> 1460149 | J30: =ANÁLISIS!J32 -> SIN CREAR | K30: =ANÁLISIS!G32 -> 1 | L30: =SUM(O30,Q30,S30,U30,W30,Y30,AA30,AC30,AE30,AG30,AI30,AK30,AM30,AO30,AQ30,AS30,AU30) -> 0 | M30: =ANÁLISIS!AF32 -> 79446.645 | N30: =L30*M30 -> 0 | P30: =$M30*O30 -> 0 | R30: =$M30*Q30 -> 0 | T30: =$M30*S30 -> 0 | V30: =$M30*U30 -> 0 | X30: =$M30*W30 -> 0 | Z30: =$M30*Y30 -> 0 | AB30: =$M30*AA30 -> 0 | AD30: =$M30*AC30 -> 0 | AF30: =$M30*AE30 -> 0 | AH30: =$M30*AG30 -> 0 | AJ30: =$M30*AI30 -> 0 | AL30: =$M30*AK30 -> 0 | AN30: =$M30*AM30 -> 0 | AP30: =$M30*AO30 -> 0 | AR30: =$M30*AQ30 -> 0 | AT30: =$M30*AS30 -> 0 | AV30: =$M30*AU30 -> 0
B31: =ANÁLISIS!B33 -> 20 | C31: =ANÁLISIS!C33 -> 4826601 | D31: =ANÁLISIS!D33 -> PLOMADA DE CONSTRUCCIÓN COMPLETA | E31: =ANÁLISIS!E33 -> UN | F31: =ANÁLISIS!F33 -> 0 | G31: =ANÁLISIS!G33 -> 1 | H31: =ANÁLISIS!H33 -> 27111804 | I31: =ANÁLISIS!I33 -> 1596693 | J31: =ANÁLISIS!J33 -> SIN CREAR | K31: =ANÁLISIS!G33 -> 1 | L31: =SUM(O31,Q31,S31,U31,W31,Y31,AA31,AC31,AE31,AG31,AI31,AK31,AM31,AO31,AQ31,AS31,AU31) -> 0 | M31: =ANÁLISIS!AF33 -> 68698.124 | N31: =L31*M31 -> 0 | P31: =$M31*O31 -> 0 | R31: =$M31*Q31 -> 0 | T31: =$M31*S31 -> 0 | V31: =$M31*U31 -> 0 | X31: =$M31*W31 -> 0 | Z31: =$M31*Y31 -> 0 | AB31: =$M31*AA31 -> 0 | AD31: =$M31*AC31 -> 0 | AF31: =$M31*AE31 -> 0 | AH31: =$M31*AG31 -> 0 | AJ31: =$M31*AI31 -> 0 | AL31: =$M31*AK31 -> 0 | AN31: =$M31*AM31 -> 0 | AP31: =$M31*AO31 -> 0 | AR31: =$M31*AQ31 -> 0 | AT31: =$M31*AS31 -> 0 | AV31: =$M31*AU31 -> 0
B32: =ANÁLISIS!B34 -> 21 | C32: =ANÁLISIS!C34 -> 4826601 | D32: =ANÁLISIS!D34 -> CIMBRA DE 30 METROS PARA CONSTRUCCIÓN | E32: =ANÁLISIS!E34 -> UN | F32: =ANÁLISIS!F34 -> 0 | G32: =ANÁLISIS!G34 -> 1 | H32: =ANÁLISIS!H34 -> 27112300 | I32: =ANÁLISIS!I34 -> 1088518 | J32: =ANÁLISIS!J34 -> SIN CREAR | K32: =ANÁLISIS!G34 -> 1 | L32: =SUM(O32,Q32,S32,U32,W32,Y32,AA32,AC32,AE32,AG32,AI32,AK32,AM32,AO32,AQ32,AS32,AU32) -> 0 | M32: =ANÁLISIS!AF34 -> 72953.76 | N32: =L32*M32 -> 0 | P32: =$M32*O32 -> 0 | R32: =$M32*Q32 -> 0 | T32: =$M32*S32 -> 0 | V32: =$M32*U32 -> 0 | X32: =$M32*W32 -> 0 | Z32: =$M32*Y32 -> 0 | AB32: =$M32*AA32 -> 0 | AD32: =$M32*AC32 -> 0 | AF32: =$M32*AE32 -> 0 | AH32: =$M32*AG32 -> 0 | AJ32: =$M32*AI32 -> 0 | AL32: =$M32*AK32 -> 0 | AN32: =$M32*AM32 -> 0 | AP32: =$M32*AO32 -> 0 | AR32: =$M32*AQ32 -> 0 | AT32: =$M32*AS32 -> 0 | AV32: =$M32*AU32 -> 0
B33: VALOR TOTAL NECESIDAD | O33: =SUM(P29:P32) -> 0 | Q33: =SUM(R29:R32) -> 0 | S33: =SUM(T29:T32) -> 0 | U33: =SUM(V29:V32) -> 0 | W33: =SUM(X29:X32) -> 0 | Y33: =SUM(Z29:Z32) -> 0 | AA33: =SUM(AB29:AB32) -> 0 | AC33: =SUM(AD29:AD32) -> 0 | AE33: =SUM(AF29:AF32) -> 0 | AG33: =SUM(AH29:AH32) -> 0 | AI33: =SUM(AJ29:AJ32) -> 0 | AK33: =SUM(AL29:AL32) -> 0 | AM33: =SUM(AN29:AN32) -> 0 | AO33: =SUM(AP29:AP32) -> 0 | AQ33: =SUM(AR29:AR32) -> 0 | AS33: =SUM(AT29:AT32) -> 0 | AU33: =SUM(AV29:AV32) -> 0
B34: PRESUPUESTO ASIGNADO | O34: 456312 | Q34: 456312 | S34: 456312 | U34: 456312 | W34: 456312 | Y34: 456312 | AA34: 456312 | AC34: 456312 | AE34: 456312 | AG34: 456312 | AI34: 456312 | AK34: 456312 | AM34: 456312 | AO34: 456312 | AQ34: 456312 | AS34: 456312 | AU34: 456312 | AW34: =SUM(O34:AV34) -> 7757304
B35: SALDO | O35: =O34-O33 -> 456312 | Q35: =Q34-Q33 -> 456312 | S35: =S34-S33 -> 456312 | U35: =U34-U33 -> 456312 | W35: =W34-W33 -> 456312 | Y35: =Y34-Y33 -> 456312 | AA35: =AA34-AA33 -> 456312 | AC35: =AC34-AC33 -> 456312 | AE35: =AE34-AE33 -> 456312 | AG35: =AG34-AG33 -> 456312 | AI35: =AI34-AI33 -> 456312 | AK35: =AK34-AK33 -> 456312 | AM35: =AM34-AM33 -> 456312 | AO35: =AO34-AO33 -> 456312 | AQ35: =AQ34-AQ33 -> 456312 | AS35: =AS34-AS33 -> 456312 | AU35: =AU34-AU33 -> 456312 | AW35: =SUM(O35:AV35) -> 7757304
B37: =ANÁLISIS!B37 -> A-02-02-01-002-007 ARTÍCULOS TEXTILES (EXCEPTO PRENDAS DE VESTIR)
B38: ÍTEM | C38: CÓDIGO DANE | D38: DESCRIPCIÓN DEL BIEN Y/O SERVICIO | E38: UNIDAD MEDIDA | F38: EXISTENCIAS (STOCK - INVENTARIOS) | G38: NECESIDAD | H38: UNSPSC (CCE) | I38: CÓDIGO MATERIAL SAP (OPCIONAL) | J38: CÓDIGO OTAN - NOC (OPCIONAL) | K38: NECESIDAD TOTAL | L38: MÍNIMAS | M38: PRECIO DE REFERENCIA | N38: VALOR TOTAL | O38: BAABS3 | Q38: BAACA10 | S38: BAACA2 | U38: BAADA1 | W38: BACAC | Y38: BAEEV3 | AA38: BAMMA | AC38: BAS10 | AE38: BASAC | AG38: BATAC | AI38: BICAR | AK38: BIMOC | AM38: BITER10 | AO38: BMMA1 | AQ38: BR10 | AS38: GMMAT | AU38: GMRON
O39: M | P39: VALOR TOTAL NECESIDAD | Q39: M | R39: VALOR TOTAL NECESIDAD | S39: M | T39: VALOR TOTAL NECESIDAD | U39: M | V39: VALOR TOTAL NECESIDAD | W39: M | X39: VALOR TOTAL NECESIDAD | Y39: M | Z39: VALOR TOTAL NECESIDAD | AA39: M | AB39: VALOR TOTAL NECESIDAD | AC39: M | AD39: VALOR TOTAL NECESIDAD | AE39: M | AF39: VALOR TOTAL NECESIDAD | AG39: M | AH39: VALOR TOTAL NECESIDAD | AI39: M | AJ39: VALOR TOTAL NECESIDAD | AK39: M | AL39: VALOR TOTAL NECESIDAD | AM39: M | AN39: VALOR TOTAL NECESIDAD | AO39: M | AP39: VALOR TOTAL NECESIDAD | AQ39: M | AR39: VALOR TOTAL NECESIDAD | AS39: M | AT39: VALOR TOTAL NECESIDAD | AU39: M | AV39: VALOR TOTAL NECESIDAD
B40: =ANÁLISIS!B40 -> 22 | C40: =ANÁLISIS!C40 -> 2732008 | D40: =ANÁLISIS!D40 -> ESLINGA RESTRICCIÓN EN Y CON ABSOLVEDOR | E40: =ANÁLISIS!E40 -> UN | F40: =ANÁLISIS!F40 -> 0 | G40: =ANÁLISIS!G40 -> 1 | H40: =ANÁLISIS!H40 -> 24101611 | I40: =ANÁLISIS!I40 -> 1331221 | J40: =ANÁLISIS!J40 -> SIN CREAR | K40: =ANÁLISIS!G40 -> 1 | L40: =SUM(O40,Q40,S40,U40,W40,Y40,AA40,AC40,AE40,AG40,AI40,AK40,AM40,AO40,AQ40,AS40,AU40) -> 0 | M40: =ANÁLISIS!AF40 -> 741493.91 | N40: =L40*M40 -> 0 | P40: =$M40*O40 -> 0 | R40: =$M40*Q40 -> 0 | T40: =$M40*S40 -> 0 | V40: =$M40*U40 -> 0 | X40: =$M40*W40 -> 0 | Z40: =$M40*Y40 -> 0 | AB40: =$M40*AA40 -> 0 | AD40: =$M40*AC40 -> 0 | AF40: =$M40*AE40 -> 0 | AH40: =$M40*AG40 -> 0 | AJ40: =$M40*AI40 -> 0 | AL40: =$M40*AK40 -> 0 | AN40: =$M40*AM40 -> 0 | AP40: =$M40*AO40 -> 0 | AR40: =$M40*AQ40 -> 0 | AT40: =$M40*AS40 -> 0 | AV40: =$M40*AU40 -> 0
B41: =ANÁLISIS!B41 -> 23 | C41: =ANÁLISIS!C41 -> 27320 | D41: =ANÁLISIS!D41 -> SOGA 3/4" 19 MM GOLDEN X 50 ML | E41: =ANÁLISIS!E41 -> UN | F41: =ANÁLISIS!F41 -> 0 | G41: =ANÁLISIS!G41 -> 1 | H41: =ANÁLISIS!H41 -> 31151500 | I41: =ANÁLISIS!I41 -> CREAR | J41: =ANÁLISIS!J41 -> SIN CREAR | K41: =ANÁLISIS!G41 -> 1 | L41: =SUM(O41,Q41,S41,U41,W41,Y41,AA41,AC41,AE41,AG41,AI41,AK41,AM41,AO41,AQ41,AS41,AU41) -> 0 | M41: =ANÁLISIS!AF41 -> 527577.27 | N41: =L41*M41 -> 0 | P41: =$M41*O41 -> 0 | R41: =$M41*Q41 -> 0 | T41: =$M41*S41 -> 0 | V41: =$M41*U41 -> 0 | X41: =$M41*W41 -> 0 | Z41: =$M41*Y41 -> 0 | AB41: =$M41*AA41 -> 0 | AD41: =$M41*AC41 -> 0 | AF41: =$M41*AE41 -> 0 | AH41: =$M41*AG41 -> 0 | AJ41: =$M41*AI41 -> 0 | AL41: =$M41*AK41 -> 0 | AN41: =$M41*AM41 -> 0 | AP41: =$M41*AO41 -> 0 | AR41: =$M41*AQ41 -> 0 | AT41: =$M41*AS41 -> 0 | AV41: =$M41*AU41 -> 0
B42: =ANÁLISIS!B42 -> 24 | C42: =ANÁLISIS!C42 -> 27320 | D42: =ANÁLISIS!D42 -> SOGA 3/8" 10 MM GOLDEN X 50 ML | E42: =ANÁLISIS!E42 -> UN | F42: =ANÁLISIS!F42 -> 0 | G42: =ANÁLISIS!G42 -> 1 | H42: =ANÁLISIS!H42 -> 31151500 | I42: =ANÁLISIS!I42 -> 1589740 | J42: =ANÁLISIS!J42 -> SIN CREAR | K42: =ANÁLISIS!G42 -> 1 | L42: =SUM(O42,Q42,S42,U42,W42,Y42,AA42,AC42,AE42,AG42,AI42,AK42,AM42,AO42,AQ42,AS42,AU42) -> 0 | M42: =ANÁLISIS!AF42 -> 527577.27 | N42: =L42*M42 -> 0 | P42: =$M42*O42 -> 0 | R42: =$M42*Q42 -> 0 | T42: =$M42*S42 -> 0 | V42: =$M42*U42 -> 0 | X42: =$M42*W42 -> 0 | Z42: =$M42*Y42 -> 0 | AB42: =$M42*AA42 -> 0 | AD42: =$M42*AC42 -> 0 | AF42: =$M42*AE42 -> 0 | AH42: =$M42*AG42 -> 0 | AJ42: =$M42*AI42 -> 0 | AL42: =$M42*AK42 -> 0 | AN42: =$M42*AM42 -> 0 | AP42: =$M42*AO42 -> 0 | AR42: =$M42*AQ42 -> 0 | AT42: =$M42*AS42 -> 0 | AV42: =$M42*AU42 -> 0
B43: =ANÁLISIS!B43 -> 25 | C43: =ANÁLISIS!C43 -> 27190 | D43: =ANÁLISIS!D43 -> CINTURÓN DE HERRAMIENTAS CON BOLSILLOS | E43: =ANÁLISIS!E43 -> UN | F43: =ANÁLISIS!F43 -> 0 | G43: =ANÁLISIS!G43 -> 1 | H43: =ANÁLISIS!H43 -> 24112403 | I43: =ANÁLISIS!I43 -> 1109319 | J43: =ANÁLISIS!J43 -> SIN CREAR | K43: =ANÁLISIS!G43 -> 1 | L43: =SUM(O43,Q43,S43,U43,W43,Y43,AA43,AC43,AE43,AG43,AI43,AK43,AM43,AO43,AQ43,AS43,AU43) -> 0 | M43: =ANÁLISIS!AF43 -> 202446.68 | N43: =L43*M43 -> 0 | P43: =$M43*O43 -> 0 | R43: =$M43*Q43 -> 0 | T43: =$M43*S43 -> 0 | V43: =$M43*U43 -> 0 | X43: =$M43*W43 -> 0 | Z43: =$M43*Y43 -> 0 | AB43: =$M43*AA43 -> 0 | AD43: =$M43*AC43 -> 0 | AF43: =$M43*AE43 -> 0 | AH43: =$M43*AG43 -> 0 | AJ43: =$M43*AI43 -> 0 | AL43: =$M43*AK43 -> 0 | AN43: =$M43*AM43 -> 0 | AP43: =$M43*AO43 -> 0 | AR43: =$M43*AQ43 -> 0 | AT43: =$M43*AS43 -> 0 | AV43: =$M43*AU43 -> 0
B44: VALOR TOTAL NECESIDAD | O44: =SUM(P40:P43) -> 0 | Q44: =SUM(R40:R43) -> 0 | S44: =SUM(T40:T43) -> 0 | U44: =SUM(V40:V43) -> 0 | W44: =SUM(X40:X43) -> 0 | Y44: =SUM(Z40:Z43) -> 0 | AA44: =SUM(AB40:AB43) -> 0 | AC44: =SUM(AD40:AD43) -> 0 | AE44: =SUM(AF40:AF43) -> 0 | AG44: =SUM(AH40:AH43) -> 0 | AI44: =SUM(AJ40:AJ43) -> 0 | AK44: =SUM(AL40:AL43) -> 0 | AM44: =SUM(AN40:AN43) -> 0 | AO44: =SUM(AP40:AP43) -> 0 | AQ44: =SUM(AR40:AR43) -> 0 | AS44: =SUM(AT40:AT43) -> 0 | AU44: =SUM(AV40:AV43) -> 0
B45: PRESUPUESTO ASIGNADO | O45: 216816 | Q45: 216816 | S45: 216816 | U45: 216816 | W45: 216816 | Y45: 216816 | AA45: 216816 | AC45: 216816 | AE45: 216816 | AG45: 216816 | AI45: 216816 | AK45: 216816 | AM45: 216816 | AO45: 216816 | AQ45: 216816 | AS45: 216816 | AU45: 216816 | AW45: =SUM(O45:AV45) -> 3685872
B46: SALDO | O46: =O45-O44 -> 216816 | Q46: =Q45-Q44 -> 216816 | S46: =S45-S44 -> 216816 | U46: =U45-U44 -> 216816 | W46: =W45-W44 -> 216816 | Y46: =Y45-Y44 -> 216816 | AA46: =AA45-AA44 -> 216816 | AC46: =AC45-AC44 -> 216816 | AE46: =AE45-AE44 -> 216816 | AG46: =AG45-AG44 -> 216816 | AI46: =AI45-AI44 -> 216816 | AK46: =AK45-AK44 -> 216816 | AM46: =AM45-AM44 -> 216816 | AO46: =AO45-AO44 -> 216816 | AQ46: =AQ45-AQ44 -> 216816 | AS46: =AS45-AS44 -> 216816 | AU46: =AU45-AU44 -> 216816 | AW46: =SUM(O46:AV46) -> 3685872
B48: =ANÁLISIS!B46 -> A-02-02-01-004-006 MAQUINARIA Y APARATOS ELÉCTRICOS
B49: ÍTEM | C49: CÓDIGO DANE | D49: DESCRIPCIÓN DEL BIEN Y/O SERVICIO | E49: UNIDAD MEDIDA | F49: EXISTENCIAS (STOCK - INVENTARIOS) | G49: NECESIDAD | H49: UNSPSC (CCE) | I49: CÓDIGO MATERIAL SAP (OPCIONAL) | J49: CÓDIGO OTAN - NOC (OPCIONAL) | K49: NECESIDAD TOTAL | L49: MÍNIMAS | M49: PRECIO DE REFERENCIA | N49: VALOR TOTAL | O49: BAABS3 | Q49: BAACA10 | S49: BAACA2 | U49: BAADA1 | W49: BACAC | Y49: BAEEV3 | AA49: BAMMA | AC49: BAS10 | AE49: BASAC | AG49: BATAC | AI49: BICAR | AK49: BIMOC | AM49: BITER10 | AO49: BMMA1 | AQ49: BR10 | AS49: GMMAT | AU49: GMRON
O50: M | P50: VALOR TOTAL NECESIDAD | Q50: M | R50: VALOR TOTAL NECESIDAD | S50: M | T50: VALOR TOTAL NECESIDAD | U50: M | V50: VALOR TOTAL NECESIDAD | W50: M | X50: VALOR TOTAL NECESIDAD | Y50: M | Z50: VALOR TOTAL NECESIDAD | AA50: M | AB50: VALOR TOTAL NECESIDAD | AC50: M | AD50: VALOR TOTAL NECESIDAD | AE50: M | AF50: VALOR TOTAL NECESIDAD | AG50: M | AH50: VALOR TOTAL NECESIDAD | AI50: M | AJ50: VALOR TOTAL NECESIDAD | AK50: M | AL50: VALOR TOTAL NECESIDAD | AM50: M | AN50: VALOR TOTAL NECESIDAD | AO50: M | AP50: VALOR TOTAL NECESIDAD | AQ50: M | AR50: VALOR TOTAL NECESIDAD | AS50: M | AT50: VALOR TOTAL NECESIDAD | AU50: M | AV50: VALOR TOTAL NECESIDAD
B51: =ANÁLISIS!B49 -> 26 | C51: =ANÁLISIS!C49 -> 46350 | D51: =ANÁLISIS!D49 -> DETECTOR DE AUSENCIA DE TENSIÓN 240 - 275.000 VAC MARCA SEW | E51: =ANÁLISIS!E49 -> UN | F51: =ANÁLISIS!F49 -> 0 | G51: =ANÁLISIS!G49 -> 1 | H51: =ANÁLISIS!H49 -> 41113669 | I51: =ANÁLISIS!I49 -> CREAR | J51: =ANÁLISIS!J49 -> SIN CREAR | K51: =ANÁLISIS!G49 -> 1 | L51: =SUM(O51,Q51,S51,U51,W51,Y51,AA51,AC51,AE51,AG51,AI51,AK51,AM51,AO51,AQ51,AS51,AU51) -> 0 | M51: =ANÁLISIS!AF49 -> 4554543.8 | N51: =L51*M51 -> 0 | P51: =$M51*O51 -> 0 | R51: =$M51*Q51 -> 0 | T51: =$M51*S51 -> 0 | V51: =$M51*U51 -> 0 | X51: =$M51*W51 -> 0 | Z51: =$M51*Y51 -> 0 | AB51: =$M51*AA51 -> 0 | AD51: =$M51*AC51 -> 0 | AF51: =$M51*AE51 -> 0 | AH51: =$M51*AG51 -> 0 | AJ51: =$M51*AI51 -> 0 | AL51: =$M51*AK51 -> 0 | AN51: =$M51*AM51 -> 0 | AP51: =$M51*AO51 -> 0 | AR51: =$M51*AQ51 -> 0 | AT51: =$M51*AS51 -> 0 | AV51: =$M51*AU51 -> 0
B52: =ANÁLISIS!B50 -> 27 | C52: =ANÁLISIS!C50 -> 46350 | D52: =ANÁLISIS!D50 -> DETECTOR DE VOLTAJE SIN CONTACTO 90V - 1000V | E52: =ANÁLISIS!E50 -> UN | F52: =ANÁLISIS!F50 -> 0 | G52: =ANÁLISIS!G50 -> 1 | H52: =ANÁLISIS!H50 -> 41113669 | I52: =ANÁLISIS!I50 -> 1378218 | J52: =ANÁLISIS!J50 -> SIN CREAR | K52: =ANÁLISIS!G50 -> 1 | L52: =SUM(O52,Q52,S52,U52,W52,Y52,AA52,AC52,AE52,AG52,AI52,AK52,AM52,AO52,AQ52,AS52,AU52) -> 0 | M52: =ANÁLISIS!AF50 -> 532947.48 | N52: =L52*M52 -> 0 | P52: =$M52*O52 -> 0 | R52: =$M52*Q52 -> 0 | T52: =$M52*S52 -> 0 | V52: =$M52*U52 -> 0 | X52: =$M52*W52 -> 0 | Z52: =$M52*Y52 -> 0 | AB52: =$M52*AA52 -> 0 | AD52: =$M52*AC52 -> 0 | AF52: =$M52*AE52 -> 0 | AH52: =$M52*AG52 -> 0 | AJ52: =$M52*AI52 -> 0 | AL52: =$M52*AK52 -> 0 | AN52: =$M52*AM52 -> 0 | AP52: =$M52*AO52 -> 0 | AR52: =$M52*AQ52 -> 0 | AT52: =$M52*AS52 -> 0 | AV52: =$M52*AU52 -> 0
B53: =ANÁLISIS!B51 -> 28 | C53: =ANÁLISIS!C51 -> 4621208 | D53: =ANÁLISIS!D51 -> EXTENSIÓN ELÉCTRICA COMPLETA, EN CABLE ENCAUCHETADO 3X10 AWG NEGRO X 25 M | E53: =ANÁLISIS!E51 -> UN | F53: =ANÁLISIS!F51 -> 0 | G53: =ANÁLISIS!G51 -> 1 | H53: =ANÁLISIS!H51 -> 26121600 | I53: =ANÁLISIS!I51 -> 1321079 | J53: =ANÁLISIS!J51 -> SIN CREAR | K53: =ANÁLISIS!G51 -> 1 | L53: =SUM(O53,Q53,S53,U53,W53,Y53,AA53,AC53,AE53,AG53,AI53,AK53,AM53,AO53,AQ53,AS53,AU53) -> 0 | M53: =ANÁLISIS!AF51 -> 505569.56 | N53: =L53*M53 -> 0 | P53: =$M53*O53 -> 0 | R53: =$M53*Q53 -> 0 | T53: =$M53*S53 -> 0 | V53: =$M53*U53 -> 0 | X53: =$M53*W53 -> 0 | Z53: =$M53*Y53 -> 0 | AB53: =$M53*AA53 -> 0 | AD53: =$M53*AC53 -> 0 | AF53: =$M53*AE53 -> 0 | AH53: =$M53*AG53 -> 0 | AJ53: =$M53*AI53 -> 0 | AL53: =$M53*AK53 -> 0 | AN53: =$M53*AM53 -> 0 | AP53: =$M53*AO53 -> 0 | AR53: =$M53*AQ53 -> 0 | AT53: =$M53*AS53 -> 0 | AV53: =$M53*AU53 -> 0
B54: =ANÁLISIS!B52 -> 29 | C54: =ANÁLISIS!C52 -> 4621208 | D54: =ANÁLISIS!D52 -> EXTENSIÓN ELÉCTRICA COMPLETA, EN CABLE ENCAUCHETADO 3X10 AWG NEGRO X 50 M | E54: =ANÁLISIS!E52 -> UN | F54: =ANÁLISIS!F52 -> 0 | G54: =ANÁLISIS!G52 -> 1 | H54: =ANÁLISIS!H52 -> 26121600 | I54: =ANÁLISIS!I52 -> CREAR | J54: =ANÁLISIS!J52 -> SIN CREAR | K54: =ANÁLISIS!G52 -> 1 | L54: =SUM(O54,Q54,S54,U54,W54,Y54,AA54,AC54,AE54,AG54,AI54,AK54,AM54,AO54,AQ54,AS54,AU54) -> 0 | M54: =ANÁLISIS!AF52 -> 830578.56 | N54: =L54*M54 -> 0 | P54: =$M54*O54 -> 0 | R54: =$M54*Q54 -> 0 | T54: =$M54*S54 -> 0 | V54: =$M54*U54 -> 0 | X54: =$M54*W54 -> 0 | Z54: =$M54*Y54 -> 0 | AB54: =$M54*AA54 -> 0 | AD54: =$M54*AC54 -> 0 | AF54: =$M54*AE54 -> 0 | AH54: =$M54*AG54 -> 0 | AJ54: =$M54*AI54 -> 0 | AL54: =$M54*AK54 -> 0 | AN54: =$M54*AM54 -> 0 | AP54: =$M54*AO54 -> 0 | AR54: =$M54*AQ54 -> 0 | AT54: =$M54*AS54 -> 0 | AV54: =$M54*AU54 -> 0
B55: =ANÁLISIS!B53 -> 30 | C55: =ANÁLISIS!C53 -> 4693998 | D55: =ANÁLISIS!D53 -> PULIDORA 7": MOTOR DE 2,200 W, MONTADO SOBRE BALERO DE BOLAS PARA MAYOR VIDA ÚTIL Y MEJOR DESEMPEÑO INTERRUPTOR CON FUNCIÓN DE USO CONTINUO MANGO AUXILIAR AJUSTABLE A 3 POSICIONES PARA MAYOR CONTROL. | E55: =ANÁLISIS!E53 -> UN | F55: =ANÁLISIS!F53 -> 0 | G55: =ANÁLISIS!G53 -> 1 | H55: =ANÁLISIS!H53 -> 23101510 | I55: =ANÁLISIS!I53 -> 1706783 | J55: =ANÁLISIS!J53 -> SIN CREAR | K55: =ANÁLISIS!G53 -> 1 | L55: =SUM(O55,Q55,S55,U55,W55,Y55,AA55,AC55,AE55,AG55,AI55,AK55,AM55,AO55,AQ55,AS55,AU55) -> 0 | M55: =ANÁLISIS!AF53 -> 1564250.2 | N55: =L55*M55 -> 0 | P55: =$M55*O55 -> 0 | R55: =$M55*Q55 -> 0 | T55: =$M55*S55 -> 0 | V55: =$M55*U55 -> 0 | X55: =$M55*W55 -> 0 | Z55: =$M55*Y55 -> 0 | AB55: =$M55*AA55 -> 0 | AD55: =$M55*AC55 -> 0 | AF55: =$M55*AE55 -> 0 | AH55: =$M55*AG55 -> 0 | AJ55: =$M55*AI55 -> 0 | AL55: =$M55*AK55 -> 0 | AN55: =$M55*AM55 -> 0 | AP55: =$M55*AO55 -> 0 | AR55: =$M55*AQ55 -> 0 | AT55: =$M55*AS55 -> 0 | AV55: =$M55*AU55 -> 0
B56: =ANÁLISIS!B54 -> 31 | C56: =ANÁLISIS!C54 -> 4693998 | D56: =ANÁLISIS!D54 -> TALADRO PERCUTOR 1/2-PULG 800W 2600RPM VVR. CARACTERÍSTICAS: TALADRO PERCUTOR DE 1/2-PULG (13 MM) CON VELOCIDAD VARIABLE Y REVERSIBLE. VELOCIDAD VARIABLE REVERSIBLE PARA TODO TIPO DE APLICACIONES Y PARA MEJOR CONTROL EN APLICACIONES DE ATORNILLADO. | E56: =ANÁLISIS!E54 -> UN | F56: =ANÁLISIS!F54 -> 0 | G56: =ANÁLISIS!G54 -> 1 | H56: =ANÁLISIS!H54 -> 23101502 | I56: =ANÁLISIS!I54 -> 1276928 | J56: =ANÁLISIS!J54 -> SIN CREAR | K56: =ANÁLISIS!G54 -> 1 | L56: =SUM(O56,Q56,S56,U56,W56,Y56,AA56,AC56,AE56,AG56,AI56,AK56,AM56,AO56,AQ56,AS56,AU56) -> 0 | M56: =ANÁLISIS!AF54 -> 1551262.4 | N56: =L56*M56 -> 0 | P56: =$M56*O56 -> 0 | R56: =$M56*Q56 -> 0 | T56: =$M56*S56 -> 0 | V56: =$M56*U56 -> 0 | X56: =$M56*W56 -> 0 | Z56: =$M56*Y56 -> 0 | AB56: =$M56*AA56 -> 0 | AD56: =$M56*AC56 -> 0 | AF56: =$M56*AE56 -> 0 | AH56: =$M56*AG56 -> 0 | AJ56: =$M56*AI56 -> 0 | AL56: =$M56*AK56 -> 0 | AN56: =$M56*AM56 -> 0 | AP56: =$M56*AO56 -> 0 | AR56: =$M56*AQ56 -> 0 | AT56: =$M56*AS56 -> 0 | AV56: =$M56*AU56 -> 0
B57: VALOR TOTAL NECESIDAD | O57: =SUM(P51:P56) -> 0 | Q57: =SUM(R51:R56) -> 0 | S57: =SUM(T51:T56) -> 0 | U57: =SUM(V51:V56) -> 0 | W57: =SUM(X51:X56) -> 0 | Y57: =SUM(Z51:Z56) -> 0 | AA57: =SUM(AB51:AB56) -> 0 | AC57: =SUM(AD51:AD56) -> 0 | AE57: =SUM(AF51:AF56) -> 0 | AG57: =SUM(AH51:AH56) -> 0 | AI57: =SUM(AJ51:AJ56) -> 0 | AK57: =SUM(AL51:AL56) -> 0 | AM57: =SUM(AN51:AN56) -> 0 | AO57: =SUM(AP51:AP56) -> 0 | AQ57: =SUM(AR51:AR56) -> 0 | AS57: =SUM(AT51:AT56) -> 0 | AU57: =SUM(AV51:AV56) -> 0
B58: PRESUPUESTO ASIGNADO | O58: 396276 | Q58: 396276 | S58: 396276 | U58: 396276 | W58: 396276 | Y58: 396276 | AA58: 396276 | AC58: 396276 | AE58: 396276 | AG58: 396276 | AI58: 396276 | AK58: 396276 | AM58: 396276 | AO58: 396276 | AQ58: 396276 | AS58: 396276 | AU58: 396276 | AW58: =SUM(O58:AV58) -> 6736692
B59: SALDO | O59: =O58-O57 -> 396276 | Q59: =Q58-Q57 -> 396276 | S59: =S58-S57 -> 396276 | U59: =U58-U57 -> 396276 | W59: =W58-W57 -> 396276 | Y59: =Y58-Y57 -> 396276 | AA59: =AA58-AA57 -> 396276 | AC59: =AC58-AC57 -> 396276 | AE59: =AE58-AE57 -> 396276 | AG59: =AG58-AG57 -> 396276 | AI59: =AI58-AI57 -> 396276 | AK59: =AK58-AK57 -> 396276 | AM59: =AM58-AM57 -> 396276 | AO59: =AO58-AO57 -> 396276 | AQ59: =AQ58-AQ57 -> 396276 | AS59: =AS58-AS57 -> 396276 | AU59: =AU58-AU57 -> 396276 | AW59: =SUM(O59:AV59) -> 6736692
B61: =ANÁLISIS!B57 -> A-02-02-01-003-008 OTROS BIENES TRANSPORTABLES NCP
B62: ÍTEM | C62: CÓDIGO DANE | D62: DESCRIPCIÓN DEL BIEN Y/O SERVICIO | E62: UNIDAD MEDIDA | F62: EXISTENCIAS (STOCK - INVENTARIOS) | G62: NECESIDAD | H62: UNSPSC (CCE) | I62: CÓDIGO MATERIAL SAP (OPCIONAL) | J62: CÓDIGO OTAN - NOC (OPCIONAL) | K62: NECESIDAD TOTAL | L62: MÍNIMAS | M62: PRECIO DE REFERENCIA | N62: VALOR TOTAL | O62: BAABS3 | Q62: BAACA10 | S62: BAACA2 | U62: BAADA1 | W62: BACAC | Y62: BAEEV3 | AA62: BAMMA | AC62: BAS10 | AE62: BASAC | AG62: BATAC | AI62: BICAR | AK62: BIMOC | AM62: BITER10 | AO62: BMMA1 | AQ62: BR10 | AS62: GMMAT | AU62: GMRON
O63: M | P63: VALOR TOTAL NECESIDAD | Q63: M | R63: VALOR TOTAL NECESIDAD | S63: M | T63: VALOR TOTAL NECESIDAD | U63: M | V63: VALOR TOTAL NECESIDAD | W63: M | X63: VALOR TOTAL NECESIDAD | Y63: M | Z63: VALOR TOTAL NECESIDAD | AA63: M | AB63: VALOR TOTAL NECESIDAD | AC63: M | AD63: VALOR TOTAL NECESIDAD | AE63: M | AF63: VALOR TOTAL NECESIDAD | AG63: M | AH63: VALOR TOTAL NECESIDAD | AI63: M | AJ63: VALOR TOTAL NECESIDAD | AK63: M | AL63: VALOR TOTAL NECESIDAD | AM63: M | AN63: VALOR TOTAL NECESIDAD | AO63: M | AP63: VALOR TOTAL NECESIDAD | AQ63: M | AR63: VALOR TOTAL NECESIDAD | AS63: M | AT63: VALOR TOTAL NECESIDAD | AU63: M | AV63: VALOR TOTAL NECESIDAD
B64: =ANÁLISIS!B60 -> 32 | C64: =ANÁLISIS!C60 -> 3899310 | D64: =ANÁLISIS!D60 -> BROCHA PARA USOS GENERALES MANGO PLÁSTICO DE 2” | E64: =ANÁLISIS!E60 -> UN | F64: =ANÁLISIS!F60 -> 0 | G64: =ANÁLISIS!G60 -> 1 | H64: =ANÁLISIS!H60 -> 31211904 | I64: =ANÁLISIS!I60 -> 1400641 | J64: =ANÁLISIS!J60 -> SIN CREAR | K64: =ANÁLISIS!G70 -> 1 | L64: =SUM(O64,Q64,S64,U64,W64,Y64,AA64,AC64,AE64,AG64,AI64,AK64,AM64,AO64,AQ64,AS64,AU64) -> 0 | M64: =ANÁLISIS!AF70 -> 84099.473 | N64: =L64*M64 -> 0 | P64: =$M64*O64 -> 0 | R64: =$M64*Q64 -> 0 | T64: =$M64*S64 -> 0 | V64: =$M64*U64 -> 0 | X64: =$M64*W64 -> 0 | Z64: =$M64*Y64 -> 0 | AB64: =$M64*AA64 -> 0 | AD64: =$M64*AC64 -> 0 | AF64: =$M64*AE64 -> 0 | AH64: =$M64*AG64 -> 0 | AJ64: =$M64*AI64 -> 0 | AL64: =$M64*AK64 -> 0 | AN64: =$M64*AM64 -> 0 | AP64: =$M64*AO64 -> 0 | AR64: =$M64*AQ64 -> 0 | AT64: =$M64*AS64 -> 0 | AV64: =$M64*AU64 -> 0
B65: =ANÁLISIS!B61 -> 33 | C65: =ANÁLISIS!C61 -> 3899310 | D65: =ANÁLISIS!D61 -> BROCHA PARA USOS GENERALES MANGO PLÁSTICO DE 4” | E65: =ANÁLISIS!E61 -> UN | F65: =ANÁLISIS!F61 -> 0 | G65: =ANÁLISIS!G61 -> 1 | H65: =ANÁLISIS!H61 -> 31211904 | I65: =ANÁLISIS!I61 -> 1400051 | J65: =ANÁLISIS!J61 -> SIN CREAR | K65: =ANÁLISIS!G71 -> 1 | L65: =SUM(O65,Q65,S65,U65,W65,Y65,AA65,AC65,AE65,AG65,AI65,AK65,AM65,AO65,AQ65,AS65,AU65) -> 0 | M65: =ANÁLISIS!AF71 -> 386654.93 | N65: =L65*M65 -> 0 | P65: =$M65*O65 -> 0 | R65: =$M65*Q65 -> 0 | T65: =$M65*S65 -> 0 | V65: =$M65*U65 -> 0 | X65: =$M65*W65 -> 0 | Z65: =$M65*Y65 -> 0 | AB65: =$M65*AA65 -> 0 | AD65: =$M65*AC65 -> 0 | AF65: =$M65*AE65 -> 0 | AH65: =$M65*AG65 -> 0 | AJ65: =$M65*AI65 -> 0 | AL65: =$M65*AK65 -> 0 | AN65: =$M65*AM65 -> 0 | AP65: =$M65*AO65 -> 0 | AR65: =$M65*AQ65 -> 0 | AT65: =$M65*AS65 -> 0 | AV65: =$M65*AU65 -> 0
B66: =ANÁLISIS!B62 -> 34 | C66: =ANÁLISIS!C62 -> 3899310 | D66: =ANÁLISIS!D62 -> BROCHA PROFESIONAL MANGO PLÁSTICO DE 6” | E66: =ANÁLISIS!E62 -> UN | F66: =ANÁLISIS!F62 -> 0 | G66: =ANÁLISIS!G62 -> 1 | H66: =ANÁLISIS!H62 -> 31211904 | I66: =ANÁLISIS!I62 -> 1302063 | J66: =ANÁLISIS!J62 -> SIN CREAR | K66: =ANÁLISIS!G72 -> 1 | L66: =SUM(O66,Q66,S66,U66,W66,Y66,AA66,AC66,AE66,AG66,AI66,AK66,AM66,AO66,AQ66,AS66,AU66) -> 0 | M66: =ANÁLISIS!AF72 -> 607745.35 | N66: =L66*M66 -> 0 | P66: =$M66*O66 -> 0 | R66: =$M66*Q66 -> 0 | T66: =$M66*S66 -> 0 | V66: =$M66*U66 -> 0 | X66: =$M66*W66 -> 0 | Z66: =$M66*Y66 -> 0 | AB66: =$M66*AA66 -> 0 | AD66: =$M66*AC66 -> 0 | AF66: =$M66*AE66 -> 0 | AH66: =$M66*AG66 -> 0 | AJ66: =$M66*AI66 -> 0 | AL66: =$M66*AK66 -> 0 | AN66: =$M66*AM66 -> 0 | AP66: =$M66*AO66 -> 0 | AR66: =$M66*AQ66 -> 0 | AT66: =$M66*AS66 -> 0 | AV66: =$M66*AU66 -> 0
B67: =ANÁLISIS!B63 -> 35 | C67: =ANÁLISIS!C63 -> 3899311 | D67: =ANÁLISIS!D63 -> RODILLO FELPA PROFESIONAL 9" | E67: =ANÁLISIS!E63 -> UN | F67: =ANÁLISIS!F63 -> 0 | G67: =ANÁLISIS!G63 -> 1 | H67: =ANÁLISIS!H63 -> 31211906 | I67: =ANÁLISIS!I63 -> 1118063 | J67: =ANÁLISIS!J63 -> SIN CREAR | K67: =ANÁLISIS!G73 -> 1 | L67: =SUM(O67,Q67,S67,U67,W67,Y67,AA67,AC67,AE67,AG67,AI67,AK67,AM67,AO67,AQ67,AS67,AU67) -> 0 | M67: =ANÁLISIS!AF73 -> 478455.08 | N67: =L67*M67 -> 0 | P67: =$M67*O67 -> 0 | R67: =$M67*Q67 -> 0 | T67: =$M67*S67 -> 0 | V67: =$M67*U67 -> 0 | X67: =$M67*W67 -> 0 | Z67: =$M67*Y67 -> 0 | AB67: =$M67*AA67 -> 0 | AD67: =$M67*AC67 -> 0 | AF67: =$M67*AE67 -> 0 | AH67: =$M67*AG67 -> 0 | AJ67: =$M67*AI67 -> 0 | AL67: =$M67*AK67 -> 0 | AN67: =$M67*AM67 -> 0 | AP67: =$M67*AO67 -> 0 | AR67: =$M67*AQ67 -> 0 | AT67: =$M67*AS67 -> 0 | AV67: =$M67*AU67 -> 0
B68: =ANÁLISIS!B64 -> 36 | C68: =ANÁLISIS!C64 -> 3899311 | D68: =ANÁLISIS!D64 -> RODILLO JUNIOR EPÓXIDO BLANCO | E68: =ANÁLISIS!E64 -> UN | F68: =ANÁLISIS!F64 -> 0 | G68: =ANÁLISIS!G64 -> 1 | H68: =ANÁLISIS!H64 -> 31211906 | I68: =ANÁLISIS!I64 -> 1085177 | J68: =ANÁLISIS!J64 -> SIN CREAR | K68: =ANÁLISIS!G74 -> 1 | L68: =SUM(O68,Q68,S68,U68,W68,Y68,AA68,AC68,AE68,AG68,AI68,AK68,AM68,AO68,AQ68,AS68,AU68) -> 0 | M68: =ANÁLISIS!AF74 -> 289383.25 | N68: =L68*M68 -> 0 | P68: =$M68*O68 -> 0 | R68: =$M68*Q68 -> 0 | T68: =$M68*S68 -> 0 | V68: =$M68*U68 -> 0 | X68: =$M68*W68 -> 0 | Z68: =$M68*Y68 -> 0 | AB68: =$M68*AA68 -> 0 | AD68: =$M68*AC68 -> 0 | AF68: =$M68*AE68 -> 0 | AH68: =$M68*AG68 -> 0 | AJ68: =$M68*AI68 -> 0 | AL68: =$M68*AK68 -> 0 | AN68: =$M68*AM68 -> 0 | AP68: =$M68*AO68 -> 0 | AR68: =$M68*AQ68 -> 0 | AT68: =$M68*AS68 -> 0 | AV68: =$M68*AU68 -> 0
B69: VALOR TOTAL NECESIDAD | O69: =SUM(P64:P68) -> 0 | Q69: =SUM(R64:R68) -> 0 | S69: =SUM(T64:T68) -> 0 | U69: =SUM(V64:V68) -> 0 | W69: =SUM(X64:X68) -> 0 | Y69: =SUM(Z64:Z68) -> 0 | AA69: =SUM(AB64:AB68) -> 0 | AC69: =SUM(AD64:AD68) -> 0 | AE69: =SUM(AF64:AF68) -> 0 | AG69: =SUM(AH64:AH68) -> 0 | AI69: =SUM(AJ64:AJ68) -> 0 | AK69: =SUM(AL64:AL68) -> 0 | AM69: =SUM(AN64:AN68) -> 0 | AO69: =SUM(AP64:AP68) -> 0 | AQ69: =SUM(AR64:AR68) -> 0 | AS69: =SUM(AT64:AT68) -> 0 | AU69: =SUM(AV64:AV68) -> 0
B70: PRESUPUESTO ASIGNADO | O70: 396276 | Q70: 396276 | S70: 396276 | U70: 396276 | W70: 396276 | Y70: 396276 | AA70: 396276 | AC70: 396276 | AE70: 396276 | AG70: 396276 | AI70: 396276 | AK70: 396276 | AM70: 396276 | AO70: 396276 | AQ70: 396276 | AS70: 396276 | AU70: 396276 | AW70: =SUM(O70:AV70) -> 6736692
B71: SALDO | O71: =O70-O69 -> 396276 | Q71: =Q70-Q69 -> 396276 | S71: =S70-S69 -> 396276 | U71: =U70-U69 -> 396276 | W71: =W70-W69 -> 396276 | Y71: =Y70-Y69 -> 396276 | AA71: =AA70-AA69 -> 396276 | AC71: =AC70-AC69 -> 396276 | AE71: =AE70-AE69 -> 396276 | AG71: =AG70-AG69 -> 396276 | AI71: =AI70-AI69 -> 396276 | AK71: =AK70-AK69 -> 396276 | AM71: =AM70-AM69 -> 396276 | AO71: =AO70-AO69 -> 396276 | AQ71: =AQ70-AQ69 -> 396276 | AS71: =AS70-AS69 -> 396276 | AU71: =AU70-AU69 -> 396276 | AW71: =SUM(O71:AV71) -> 6736692
B73: =ANÁLISIS!B67 -> A-02-02-01-003-006 PRODUCTOS DE CAUCHO Y PLÁSTICO
B74: ÍTEM | C74: CÓDIGO DANE | D74: DESCRIPCIÓN DEL BIEN Y/O SERVICIO | E74: UNIDAD MEDIDA | F74: EXISTENCIAS (STOCK - INVENTARIOS) | G74: NECESIDAD | H74: UNSPSC (CCE) | I74: CÓDIGO MATERIAL SAP (OPCIONAL) | J74: CÓDIGO OTAN - NOC (OPCIONAL) | K74: NECESIDAD TOTAL | L74: MÍNIMAS | M74: PRECIO DE REFERENCIA | N74: VALOR TOTAL | O74: BAABS3 | Q74: BAACA10 | S74: BAACA2 | U74: BAADA1 | W74: BACAC | Y74: BAEEV3 | AA74: BAMMA | AC74: BAS10 | AE74: BASAC | AG74: BATAC | AI74: BICAR | AK74: BIMOC | AM74: BITER10 | AO74: BMMA1 | AQ74: BR10 | AS74: GMMAT | AU74: GMRON
O75: M | P75: VALOR TOTAL NECESIDAD | Q75: M | R75: VALOR TOTAL NECESIDAD | S75: M | T75: VALOR TOTAL NECESIDAD | U75: M | V75: VALOR TOTAL NECESIDAD | W75: M | X75: VALOR TOTAL NECESIDAD | Y75: M | Z75: VALOR TOTAL NECESIDAD | AA75: M | AB75: VALOR TOTAL NECESIDAD | AC75: M | AD75: VALOR TOTAL NECESIDAD | AE75: M | AF75: VALOR TOTAL NECESIDAD | AG75: M | AH75: VALOR TOTAL NECESIDAD | AI75: M | AJ75: VALOR TOTAL NECESIDAD | AK75: M | AL75: VALOR TOTAL NECESIDAD | AM75: M | AN75: VALOR TOTAL NECESIDAD | AO75: M | AP75: VALOR TOTAL NECESIDAD | AQ75: M | AR75: VALOR TOTAL NECESIDAD | AS75: M | AT75: VALOR TOTAL NECESIDAD | AU75: M | AV75: VALOR TOTAL NECESIDAD
B76: =ANÁLISIS!B70 -> 37 | C76: =ANÁLISIS!C70 -> 3694005 | D76: =ANÁLISIS!D70 -> BALDE PARA CONSTRUCCIÓN, CON MANIJA METÁLICA. | E76: =ANÁLISIS!E70 -> UN | F76: =ANÁLISIS!F70 -> 0 | G76: =ANÁLISIS!G70 -> 1 | H76: =ANÁLISIS!H70 -> 47121804 | I76: =ANÁLISIS!I70 -> 1521293 | J76: =ANÁLISIS!J70 -> SIN CREAR | K76: =ANÁLISIS!G70 -> 1 | L76: =SUM(O76,Q76,S76,U76,W76,Y76,AA76,AC76,AE76,AG76,AI76,AK76,AM76,AO76,AQ76,AS76,AU76) -> 0 | M76: =ANÁLISIS!AF70 -> 84099.473 | N76: =L76*M76 -> 0 | P76: =$M76*O76 -> 0 | R76: =$M76*Q76 -> 0 | T76: =$M76*S76 -> 0 | V76: =$M76*U76 -> 0 | X76: =$M76*W76 -> 0 | Z76: =$M76*Y76 -> 0 | AB76: =$M76*AA76 -> 0 | AD76: =$M76*AC76 -> 0 | AF76: =$M76*AE76 -> 0 | AH76: =$M76*AG76 -> 0 | AJ76: =$M76*AI76 -> 0 | AL76: =$M76*AK76 -> 0 | AN76: =$M76*AM76 -> 0 | AP76: =$M76*AO76 -> 0 | AR76: =$M76*AQ76 -> 0 | AT76: =$M76*AS76 -> 0 | AV76: =$M76*AU76 -> 0
B77: =ANÁLISIS!B71 -> 38 | C77: =ANÁLISIS!C71 -> 4421705 | D77: =ANÁLISIS!D71 -> EXPANSOR DE TUBOS | E77: =ANÁLISIS!E71 -> UN | F77: =ANÁLISIS!F71 -> 0 | G77: =ANÁLISIS!G71 -> 1 | H77: =ANÁLISIS!H71 -> 43201605 | I77: =ANÁLISIS!I71 -> 1699571 | J77: =ANÁLISIS!J71 -> SIN CREAR | K77: =ANÁLISIS!G71 -> 1 | L77: =SUM(O77,Q77,S77,U77,W77,Y77,AA77,AC77,AE77,AG77,AI77,AK77,AM77,AO77,AQ77,AS77,AU77) -> 0 | M77: =ANÁLISIS!AF71 -> 386654.93 | N77: =L77*M77 -> 0 | P77: =$M77*O77 -> 0 | R77: =$M77*Q77 -> 0 | T77: =$M77*S77 -> 0 | V77: =$M77*U77 -> 0 | X77: =$M77*W77 -> 0 | Z77: =$M77*Y77 -> 0 | AB77: =$M77*AA77 -> 0 | AD77: =$M77*AC77 -> 0 | AF77: =$M77*AE77 -> 0 | AH77: =$M77*AG77 -> 0 | AJ77: =$M77*AI77 -> 0 | AL77: =$M77*AK77 -> 0 | AN77: =$M77*AM77 -> 0 | AP77: =$M77*AO77 -> 0 | AR77: =$M77*AQ77 -> 0 | AT77: =$M77*AS77 -> 0 | AV77: =$M77*AU77 -> 0
B78: =ANÁLISIS!B72 -> 39 | C78: =ANÁLISIS!C72 -> 3623001 | D78: =ANÁLISIS!D72 -> MANGUERA AIRE 200 LIBRAS, ACOPLADA PARA COMPRESOR, 30 ML X ¼” | E78: =ANÁLISIS!E72 -> UN | F78: =ANÁLISIS!F72 -> 0 | G78: =ANÁLISIS!G72 -> 1 | H78: =ANÁLISIS!H72 -> 40142000 | I78: =ANÁLISIS!I72 -> 1478930 | J78: =ANÁLISIS!J72 -> SIN CREAR | K78: =ANÁLISIS!G72 -> 1 | L78: =SUM(O78,Q78,S78,U78,W78,Y78,AA78,AC78,AE78,AG78,AI78,AK78,AM78,AO78,AQ78,AS78,AU78) -> 0 | M78: =ANÁLISIS!AF72 -> 607745.35 | N78: =L78*M78 -> 0 | P78: =$M78*O78 -> 0 | R78: =$M78*Q78 -> 0 | T78: =$M78*S78 -> 0 | V78: =$M78*U78 -> 0 | X78: =$M78*W78 -> 0 | Z78: =$M78*Y78 -> 0 | AB78: =$M78*AA78 -> 0 | AD78: =$M78*AC78 -> 0 | AF78: =$M78*AE78 -> 0 | AH78: =$M78*AG78 -> 0 | AJ78: =$M78*AI78 -> 0 | AL78: =$M78*AK78 -> 0 | AN78: =$M78*AM78 -> 0 | AP78: =$M78*AO78 -> 0 | AR78: =$M78*AQ78 -> 0 | AT78: =$M78*AS78 -> 0 | AV78: =$M78*AU78 -> 0
B79: =ANÁLISIS!B73 -> 40 | C79: =ANÁLISIS!C73 -> 3623001 | D79: =ANÁLISIS!D73 -> MANGUERA COMPLETA JARDÍN 1/2" CON PISTOLA Y ACOPLES, 50 M | E79: =ANÁLISIS!E73 -> UN | F79: =ANÁLISIS!F73 -> 0 | G79: =ANÁLISIS!G73 -> 1 | H79: =ANÁLISIS!H73 -> 40142000 | I79: =ANÁLISIS!I73 -> 1512789 | J79: =ANÁLISIS!J73 -> SIN CREAR | K79: =ANÁLISIS!G73 -> 1 | L79: =SUM(O79,Q79,S79,U79,W79,Y79,AA79,AC79,AE79,AG79,AI79,AK79,AM79,AO79,AQ79,AS79,AU79) -> 0 | M79: =ANÁLISIS!AF73 -> 478455.08 | N79: =L79*M79 -> 0 | P79: =$M79*O79 -> 0 | R79: =$M79*Q79 -> 0 | T79: =$M79*S79 -> 0 | V79: =$M79*U79 -> 0 | X79: =$M79*W79 -> 0 | Z79: =$M79*Y79 -> 0 | AB79: =$M79*AA79 -> 0 | AD79: =$M79*AC79 -> 0 | AF79: =$M79*AE79 -> 0 | AH79: =$M79*AG79 -> 0 | AJ79: =$M79*AI79 -> 0 | AL79: =$M79*AK79 -> 0 | AN79: =$M79*AM79 -> 0 | AP79: =$M79*AO79 -> 0 | AR79: =$M79*AQ79 -> 0 | AT79: =$M79*AS79 -> 0 | AV79: =$M79*AU79 -> 0
B80: =ANÁLISIS!B74 -> 41 | C80: =ANÁLISIS!C74 -> 3623001 | D80: =ANÁLISIS!D74 -> MANGUERA DE NIVEL TRANSPARENTE 3/8 X 20M | E80: =ANÁLISIS!E74 -> UN | F80: =ANÁLISIS!F74 -> 0 | G80: =ANÁLISIS!G74 -> 1 | H80: =ANÁLISIS!H74 -> 40142000 | I80: =ANÁLISIS!I74 -> 1239080 | J80: =ANÁLISIS!J74 -> SIN CREAR | K80: =ANÁLISIS!G74 -> 1 | L80: =SUM(O80,Q80,S80,U80,W80,Y80,AA80,AC80,AE80,AG80,AI80,AK80,AM80,AO80,AQ80,AS80,AU80) -> 0 | M80: =ANÁLISIS!AF74 -> 289383.25 | N80: =L80*M80 -> 0 | P80: =$M80*O80 -> 0 | R80: =$M80*Q80 -> 0 | T80: =$M80*S80 -> 0 | V80: =$M80*U80 -> 0 | X80: =$M80*W80 -> 0 | Z80: =$M80*Y80 -> 0 | AB80: =$M80*AA80 -> 0 | AD80: =$M80*AC80 -> 0 | AF80: =$M80*AE80 -> 0 | AH80: =$M80*AG80 -> 0 | AJ80: =$M80*AI80 -> 0 | AL80: =$M80*AK80 -> 0 | AN80: =$M80*AM80 -> 0 | AP80: =$M80*AO80 -> 0 | AR80: =$M80*AQ80 -> 0 | AT80: =$M80*AS80 -> 0 | AV80: =$M80*AU80 -> 0
B81: =ANÁLISIS!B75 -> 42 | C81: =ANÁLISIS!C75 -> 4292299 | D81: =ANÁLISIS!D75 -> NIVEL DE BURBUJA MAGNÉTICO | E81: =ANÁLISIS!E75 -> UN | F81: =ANÁLISIS!F75 -> 0 | G81: =ANÁLISIS!G75 -> 1 | H81: =ANÁLISIS!H75 -> 41111950 | I81: =ANÁLISIS!I75 -> 1650213 | J81: =ANÁLISIS!J75 -> SIN CREAR | K81: =ANÁLISIS!G75 -> 1 | L81: =SUM(O81,Q81,S81,U81,W81,Y81,AA81,AC81,AE81,AG81,AI81,AK81,AM81,AO81,AQ81,AS81,AU81) -> 0 | M81: =ANÁLISIS!AF75 -> 38300.724 | N81: =L81*M81 -> 0 | P81: =$M81*O81 -> 0 | R81: =$M81*Q81 -> 0 | T81: =$M81*S81 -> 0 | V81: =$M81*U81 -> 0 | X81: =$M81*W81 -> 0 | Z81: =$M81*Y81 -> 0 | AB81: =$M81*AA81 -> 0 | AD81: =$M81*AC81 -> 0 | AF81: =$M81*AE81 -> 0 | AH81: =$M81*AG81 -> 0 | AJ81: =$M81*AI81 -> 0 | AL81: =$M81*AK81 -> 0 | AN81: =$M81*AM81 -> 0 | AP81: =$M81*AO81 -> 0 | AR81: =$M81*AQ81 -> 0 | AT81: =$M81*AS81 -> 0 | AV81: =$M81*AU81 -> 0
B82: VALOR TOTAL NECESIDAD | O82: =SUM(P76:P81) -> 0 | Q82: =SUM(R76:R81) -> 0 | S82: =SUM(T76:T81) -> 0 | U82: =SUM(V76:V81) -> 0 | W82: =SUM(X76:X81) -> 0 | Y82: =SUM(Z76:Z81) -> 0 | AA82: =SUM(AB76:AB81) -> 0 | AC82: =SUM(AD76:AD81) -> 0 | AE82: =SUM(AF76:AF81) -> 0 | AG82: =SUM(AH76:AH81) -> 0 | AI82: =SUM(AJ76:AJ81) -> 0 | AK82: =SUM(AL76:AL81) -> 0 | AM82: =SUM(AN76:AN81) -> 0 | AO82: =SUM(AP76:AP81) -> 0 | AQ82: =SUM(AR76:AR81) -> 0 | AS82: =SUM(AT76:AT81) -> 0 | AU82: =SUM(AV76:AV81) -> 0
B83: PRESUPUESTO ASIGNADO | O83: 387816 | Q83: 387816 | S83: 387816 | U83: 387816 | W83: 387816 | Y83: 387816 | AA83: 387816 | AC83: 387816 | AE83: 387816 | AG83: 387816 | AI83: 387816 | AK83: 387816 | AM83: 387816 | AO83: 387816 | AQ83: 387816 | AS83: 387816 | AU83: 387816 | AW83: =SUM(O83:AV83) -> 6592872
B84: SALDO | O84: =O83-O82 -> 387816 | Q84: =Q83-Q82 -> 387816 | S84: =S83-S82 -> 387816 | U84: =U83-U82 -> 387816 | W84: =W83-W82 -> 387816 | Y84: =Y83-Y82 -> 387816 | AA84: =AA83-AA82 -> 387816 | AC84: =AC83-AC82 -> 387816 | AE84: =AE83-AE82 -> 387816 | AG84: =AG83-AG82 -> 387816 | AI84: =AI83-AI82 -> 387816 | AK84: =AK83-AK82 -> 387816 | AM84: =AM83-AM82 -> 387816 | AO84: =AO83-AO82 -> 387816 | AQ84: =AQ83-AQ82 -> 387816 | AS84: =AS83-AS82 -> 387816 | AU84: =AU83-AU82 -> 387816 | AW84: =SUM(O84:AV84) -> 6592872
B86: =ANÁLISIS!B78 -> A-02-02-01-003-001 PRODUCTOS DE MADERA, CORCHO, CESTERÍA Y ESPARTERÍA
B87: ÍTEM | C87: CÓDIGO DANE | D87: DESCRIPCIÓN DEL BIEN Y/O SERVICIO | E87: UNIDAD MEDIDA | F87: EXISTENCIAS (STOCK - INVENTARIOS) | G87: NECESIDAD | H87: UNSPSC (CCE) | I87: CÓDIGO MATERIAL SAP (OPCIONAL) | J87: CÓDIGO OTAN - NOC (OPCIONAL) | K87: NECESIDAD TOTAL | L87: MÍNIMAS | M87: PRECIO DE REFERENCIA | N87: VALOR TOTAL | O87: BAABS3 | Q87: BAACA10 | S87: BAACA2 | U87: BAADA1 | W87: BACAC | Y87: BAEEV3 | AA87: BAMMA | AC87: BAS10 | AE87: BASAC | AG87: BATAC | AI87: BICAR | AK87: BIMOC | AM87: BITER10 | AO87: BMMA1 | AQ87: BR10 | AS87: GMMAT | AU87: GMRON
O88: M | P88: VALOR TOTAL NECESIDAD | Q88: M | R88: VALOR TOTAL NECESIDAD | S88: M | T88: VALOR TOTAL NECESIDAD | U88: M | V88: VALOR TOTAL NECESIDAD | W88: M | X88: VALOR TOTAL NECESIDAD | Y88: M | Z88: VALOR TOTAL NECESIDAD | AA88: M | AB88: VALOR TOTAL NECESIDAD | AC88: M | AD88: VALOR TOTAL NECESIDAD | AE88: M | AF88: VALOR TOTAL NECESIDAD | AG88: M | AH88: VALOR TOTAL NECESIDAD | AI88: M | AJ88: VALOR TOTAL NECESIDAD | AK88: M | AL88: VALOR TOTAL NECESIDAD | AM88: M | AN88: VALOR TOTAL NECESIDAD | AO88: M | AP88: VALOR TOTAL NECESIDAD | AQ88: M | AR88: VALOR TOTAL NECESIDAD | AS88: M | AT88: VALOR TOTAL NECESIDAD | AU88: M | AV88: VALOR TOTAL NECESIDAD
B89: =ANÁLISIS!B81 -> 43 | C89: =ANÁLISIS!C81 -> 4292106 | D89: =ANÁLISIS!D81 -> AZADÓN CABO DE MADERA | E89: =ANÁLISIS!E81 -> UN | F89: =ANÁLISIS!F81 -> 0 | G89: =ANÁLISIS!G81 -> 1 | H89: =ANÁLISIS!H81 -> 27112002 | I89: =ANÁLISIS!I81 -> 1734473 | J89: =ANÁLISIS!J81 -> SIN CREAR | K89: =ANÁLISIS!G81 -> 1 | L89: =SUM(O89,Q89,S89,U89,W89,Y89,AA89,AC89,AE89,AG89,AI89,AK89,AM89,AO89,AQ89,AS89,AU89) -> 0 | M89: =ANÁLISIS!AF81 -> 182181.75 | N89: =L89*M89 -> 0 | P89: =$M89*O89 -> 0 | R89: =$M89*Q89 -> 0 | T89: =$M89*S89 -> 0 | V89: =$M89*U89 -> 0 | X89: =$M89*W89 -> 0 | Z89: =$M89*Y89 -> 0 | AB89: =$M89*AA89 -> 0 | AD89: =$M89*AC89 -> 0 | AF89: =$M89*AE89 -> 0 | AH89: =$M89*AG89 -> 0 | AJ89: =$M89*AI89 -> 0 | AL89: =$M89*AK89 -> 0 | AN89: =$M89*AM89 -> 0 | AP89: =$M89*AO89 -> 0 | AR89: =$M89*AQ89 -> 0 | AT89: =$M89*AS89 -> 0 | AV89: =$M89*AU89 -> 0
B90: =ANÁLISIS!B82 -> 44 | C90: =ANÁLISIS!C82 -> 4292130 | D90: =ANÁLISIS!D82 -> LLANA DENTADA DE 12X12 MANGO PLÁSTICO | E90: =ANÁLISIS!E82 -> UN | F90: =ANÁLISIS!F82 -> 0 | G90: =ANÁLISIS!G82 -> 1 | H90: =ANÁLISIS!H82 -> 27112202 | I90: =ANÁLISIS!I82 -> 1331712 | J90: =ANÁLISIS!J82 -> SIN CREAR | K90: =ANÁLISIS!G82 -> 1 | L90: =SUM(O90,Q90,S90,U90,W90,Y90,AA90,AC90,AE90,AG90,AI90,AK90,AM90,AO90,AQ90,AS90,AU90) -> 0 | M90: =ANÁLISIS!AF82 -> 70278.789 | N90: =L90*M90 -> 0 | P90: =$M90*O90 -> 0 | R90: =$M90*Q90 -> 0 | T90: =$M90*S90 -> 0 | V90: =$M90*U90 -> 0 | X90: =$M90*W90 -> 0 | Z90: =$M90*Y90 -> 0 | AB90: =$M90*AA90 -> 0 | AD90: =$M90*AC90 -> 0 | AF90: =$M90*AE90 -> 0 | AH90: =$M90*AG90 -> 0 | AJ90: =$M90*AI90 -> 0 | AL90: =$M90*AK90 -> 0 | AN90: =$M90*AM90 -> 0 | AP90: =$M90*AO90 -> 0 | AR90: =$M90*AQ90 -> 0 | AT90: =$M90*AS90 -> 0 | AV90: =$M90*AU90 -> 0
B91: =ANÁLISIS!B83 -> 45 | C91: =ANÁLISIS!C83 -> 4292130 | D91: =ANÁLISIS!D83 -> LLANA INOXIDABLE DE 125 MM MANGO MADERA | E91: =ANÁLISIS!E83 -> UN | F91: =ANÁLISIS!F83 -> 0 | G91: =ANÁLISIS!G83 -> 1 | H91: =ANÁLISIS!H83 -> 27112202 | I91: =ANÁLISIS!I83 -> 1576006 | J91: =ANÁLISIS!J83 -> SIN CREAR | K91: =ANÁLISIS!G83 -> 1 | L91: =SUM(O91,Q91,S91,U91,W91,Y91,AA91,AC91,AE91,AG91,AI91,AK91,AM91,AO91,AQ91,AS91,AU91) -> 0 | M91: =ANÁLISIS!AF83 -> 88963.057 | N91: =L91*M91 -> 0 | P91: =$M91*O91 -> 0 | R91: =$M91*Q91 -> 0 | T91: =$M91*S91 -> 0 | V91: =$M91*U91 -> 0 | X91: =$M91*W91 -> 0 | Z91: =$M91*Y91 -> 0 | AB91: =$M91*AA91 -> 0 | AD91: =$M91*AC91 -> 0 | AF91: =$M91*AE91 -> 0 | AH91: =$M91*AG91 -> 0 | AJ91: =$M91*AI91 -> 0 | AL91: =$M91*AK91 -> 0 | AN91: =$M91*AM91 -> 0 | AP91: =$M91*AO91 -> 0 | AR91: =$M91*AQ91 -> 0 | AT91: =$M91*AS91 -> 0 | AV91: =$M91*AU91 -> 0
B92: =ANÁLISIS!B84 -> 46 | C92: =ANÁLISIS!C84 -> 4292120 | D92: =ANÁLISIS!D84 -> MARTILLO 16 ONZAS MANGO MADERA | E92: =ANÁLISIS!E84 -> UN | F92: =ANÁLISIS!F84 -> 0 | G92: =ANÁLISIS!G84 -> 1 | H92: =ANÁLISIS!H84 -> 27111602 | I92: =ANÁLISIS!I84 -> 1657760 | J92: =ANÁLISIS!J84 -> SIN CREAR | K92: =ANÁLISIS!G84 -> 1 | L92: =SUM(O92,Q92,S92,U92,W92,Y92,AA92,AC92,AE92,AG92,AI92,AK92,AM92,AO92,AQ92,AS92,AU92) -> 0 | M92: =ANÁLISIS!AF84 -> 91581.287 | N92: =L92*M92 -> 0 | P92: =$M92*O92 -> 0 | R92: =$M92*Q92 -> 0 | T92: =$M92*S92 -> 0 | V92: =$M92*U92 -> 0 | X92: =$M92*W92 -> 0 | Z92: =$M92*Y92 -> 0 | AB92: =$M92*AA92 -> 0 | AD92: =$M92*AC92 -> 0 | AF92: =$M92*AE92 -> 0 | AH92: =$M92*AG92 -> 0 | AJ92: =$M92*AI92 -> 0 | AL92: =$M92*AK92 -> 0 | AN92: =$M92*AM92 -> 0 | AP92: =$M92*AO92 -> 0 | AR92: =$M92*AQ92 -> 0 | AT92: =$M92*AS92 -> 0 | AV92: =$M92*AU92 -> 0
B93: VALOR TOTAL NECESIDAD | O93: =SUM(P89:P92) -> 0 | Q93: =SUM(R89:R92) -> 0 | S93: =SUM(T89:T92) -> 0 | U93: =SUM(V89:V92) -> 0 | W93: =SUM(X89:X92) -> 0 | Y93: =SUM(Z89:Z92) -> 0 | AA93: =SUM(AB89:AB92) -> 0 | AC93: =SUM(AD89:AD92) -> 0 | AE93: =SUM(AF89:AF92) -> 0 | AG93: =SUM(AH89:AH92) -> 0 | AI93: =SUM(AJ89:AJ92) -> 0 | AK93: =SUM(AL89:AL92) -> 0 | AM93: =SUM(AN89:AN92) -> 0 | AO93: =SUM(AP89:AP92) -> 0 | AQ93: =SUM(AR89:AR92) -> 0 | AS93: =SUM(AT89:AT92) -> 0 | AU93: =SUM(AV89:AV92) -> 0
B94: PRESUPUESTO ASIGNADO | O94: 224652 | Q94: 224652 | S94: 224652 | U94: 224652 | W94: 224652 | Y94: 224652 | AA94: 224652 | AC94: 224652 | AE94: 224652 | AG94: 224652 | AI94: 224652 | AK94: 224652 | AM94: 224652 | AO94: 224652 | AQ94: 224652 | AS94: 224652 | AU94: 224652 | AW94: =SUM(O94:AV94) -> 3819084
B95: SALDO | O95: =O94-O93 -> 224652 | Q95: =Q94-Q93 -> 224652 | S95: =S94-S93 -> 224652 | U95: =U94-U93 -> 224652 | W95: =W94-W93 -> 224652 | Y95: =Y94-Y93 -> 224652 | AA95: =AA94-AA93 -> 224652 | AC95: =AC94-AC93 -> 224652 | AE95: =AE94-AE93 -> 224652 | AG95: =AG94-AG93 -> 224652 | AI95: =AI94-AI93 -> 224652 | AK95: =AK94-AK93 -> 224652 | AM95: =AM94-AM93 -> 224652 | AO95: =AO94-AO93 -> 224652 | AQ95: =AQ94-AQ93 -> 224652 | AS95: =AS94-AS93 -> 224652 | AU95: =AU94-AU93 -> 224652 | AW95: =SUM(O95:AV95) -> 3819084
B97: =ANÁLISIS!B87 -> A-02-02-01-004-002 PRODUCTOS METÁLICOS ELABORADOS (EXCEPTO MAQUINARIA Y EQUIPO)
B98: ÍTEM | C98: CÓDIGO DANE | D98: DESCRIPCIÓN DEL BIEN Y/O SERVICIO | E98: UNIDAD MEDIDA | F98: EXISTENCIAS (STOCK - INVENTARIOS) | G98: NECESIDAD | H98: UNSPSC (CCE) | I98: CÓDIGO MATERIAL SAP (OPCIONAL) | J98: CÓDIGO OTAN - NOC (OPCIONAL) | K98: NECESIDAD TOTAL | L98: MÍNIMAS | M98: PRECIO DE REFERENCIA | N98: VALOR TOTAL | O98: BAABS3 | Q98: BAACA10 | S98: BAACA2 | U98: BAADA1 | W98: BACAC | Y98: BAEEV3 | AA98: BAMMA | AC98: BAS10 | AE98: BASAC | AG98: BATAC | AI98: BICAR | AK98: BIMOC | AM98: BITER10 | AO98: BMMA1 | AQ98: BR10 | AS98: GMMAT | AU98: GMRON
O99: M | P99: VALOR TOTAL NECESIDAD | Q99: M | R99: VALOR TOTAL NECESIDAD | S99: M | T99: VALOR TOTAL NECESIDAD | U99: M | V99: VALOR TOTAL NECESIDAD | W99: M | X99: VALOR TOTAL NECESIDAD | Y99: M | Z99: VALOR TOTAL NECESIDAD | AA99: M | AB99: VALOR TOTAL NECESIDAD | AC99: M | AD99: VALOR TOTAL NECESIDAD | AE99: M | AF99: VALOR TOTAL NECESIDAD | AG99: M | AH99: VALOR TOTAL NECESIDAD | AI99: M | AJ99: VALOR TOTAL NECESIDAD | AK99: M | AL99: VALOR TOTAL NECESIDAD | AM99: M | AN99: VALOR TOTAL NECESIDAD | AO99: M | AP99: VALOR TOTAL NECESIDAD | AQ99: M | AR99: VALOR TOTAL NECESIDAD | AS99: M | AT99: VALOR TOTAL NECESIDAD | AU99: M | AV99: VALOR TOTAL NECESIDAD
B100: =ANÁLISIS!B90 -> 47 | C100: =ANÁLISIS!C90 -> 42921 | D100: =ANÁLISIS!D90 -> ALICATE 8 1/2 215 MM | E100: =ANÁLISIS!E90 -> UN | F100: =ANÁLISIS!F90 -> 0 | G100: =ANÁLISIS!G90 -> 1 | H100: =ANÁLISIS!H90 -> 27112111 | I100: =ANÁLISIS!I90 -> 1729212 | J100: =ANÁLISIS!J90 -> SIN CREAR | K100: =ANÁLISIS!G90 -> 1 | L100: =SUM(O100,Q100,S100,U100,W100,Y100,AA100,AC100,AE100,AG100,AI100,AK100,AM100,AO100,AQ100,AS100,AU100) -> 0 | M100: =ANÁLISIS!AF90 -> 180965.85 | N100: =L100*M100 -> 0 | P100: =$M100*O100 -> 0 | R100: =$M100*Q100 -> 0 | T100: =$M100*S100 -> 0 | V100: =$M100*U100 -> 0 | X100: =$M100*W100 -> 0 | Z100: =$M100*Y100 -> 0 | AB100: =$M100*AA100 -> 0 | AD100: =$M100*AC100 -> 0 | AF100: =$M100*AE100 -> 0 | AH100: =$M100*AG100 -> 0 | AJ100: =$M100*AI100 -> 0 | AL100: =$M100*AK100 -> 0 | AN100: =$M100*AM100 -> 0 | AP100: =$M100*AO100 -> 0 | AR100: =$M100*AQ100 -> 0 | AT100: =$M100*AS100 -> 0 | AV100: =$M100*AU100 -> 0
B101: =ANÁLISIS!B91 -> 48 | C101: =ANÁLISIS!C91 -> 42921 | D101: =ANÁLISIS!D91 -> ALICATE AISLADO 1000V CORTE DIAGONAL 7 175 MM | E101: =ANÁLISIS!E91 -> UN | F101: =ANÁLISIS!F91 -> 0 | G101: =ANÁLISIS!G91 -> 1 | H101: =ANÁLISIS!H91 -> 27112111 | I101: =ANÁLISIS!I91 -> 1615429 | J101: =ANÁLISIS!J91 -> SIN CREAR | K101: =ANÁLISIS!G91 -> 1 | L101: =SUM(O101,Q101,S101,U101,W101,Y101,AA101,AC101,AE101,AG101,AI101,AK101,AM101,AO101,AQ101,AS101,AU101) -> 0 | M101: =ANÁLISIS!AF91 -> 246855.26 | N101: =L101*M101 -> 0 | P101: =$M101*O101 -> 0 | R101: =$M101*Q101 -> 0 | T101: =$M101*S101 -> 0 | V101: =$M101*U101 -> 0 | X101: =$M101*W101 -> 0 | Z101: =$M101*Y101 -> 0 | AB101: =$M101*AA101 -> 0 | AD101: =$M101*AC101 -> 0 | AF101: =$M101*AE101 -> 0 | AH101: =$M101*AG101 -> 0 | AJ101: =$M101*AI101 -> 0 | AL101: =$M101*AK101 -> 0 | AN101: =$M101*AM101 -> 0 | AP101: =$M101*AO101 -> 0 | AR101: =$M101*AQ101 -> 0 | AT101: =$M101*AS101 -> 0 | AV101: =$M101*AU101 -> 0
B102: =ANÁLISIS!B92 -> 49 | C102: =ANÁLISIS!C92 -> 42921 | D102: =ANÁLISIS!D92 -> ALICATE DE ELECTRICISTA 8” | E102: =ANÁLISIS!E92 -> UN | F102: =ANÁLISIS!F92 -> 0 | G102: =ANÁLISIS!G92 -> 1 | H102: =ANÁLISIS!H92 -> 27112106 | I102: =ANÁLISIS!I92 -> 1706789 | J102: =ANÁLISIS!J92 -> SIN CREAR | K102: =ANÁLISIS!G92 -> 1 | L102: =SUM(O102,Q102,S102,U102,W102,Y102,AA102,AC102,AE102,AG102,AI102,AK102,AM102,AO102,AQ102,AS102,AU102) -> 0 | M102: =ANÁLISIS!AF92 -> 152880.68 | N102: =L102*M102 -> 0 | P102: =$M102*O102 -> 0 | R102: =$M102*Q102 -> 0 | T102: =$M102*S102 -> 0 | V102: =$M102*U102 -> 0 | X102: =$M102*W102 -> 0 | Z102: =$M102*Y102 -> 0 | AB102: =$M102*AA102 -> 0 | AD102: =$M102*AC102 -> 0 | AF102: =$M102*AE102 -> 0 | AH102: =$M102*AG102 -> 0 | AJ102: =$M102*AI102 -> 0 | AL102: =$M102*AK102 -> 0 | AN102: =$M102*AM102 -> 0 | AP102: =$M102*AO102 -> 0 | AR102: =$M102*AQ102 -> 0 | AT102: =$M102*AS102 -> 0 | AV102: =$M102*AU102 -> 0
B103: =ANÁLISIS!B93 -> 50 | C103: =ANÁLISIS!C93 -> 42921 | D103: =ANÁLISIS!D93 -> ALICATE DE PRESIÓN RECTO HOMBRESOLO 10" | E103: =ANÁLISIS!E93 -> UN | F103: =ANÁLISIS!F93 -> 0 | G103: =ANÁLISIS!G93 -> 1 | H103: =ANÁLISIS!H93 -> 27112106 | I103: =ANÁLISIS!I93 -> 1745462 | J103: =ANÁLISIS!J93 -> SIN CREAR | K103: =ANÁLISIS!G93 -> 1 | L103: =SUM(O103,Q103,S103,U103,W103,Y103,AA103,AC103,AE103,AG103,AI103,AK103,AM103,AO103,AQ103,AS103,AU103) -> 0 | M103: =ANÁLISIS!AF93 -> 92892.428 | N103: =L103*M103 -> 0 | P103: =$M103*O103 -> 0 | R103: =$M103*Q103 -> 0 | T103: =$M103*S103 -> 0 | V103: =$M103*U103 -> 0 | X103: =$M103*W103 -> 0 | Z103: =$M103*Y103 -> 0 | AB103: =$M103*AA103 -> 0 | AD103: =$M103*AC103 -> 0 | AF103: =$M103*AE103 -> 0 | AH103: =$M103*AG103 -> 0 | AJ103: =$M103*AI103 -> 0 | AL103: =$M103*AK103 -> 0 | AN103: =$M103*AM103 -> 0 | AP103: =$M103*AO103 -> 0 | AR103: =$M103*AQ103 -> 0 | AT103: =$M103*AS103 -> 0 | AV103: =$M103*AU103 -> 0
B104: =ANÁLISIS!B94 -> 51 | C104: =ANÁLISIS!C94 -> 4219007 | D104: =ANÁLISIS!D94 -> ANDAMIO MULTIDIRECCIONAL CERTIFICADO, CON BASE DE 1,40 M X 1,40 M X 4 M DE ALTURA | E104: =ANÁLISIS!E94 -> UN | F104: =ANÁLISIS!F94 -> 0 | G104: =ANÁLISIS!G94 -> 1 | H104: =ANÁLISIS!H94 -> 30191502 | I104: =ANÁLISIS!I94 -> 1227984 | J104: =ANÁLISIS!J94 -> SIN CREAR | K104: =ANÁLISIS!G94 -> 1 | L104: =SUM(O104,Q104,S104,U104,W104,Y104,AA104,AC104,AE104,AG104,AI104,AK104,AM104,AO104,AQ104,AS104,AU104) -> 0 | M104: =ANÁLISIS!AF94 -> 27864283 | N104: =L104*M104 -> 0 | P104: =$M104*O104 -> 0 | R104: =$M104*Q104 -> 0 | T104: =$M104*S104 -> 0 | V104: =$M104*U104 -> 0 | X104: =$M104*W104 -> 0 | Z104: =$M104*Y104 -> 0 | AB104: =$M104*AA104 -> 0 | AD104: =$M104*AC104 -> 0 | AF104: =$M104*AE104 -> 0 | AH104: =$M104*AG104 -> 0 | AJ104: =$M104*AI104 -> 0 | AL104: =$M104*AK104 -> 0 | AN104: =$M104*AM104 -> 0 | AP104: =$M104*AO104 -> 0 | AR104: =$M104*AQ104 -> 0 | AT104: =$M104*AS104 -> 0 | AV104: =$M104*AU104 -> 0
B105: =ANÁLISIS!B95 -> 52 | C105: =ANÁLISIS!C95 -> 4291402 | D105: =ANÁLISIS!D95 -> BISTURÍ ALMA METÁLICA TRABAJO PESADO CON KIT DE CUCHILLAS DE REPUESTO DE ACERO DE 18 MM X 10 UNDS | E105: =ANÁLISIS!E95 -> UN | F105: =ANÁLISIS!F95 -> 0 | G105: =ANÁLISIS!G95 -> 1 | H105: =ANÁLISIS!H95 -> 42291613 | I105: =ANÁLISIS!I95 -> 1439830 | J105: =ANÁLISIS!J95 -> SIN CREAR | K105: =ANÁLISIS!G95 -> 1 | L105: =SUM(O105,Q105,S105,U105,W105,Y105,AA105,AC105,AE105,AG105,AI105,AK105,AM105,AO105,AQ105,AS105,AU105) -> 0 | M105: =ANÁLISIS!AF95 -> 180965.85 | N105: =L105*M105 -> 0 | P105: =$M105*O105 -> 0 | R105: =$M105*Q105 -> 0 | T105: =$M105*S105 -> 0 | V105: =$M105*U105 -> 0 | X105: =$M105*W105 -> 0 | Z105: =$M105*Y105 -> 0 | AB105: =$M105*AA105 -> 0 | AD105: =$M105*AC105 -> 0 | AF105: =$M105*AE105 -> 0 | AH105: =$M105*AG105 -> 0 | AJ105: =$M105*AI105 -> 0 | AL105: =$M105*AK105 -> 0 | AN105: =$M105*AM105 -> 0 | AP105: =$M105*AO105 -> 0 | AR105: =$M105*AQ105 -> 0 | AT105: =$M105*AS105 -> 0 | AV105: =$M105*AU105 -> 0
B106: =ANÁLISIS!B96 -> 53 | C106: =ANÁLISIS!C96 -> 3699022 | D106: =ANÁLISIS!D96 -> CARETA INTELIGENTE PARA SOLDADORES | E106: =ANÁLISIS!E96 -> UN | F106: =ANÁLISIS!F96 -> 0 | G106: =ANÁLISIS!G96 -> 1 | H106: =ANÁLISIS!H96 -> 46181711 | I106: =ANÁLISIS!I96 -> 1628362 | J106: =ANÁLISIS!J96 -> SIN CREAR | K106: =ANÁLISIS!G96 -> 1 | L106: =SUM(O106,Q106,S106,U106,W106,Y106,AA106,AC106,AE106,AG106,AI106,AK106,AM106,AO106,AQ106,AS106,AU106) -> 0 | M106: =ANÁLISIS!AF96 -> 209675.19 | N106: =L106*M106 -> 0 | P106: =$M106*O106 -> 0 | R106: =$M106*Q106 -> 0 | T106: =$M106*S106 -> 0 | V106: =$M106*U106 -> 0 | X106: =$M106*W106 -> 0 | Z106: =$M106*Y106 -> 0 | AB106: =$M106*AA106 -> 0 | AD106: =$M106*AC106 -> 0 | AF106: =$M106*AE106 -> 0 | AH106: =$M106*AG106 -> 0 | AJ106: =$M106*AI106 -> 0 | AL106: =$M106*AK106 -> 0 | AN106: =$M106*AM106 -> 0 | AP106: =$M106*AO106 -> 0 | AR106: =$M106*AQ106 -> 0 | AT106: =$M106*AS106 -> 0 | AV106: =$M106*AU106 -> 0
B107: =ANÁLISIS!B97 -> 54 | C107: =ANÁLISIS!C97 -> 4292299 | D107: =ANÁLISIS!D97 -> CORTADORA MANUAL DE ENCHAPES Y BALDOSA X 66 CM | E107: =ANÁLISIS!E97 -> UN | F107: =ANÁLISIS!F97 -> 0 | G107: =ANÁLISIS!G97 -> 1 | H107: =ANÁLISIS!H97 -> 23101508 | I107: =ANÁLISIS!I97 -> 1643691 | J107: =ANÁLISIS!J97 -> SIN CREAR | K107: =ANÁLISIS!G97 -> 1 | L107: =SUM(O107,Q107,S107,U107,W107,Y107,AA107,AC107,AE107,AG107,AI107,AK107,AM107,AO107,AQ107,AS107,AU107) -> 0 | M107: =ANÁLISIS!AF97 -> 2679804.4 | N107: =L107*M107 -> 0 | P107: =$M107*O107 -> 0 | R107: =$M107*Q107 -> 0 | T107: =$M107*S107 -> 0 | V107: =$M107*U107 -> 0 | X107: =$M107*W107 -> 0 | Z107: =$M107*Y107 -> 0 | AB107: =$M107*AA107 -> 0 | AD107: =$M107*AC107 -> 0 | AF107: =$M107*AE107 -> 0 | AH107: =$M107*AG107 -> 0 | AJ107: =$M107*AI107 -> 0 | AL107: =$M107*AK107 -> 0 | AN107: =$M107*AM107 -> 0 | AP107: =$M107*AO107 -> 0 | AR107: =$M107*AQ107 -> 0 | AT107: =$M107*AS107 -> 0 | AV107: =$M107*AU107 -> 0
B108: =ANÁLISIS!B98 -> 55 | C108: =ANÁLISIS!C98 -> 4292129 | D108: =ANÁLISIS!D98 -> CINCEL CUÑA PUNTA PARA CONCRETO 7/8 X 36 CM | E108: =ANÁLISIS!E98 -> UN | F108: =ANÁLISIS!F98 -> 0 | G108: =ANÁLISIS!G98 -> 1 | H108: =ANÁLISIS!H98 -> 27111914 | I108: =ANÁLISIS!I98 -> 1699642 | J108: =ANÁLISIS!J98 -> SIN CREAR | K108: =ANÁLISIS!G98 -> 1 | L108: =SUM(O108,Q108,S108,U108,W108,Y108,AA108,AC108,AE108,AG108,AI108,AK108,AM108,AO108,AQ108,AS108,AU108) -> 0 | M108: =ANÁLISIS!AF98 -> 68698.124 | N108: =L108*M108 -> 0 | P108: =$M108*O108 -> 0 | R108: =$M108*Q108 -> 0 | T108: =$M108*S108 -> 0 | V108: =$M108*U108 -> 0 | X108: =$M108*W108 -> 0 | Z108: =$M108*Y108 -> 0 | AB108: =$M108*AA108 -> 0 | AD108: =$M108*AC108 -> 0 | AF108: =$M108*AE108 -> 0 | AH108: =$M108*AG108 -> 0 | AJ108: =$M108*AI108 -> 0 | AL108: =$M108*AK108 -> 0 | AN108: =$M108*AM108 -> 0 | AP108: =$M108*AO108 -> 0 | AR108: =$M108*AQ108 -> 0 | AT108: =$M108*AS108 -> 0 | AV108: =$M108*AU108 -> 0
B109: =ANÁLISIS!B99 -> 56 | C109: =ANÁLISIS!C99 -> 4292129 | D109: =ANÁLISIS!D99 -> CINCEL LARGO 10" CUÑA 1" | E109: =ANÁLISIS!E99 -> UN | F109: =ANÁLISIS!F99 -> 0 | G109: =ANÁLISIS!G99 -> 1 | H109: =ANÁLISIS!H99 -> 27111914 | I109: =ANÁLISIS!I99 -> 1589630 | J109: =ANÁLISIS!J99 -> SIN CREAR | K109: =ANÁLISIS!G99 -> 1 | L109: =SUM(O109,Q109,S109,U109,W109,Y109,AA109,AC109,AE109,AG109,AI109,AK109,AM109,AO109,AQ109,AS109,AU109) -> 0 | M109: =ANÁLISIS!AF99 -> 121386.95 | N109: =L109*M109 -> 0 | P109: =$M109*O109 -> 0 | R109: =$M109*Q109 -> 0 | T109: =$M109*S109 -> 0 | V109: =$M109*U109 -> 0 | X109: =$M109*W109 -> 0 | Z109: =$M109*Y109 -> 0 | AB109: =$M109*AA109 -> 0 | AD109: =$M109*AC109 -> 0 | AF109: =$M109*AE109 -> 0 | AH109: =$M109*AG109 -> 0 | AJ109: =$M109*AI109 -> 0 | AL109: =$M109*AK109 -> 0 | AN109: =$M109*AM109 -> 0 | AP109: =$M109*AO109 -> 0 | AR109: =$M109*AQ109 -> 0 | AT109: =$M109*AS109 -> 0 | AV109: =$M109*AU109 -> 0
B110: =ANÁLISIS!B100 -> 57 | C110: =ANÁLISIS!C100 -> 42921 | D110: =ANÁLISIS!D100 -> CORTA TUBOS PVC | E110: =ANÁLISIS!E100 -> UN | F110: =ANÁLISIS!F100 -> 0 | G110: =ANÁLISIS!G100 -> 1 | H110: =ANÁLISIS!H100 -> 23241610 | I110: =ANÁLISIS!I100 -> 1691788 | J110: =ANÁLISIS!J100 -> SIN CREAR | K110: =ANÁLISIS!G100 -> 1 | L110: =SUM(O110,Q110,S110,U110,W110,Y110,AA110,AC110,AE110,AG110,AI110,AK110,AM110,AO110,AQ110,AS110,AU110) -> 0 | M110: =ANÁLISIS!AF100 -> 242970.47 | N110: =L110*M110 -> 0 | P110: =$M110*O110 -> 0 | R110: =$M110*Q110 -> 0 | T110: =$M110*S110 -> 0 | V110: =$M110*U110 -> 0 | X110: =$M110*W110 -> 0 | Z110: =$M110*Y110 -> 0 | AB110: =$M110*AA110 -> 0 | AD110: =$M110*AC110 -> 0 | AF110: =$M110*AE110 -> 0 | AH110: =$M110*AG110 -> 0 | AJ110: =$M110*AI110 -> 0 | AL110: =$M110*AK110 -> 0 | AN110: =$M110*AM110 -> 0 | AP110: =$M110*AO110 -> 0 | AR110: =$M110*AQ110 -> 0 | AT110: =$M110*AS110 -> 0 | AV110: =$M110*AU110 -> 0
B111: =ANÁLISIS!B101 -> 58 | C111: =ANÁLISIS!C101 -> 4292119 | D111: =ANÁLISIS!D101 -> JUEGO DE 8 DESTORNILLADORES MANGO PVC | E111: =ANÁLISIS!E101 -> UN | F111: =ANÁLISIS!F101 -> 0 | G111: =ANÁLISIS!G101 -> 1 | H111: =ANÁLISIS!H101 -> 27111701 | I111: =ANÁLISIS!I101 -> 1745455 | J111: =ANÁLISIS!J101 -> SIN CREAR | K111: =ANÁLISIS!G101 -> 1 | L111: =SUM(O111,Q111,S111,U111,W111,Y111,AA111,AC111,AE111,AG111,AI111,AK111,AM111,AO111,AQ111,AS111,AU111) -> 0 | M111: =ANÁLISIS!AF101 -> 145704.87 | N111: =L111*M111 -> 0 | P111: =$M111*O111 -> 0 | R111: =$M111*Q111 -> 0 | T111: =$M111*S111 -> 0 | V111: =$M111*U111 -> 0 | X111: =$M111*W111 -> 0 | Z111: =$M111*Y111 -> 0 | AB111: =$M111*AA111 -> 0 | AD111: =$M111*AC111 -> 0 | AF111: =$M111*AE111 -> 0 | AH111: =$M111*AG111 -> 0 | AJ111: =$M111*AI111 -> 0 | AL111: =$M111*AK111 -> 0 | AN111: =$M111*AM111 -> 0 | AP111: =$M111*AO111 -> 0 | AR111: =$M111*AQ111 -> 0 | AT111: =$M111*AS111 -> 0 | AV111: =$M111*AU111 -> 0
... B133: =ANÁLISIS!B123 -> 80 | C133: =ANÁLISIS!C123 -> 4292110 | D133: =ANÁLISIS!D123 -> TIJERA CORTA LATA DE 10” | E133: =ANÁLISIS!E123 -> UN | F133: =ANÁLISIS!F123 -> 0 | G133: =ANÁLISIS!G123 -> 1 | H133: =ANÁLISIS!H123 -> 44121618 | I133: =ANÁLISIS!I123 -> 1548659 | J133: =ANÁLISIS!J123 -> SIN CREAR | K133: =ANÁLISIS!G123 -> 1 | L133: =SUM(O133,Q133,S133,U133,W133,Y133,AA133,AC133,AE133,AG133,AI133,AK133,AM133,AO133,AQ133,AS133,AU133) -> 0 | M133: =ANÁLISIS!AF123 -> 60592.151 | N133: =L133*M133 -> 0 | P133: =$M133*O133 -> 0 | R133: =$M133*Q133 -> 0 | T133: =$M133*S133 -> 0 | V133: =$M133*U133 -> 0 | X133: =$M133*W133 -> 0 | Z133: =$M133*Y133 -> 0 | AB133: =$M133*AA133 -> 0 | AD133: =$M133*AC133 -> 0 | AF133: =$M133*AE133 -> 0 | AH133: =$M133*AG133 -> 0 | AJ133: =$M133*AI133 -> 0 | AL133: =$M133*AK133 -> 0 | AN133: =$M133*AM133 -> 0 | AP133: =$M133*AO133 -> 0 | AR133: =$M133*AQ133 -> 0 | AT133: =$M133*AS133 -> 0 | AV133: =$M133*AU133 -> 0
...

Sheet PRECIOS DE REFERENCIA
B2: =ANÁLISIS!B4 -> A-02-02-01-002-008 DOTACIÓN (PRENDAS DE VESTIR DE CALZADO)
B3: ÍTEM | C3: CÓDIGO DANE | D3: DESCRIPCIÓN DEL BIEN Y/O SERVICIO | E3: UNIDAD MEDIDA | F3: NECESIDAD | G3: UNSPSC (CCE) | H3: CÓDIGO MATERIAL SAP (OPCIONAL) | I3: PRECIO DE REFERENCIA
B5: =ANÁLISIS!B7 -> 1 | C5: =ANÁLISIS!C7 -> 2951001 | D5: =ANÁLISIS!D7 -> BOTA CAÑA ALTA DE CAUCHO: FABRICADA EN CAUCHO, ARMADA POR PARTES, VULCANIZADAS EN AUTOCLAVE. CAÑA REFORZADA, FORRO 100% ALGODÓN ABSORBENTE, PUNTERA EN ACERO DE SEGURIDAD E IMPERMEABLE 100% NORMA EN 12568 CON REFUERZO EN CAUCHO, SUELA ANTIDESLIZANTE COLOR AMARILLO, TALLAS 39 A 42, CAÑA LARGO 16” COLOR NEGRO, ALTURA MÁXIMA DE 37.5 CM. | E5: =ANÁLISIS!E7 -> PAR | F5: =ANÁLISIS!G7 -> 1 | G5: =ANÁLISIS!H7 -> 46181611 | H5: =ANÁLISIS!I7 -> 1264284 | I5: =ANÁLISIS!AF7 -> 148415.7
B6: =ANÁLISIS!B8 -> 2 | C6: =ANÁLISIS!C8 -> 2929012 | D6: =ANÁLISIS!D8 -> CARTUCHO CONTRA VAPORES ORGÁNICOS PARA RESPIRADOR DE MEDIA CARA (CARACTERÍSTICAS DE ACUERDO AL MODELO DEL RESPIRADOR DEL ÍTEM N°5. NORMAS APLICABLES: APROBACIÓN NIOSH). | E6: =ANÁLISIS!E8 -> PAR | F6: =ANÁLISIS!G8 -> 1 | G6: =ANÁLISIS!H8 -> 46182005 | H6: =ANÁLISIS!I8 -> 1289556 | I6: =ANÁLISIS!AF8 -> 143764.55
B7: =ANÁLISIS!B9 -> 3 | C7: =ANÁLISIS!C9 -> 3697101 | D7: =ANÁLISIS!D9 -> CASCOS DE SEGURIDAD CON BARBOQUEJO (CASCO INDUSTRIAL: TIPO 1 CLASE E, CASCO DIELÉCTRICO ESTÁNDAR FABRICADO EN POLIETILENO DE ALTA DENSIDAD, LIVIANO Y RESISTENTE CON MÍNIMO 4 PUNTOS DE AJUSTE, CON SISTEMA DE FIJACIÓN REGULABLE RATCHET, SISTEMA DE SUSPENSIÓN CON TRINQUETE, RANURAS DE VENTILACIÓN Y QUE PERMITAN LA INSTALACIÓN DE ELEMENTOS DE PROTECCIÓN FACIAL, AUDITIVA Y CARETAS, CON BARBOQUEJO FABRICADO EN REATA O CINTA ELÁSTICA PARA MAYOR DURACIÓN Y COMODIDAD, IDENTIFICACIÓN DE COLOR AMARILLO. NORMA ANSI Z89.1, 2014 - PROTECCIÓN DE IMPACTO DE PARTÍCULAS Y/O O EN 397 / EN50365.). | E7: =ANÁLISIS!E9 -> UN | F7: =ANÁLISIS!G9 -> 1 | G7: =ANÁLISIS!H9 -> 46181704 | H7: =ANÁLISIS!I9 -> 1327069 | I7: =ANÁLISIS!AF9 -> 75802.617
B8: =ANÁLISIS!B10 -> 4 | C8: =ANÁLISIS!C10 -> 2929012 | D8: =ANÁLISIS!D10 -> CHALECO REFLECTIVO (TELA FLUORESCENTE COLOR NARANJA O VERDE, TEJIDO EN HILO 100% POLIÉSTER DE ALTA TENACIDAD, CON CINTAS REFLECTIVAS COLOR PLATA DE 2" VERTICALES Y CIERRE DELANTERO CON CREMALLERA). | E8: =ANÁLISIS!E10 -> UN | F8: =ANÁLISIS!G10 -> 1 | G8: =ANÁLISIS!H10 -> 46181507 | H8: =ANÁLISIS!I10 -> 1181307 | I8: =ANÁLISIS!AF10 -> 20149.726
B9: =ANÁLISIS!B11 -> 5 | C9: =ANÁLISIS!C11 -> 2929012 | D9: =ANÁLISIS!D11 -> FILTROS RESPIRADORES DE VAPORES ORGÁNICOS. (CARACTERÍSTICAS DE ACUERDO AL MODELO DEL RESPIRADOR). DEL ÍTEM 7 | E9: =ANÁLISIS!E11 -> PAR | F9: =ANÁLISIS!G11 -> 1 | G9: =ANÁLISIS!H11 -> 46182005 | H9: =ANÁLISIS!I11 -> 1011887 | I9: =ANÁLISIS!AF11 -> 28196.087
B10: =ANÁLISIS!B12 -> 6 | C10: =ANÁLISIS!C12 -> 4831204 | D10: =ANÁLISIS!D12 -> GAFAS DE SEGURIDAD (GAFAS EN POLICARBONATO, CON ANTIEMPAÑANTE Y PROTECCIÓN PARA LUZ ULTRAVIOLETA. QUE EVITA LA PROYECCIÓN DE PARTÍCULAS SÓLIDAS O LÍQUIDAS A LOS OJOS, TALES COMO, MANEJO DE SUSTANCIAS CORROSIVAS). | E10: =ANÁLISIS!E12 -> UN | F10: =ANÁLISIS!G12 -> 1 | G10: =ANÁLISIS!H12 -> 46181804 | H10: =ANÁLISIS!I12 -> 1309484 | I10: =ANÁLISIS!AF12 -> 52346
B11: =ANÁLISIS!B13 -> 7 | C11: =ANÁLISIS!C13 -> 3899918 | D11: =ANÁLISIS!D13 -> GUANTE NITRILO MANGA LARGA (CLORINADO PUÑO LARGO DEBE SER RESISTENTE A QUÍMICOS, SOLVENTES, ALCOHOLES, ACETONAS. RESISTENCIA A UN AMPLIO RANGO DE SOLVENTES Y QUÍMICOS PELIGROSOS. MÍNIMO 18” DE LONGITUD. ESPESOR MÁXIMO 22 MILÉSIMAS. TALLAS SUJETAS A LAS NECESIDADES. EN 374-1:2016, EN 374-5:2016 Y EN 388:2016 MÍNIMO 2001X.). | E11: =ANÁLISIS!E13 -> PAR | F11: =ANÁLISIS!G13 -> 1 | G11: =ANÁLISIS!H13 -> 46181541 | H11: =ANÁLISIS!I13 -> 1901328 | I11: =ANÁLISIS!AF13 -> 132547.55
B12: =ANÁLISIS!B14 -> 8 | C12: =ANÁLISIS!C14 -> 3899918 | D12: =ANÁLISIS!D14 -> GUANTES CALIBRE 35 MANGA LARGA (GUANTE DE PROTECCIÓN CON DISEÑO ANATÓMICO, DISEÑADO PARA BRINDAR MAYOR RESISTENCIA QUÍMICA A HIDROCARBUROS, INCLUYENDO DERIVADOS DEL PETRÓLEO, COMPUESTO POR UNA COMBINACIÓN DE NITRILO Y CAUCHO SINTÉTICO). | E12: =ANÁLISIS!E14 -> PAR | F12: =ANÁLISIS!G14 -> 1 | G12: =ANÁLISIS!H14 -> 46181536 | H12: =ANÁLISIS!I14 -> 1520930 | I12: =ANÁLISIS!AF14 -> 71041
B13: =ANÁLISIS!B15 -> 9 | C13: =ANÁLISIS!C15 -> 3899918 | D13: =ANÁLISIS!D15 -> GUANTES DE VAQUETA TIPO INGENIERO DE 12 PULGADAS DE LARGO CON REFUERZO EN LA PALMA (CONFECCIONADO CON CARNAZA DE RES O VAQUETA Y COSIDO CON HILO DE POLIÉSTER O HILO DE NYLON Y POLIPROPILENO, PUÑO RECTO, MEDIO DE 14CM EN ADELANTE, CON REFUERZO EN PALMA Y DEDOS). | E13: =ANÁLISIS!E15 -> PAR | F13: =ANÁLISIS!G15 -> 1 | G13: =ANÁLISIS!H15 -> 46181536 | H13: =ANÁLISIS!I15 -> 1114739 | I13: =ANÁLISIS!AF15 -> 71041
B14: =ANÁLISIS!B16 -> 10 | C14: =ANÁLISIS!C16 -> 2823610 | D14: =ANÁLISIS!D16 -> OVEROLES DE PROTECCIÓN ENTERIZOS EN TELA (FABRICADO EN TELA JEAN O NAILON, COLOR VERDE O AZUL. COMPOSICIÓN 100% ALGODÓN. COSTURAS RESISTENTES). | E14: =ANÁLISIS!E16 -> UN | F14: =ANÁLISIS!G16 -> 1 | G14: =ANÁLISIS!H16 -> 46181503 | H14: =ANÁLISIS!I16 -> 1499810 | I14: =ANÁLISIS!AF16 -> 114794.78
B15: =ANÁLISIS!B17 -> 11 | C15: =ANÁLISIS!C17 -> 2823610 | D15: =ANÁLISIS!D17 -> OVEROLES DE PROTECCIÓN ENTERIZOS IMPERMEABLES (TRAJE ESCAFANDRA EN PVC CALIBRE 25 ENTERIZO. CONFECCIONADO CON MATERIAL VINÍLICO, SOPORTE TEXTIL EN POLIÉSTER PARA EVITAR DESGASTE, COSTURAS CON SISTEMA DE ELECTRO SELLADO QUE IMPIDEN FILTRACIONES. TALLAS SUJETAS A LAS NECESIDADES). | E15: =ANÁLISIS!E17 -> UN | F15: =ANÁLISIS!G17 -> 1 | G15: =ANÁLISIS!H17 -> 46181503 | H15: =ANÁLISIS!I17 -> 1398215 | I15: =ANÁLISIS!AF17 -> 618617.55
B16: =ANÁLISIS!B18 -> 12 | C16: =ANÁLISIS!C18 -> 2823611 | D16: =ANÁLISIS!D18 -> PETO DE CARNAZA PARA SUSTANCIAS QUÍMICAS (ELABORADO EN POLÍMEROS SIMILARES AL CAUCHO Y/O FABRICADO EN CARNAZA DE RES (CUERO VACUNO CURTIDO), PROTECCIÓN CONTRA CHISPA DE SOLDADURA. QUE PERMITA SER ESTIRADO Y REFORMAR SU TAMAÑO ORIGINAL, CON UNA CORREA QUE SE AJUSTE EN EL CUELLO Y OTRA CORREA QUE SE AJUSTE EN LA PARTE POSTERIOR DEL TRONCO). | E16: =ANÁLISIS!E18 -> UN | F16: =ANÁLISIS!G18 -> 1 | G16: =ANÁLISIS!H18 -> 46181501 | H16: =ANÁLISIS!I18 -> 1017780 | I16: =ANÁLISIS!AF18 -> 68984.55
... B21: =ANÁLISIS!B23 -> 17 | C21: =ANÁLISIS!C23 -> 2826203 | D21: =ANÁLISIS!D23 -> SOMBRERO TIPO PAVA (SOMBRERO EN TELA, CON ALA ANCHA Y CORDÓN. UTILIZADO PARA REALIZAR ACTIVIDADES A LA INTEMPERIE Y CUANDO SE ESTÉ EXPUESTO AL SOL. COLOR VERDE). | E21: =ANÁLISIS!E23 -> UN | F21: =ANÁLISIS!G23 -> 1 | G21: =ANÁLISIS!H23 -> 53102503 | H21: =ANÁLISIS!I23 -> 1732607 | I21: =ANÁLISIS!AF23 -> 74593.05
B22: =ANÁLISIS!B28 -> A-02-02-01-004-008 APARATOS MÉDICOS, INSTRUMENTOS ÓPTICOS Y DE PRECISIÓN, RELOJES
B23: =ANÁLISIS!B31 -> 18 | C23: =ANÁLISIS!C31 -> 48233 | D23: =ANÁLISIS!D31 -> CINTA MÉTRICA DE 50 M | E23: =ANÁLISIS!E31 -> UN | F23: =ANÁLISIS!G31 -> 1 | G23: =ANÁLISIS!H31 -> 27111801 | H23: =ANÁLISIS!I31 -> 1509008 | I23: =ANÁLISIS!AF31 -> 133655.34
B24: =ANÁLISIS!B32 -> 19 | C24: =ANÁLISIS!C32 -> 4828101 | D24: =ANÁLISIS!D32 -> FLEXÓMETRO DE 8 METROS | E24: =ANÁLISIS!E32 -> UN | F24: =ANÁLISIS!G32 -> 1 | G24: =ANÁLISIS!H32 -> 95121632 | H24: =ANÁLISIS!I32 -> 1460149 | I24: =ANÁLISIS!AF32 -> 79446.645
B25: =ANÁLISIS!B33 -> 20 | C25: =ANÁLISIS!C33 -> 4826601 | D25: =ANÁLISIS!D33 -> PLOMADA DE CONSTRUCCIÓN COMPLETA | E25: =ANÁLISIS!E33 -> UN | F25: =ANÁLISIS!G33 -> 1 | G25: =ANÁLISIS!H33 -> 27111804 | H25: =ANÁLISIS!I33 -> 1596693 | I25: =ANÁLISIS!AF33 -> 68698.124
B26: =ANÁLISIS!B34 -> 21 | C26: =ANÁLISIS!C34 -> 4826601 | D26: =ANÁLISIS!D34 -> CIMBRA DE 30 METROS PARA CONSTRUCCIÓN | E26: =ANÁLISIS!E34 -> UN | F26: =ANÁLISIS!G34 -> 1 | G26: =ANÁLISIS!H34 -> 27112300 | H26: =ANÁLISIS!I34 -> 1088518 | I26: =ANÁLISIS!AF34 -> 72953.76
B27: =ANÁLISIS!B37 -> A-02-02-01-002-007 ARTÍCULOS TEXTILES (EXCEPTO PRENDAS DE VESTIR)
B28: =ANÁLISIS!B40 -> 22 | C28: =ANÁLISIS!C40 -> 2732008 | D28: =ANÁLISIS!D40 -> ESLINGA RESTRICCIÓN EN Y CON ABSOLVEDOR | E28: =ANÁLISIS!E40 -> UN | F28: =ANÁLISIS!G40 -> 1 | G28: =ANÁLISIS!H40 -> 24101611 | H28: =ANÁLISIS!I40 -> 1331221 | I28: =ANÁLISIS!AF40 -> 741493.91
B29: =ANÁLISIS!B41 -> 23 | C29: =ANÁLISIS!C41 -> 27320 | D29: =ANÁLISIS!D41 -> SOGA 3/4" 19 MM GOLDEN X 50 ML | E29: =ANÁLISIS!E41 -> UN | F29: =ANÁLISIS!G41 -> 1 | G29: =ANÁLISIS!H41 -> 31151500 | H29: =ANÁLISIS!I41 -> CREAR | I29: =ANÁLISIS!AF41 -> 527577.27
B30: =ANÁLISIS!B42 -> 24 | C30: =ANÁLISIS!C42 -> 27320 | D30: =ANÁLISIS!D42 -> SOGA 3/8" 10 MM GOLDEN X 50 ML | E30: =ANÁLISIS!E42 -> UN | F30: =ANÁLISIS!G42 -> 1 | G30: =ANÁLISIS!H42 -> 31151500 | H30: =ANÁLISIS!I42 -> 1589740 | I30: =ANÁLISIS!AF42 -> 527577.27
B31: =ANÁLISIS!B43 -> 25 | C31: =ANÁLISIS!C43 -> 27190 | D31: =ANÁLISIS!D43 -> CINTURÓN DE HERRAMIENTAS CON BOLSILLOS | E31: =ANÁLISIS!E43 -> UN | F31: =ANÁLISIS!G43 -> 1 | G31: =ANÁLISIS!H43 -> 24112403 | H31: =ANÁLISIS!I43 -> 1109319 | I31: =ANÁLISIS!AF43 -> 202446.68
B32: =ANÁLISIS!B46 -> A-02-02-01-004-006 MAQUINARIA Y APARATOS ELÉCTRICOS
B33: =ANÁLISIS!B49 -> 26 | C33: =ANÁLISIS!C49 -> 46350 | D33: =ANÁLISIS!D49 -> DETECTOR DE AUSENCIA DE TENSIÓN 240 - 275.000 VAC MARCA SEW | E33: =ANÁLISIS!E49 -> UN | F33: =ANÁLISIS!G49 -> 1 | G33: =ANÁLISIS!H49 -> 41113669 | H33: =ANÁLISIS!I49 -> CREAR | I33: =ANÁLISIS!AF49 -> 4554543.8
B34: =ANÁLISIS!B50 -> 27 | C34: =ANÁLISIS!C50 -> 46350 | D34: =ANÁLISIS!D50 -> DETECTOR DE VOLTAJE SIN CONTACTO 90V - 1000V | E34: =ANÁLISIS!E50 -> UN | F34: =ANÁLISIS!G50 -> 1 | G34: =ANÁLISIS!H50 -> 41113669 | H34: =ANÁLISIS!I50 -> 1378218 | I34: =ANÁLISIS!AF50 -> 532947.48
B35: =ANÁLISIS!B51 -> 28 | C35: =ANÁLISIS!C51 -> 4621208 | D35: =ANÁLISIS!D51 -> EXTENSIÓN ELÉCTRICA COMPLETA, EN CABLE ENCAUCHETADO 3X10 AWG NEGRO X 25 M | E35: =ANÁLISIS!E51 -> UN | F35: =ANÁLISIS!G51 -> 1 | G35: =ANÁLISIS!H51 -> 26121600 | H35: =ANÁLISIS!I51 -> 1321079 | I35: =ANÁLISIS!AF51 -> 505569.56
B36: =ANÁLISIS!B52 -> 29 | C36: =ANÁLISIS!C52 -> 4621208 | D36: =ANÁLISIS!D52 -> EXTENSIÓN ELÉCTRICA COMPLETA, EN CABLE ENCAUCHETADO 3X10 AWG NEGRO X 50 M | E36: =ANÁLISIS!E52 -> UN | F36: =ANÁLISIS!G52 -> 1 | G36: =ANÁLISIS!H52 -> 26121600 | H36: =ANÁLISIS!I52 -> CREAR | I36: =ANÁLISIS!AF52 -> 830578.56
B37: =ANÁLISIS!B53 -> 30 | C37: =ANÁLISIS!C53 -> 4693998 | D37: =ANÁLISIS!D53 -> PULIDORA 7": MOTOR DE 2,200 W, MONTADO SOBRE BALERO DE BOLAS PARA MAYOR VIDA ÚTIL Y MEJOR DESEMPEÑO INTERRUPTOR CON FUNCIÓN DE USO CONTINUO MANGO AUXILIAR AJUSTABLE A 3 POSICIONES PARA MAYOR CONTROL. | E37: =ANÁLISIS!E53 -> UN | F37: =ANÁLISIS!G53 -> 1 | G37: =ANÁLISIS!H53 -> 23101510 | H37: =ANÁLISIS!I53 -> 1706783 | I37: =ANÁLISIS!AF53 -> 1564250.2
B38: =ANÁLISIS!B54 -> 31 | C38: =ANÁLISIS!C54 -> 4693998 | D38: =ANÁLISIS!D54 -> TALADRO PERCUTOR 1/2-PULG 800W 2600RPM VVR. CARACTERÍSTICAS: TALADRO PERCUTOR DE 1/2-PULG (13 MM) CON VELOCIDAD VARIABLE Y REVERSIBLE. VELOCIDAD VARIABLE REVERSIBLE PARA TODO TIPO DE APLICACIONES Y PARA MEJOR CONTROL EN APLICACIONES DE ATORNILLADO. | E38: =ANÁLISIS!E54 -> UN | F38: =ANÁLISIS!G54 -> 1 | G38: =ANÁLISIS!H54 -> 23101502 | H38: =ANÁLISIS!I54 -> 1276928 | I38: =ANÁLISIS!AF54 -> 1551262.4
B39: =ANÁLISIS!B57 -> A-02-02-01-003-008 OTROS BIENES TRANSPORTABLES NCP
B40: =ANÁLISIS!B60 -> 32 | C40: =ANÁLISIS!C60 -> 3899310 | D40: =ANÁLISIS!D60 -> BROCHA PARA USOS GENERALES MANGO PLÁSTICO DE 2” | E40: =ANÁLISIS!E60 -> UN | F40: =ANÁLISIS!G60 -> 1 | G40: =ANÁLISIS!H60 -> 31211904 | H40: =ANÁLISIS!I60 -> 1400641 | I40: =ANÁLISIS!AF70 -> 84099.473
B41: =ANÁLISIS!B61 -> 33 | C41: =ANÁLISIS!C61 -> 3899310 | D41: =ANÁLISIS!D61 -> BROCHA PARA USOS GENERALES MANGO PLÁSTICO DE 4” | E41: =ANÁLISIS!E61 -> UN | F41: =ANÁLISIS!G61 -> 1 | G41: =ANÁLISIS!H61 -> 31211904 | H41: =ANÁLISIS!I61 -> 1400051 | I41: =ANÁLISIS!AF71 -> 386654.93
B42: =ANÁLISIS!B62 -> 34 | C42: =ANÁLISIS!C62 -> 3899310 | D42: =ANÁLISIS!D62 -> BROCHA PROFESIONAL MANGO PLÁSTICO DE 6” | E42: =ANÁLISIS!E62 -> UN | F42: =ANÁLISIS!G62 -> 1 | G42: =ANÁLISIS!H62 -> 31211904 | H42: =ANÁLISIS!I62 -> 1302063 | I42: =ANÁLISIS!AF72 -> 607745.35
B43: =ANÁLISIS!B63 -> 35 | C43: =ANÁLISIS!C63 -> 3899311 | D43: =ANÁLISIS!D63 -> RODILLO FELPA PROFESIONAL 9" | E43: =ANÁLISIS!E63 -> UN | F43: =ANÁLISIS!G63 -> 1 | G43: =ANÁLISIS!H63 -> 31211906 | H43: =ANÁLISIS!I63 -> 1118063 | I43: =ANÁLISIS!AF73 -> 478455.08
B44: =ANÁLISIS!B64 -> 36 | C44: =ANÁLISIS!C64 -> 3899311 | D44: =ANÁLISIS!D64 -> RODILLO JUNIOR EPÓXIDO BLANCO | E44: =ANÁLISIS!E64 -> UN | F44: =ANÁLISIS!G64 -> 1 | G44: =ANÁLISIS!H64 -> 31211906 | H44: =ANÁLISIS!I64 -> 1085177 | I44: =ANÁLISIS!AF74 -> 289383.25
B45: =ANÁLISIS!B67 -> A-02-02-01-003-006 PRODUCTOS DE CAUCHO Y PLÁSTICO
B46: =ANÁLISIS!B70 -> 37 | C46: =ANÁLISIS!C70 -> 3694005 | D46: =ANÁLISIS!D70 -> BALDE PARA CONSTRUCCIÓN, CON MANIJA METÁLICA. | E46: =ANÁLISIS!E70 -> UN | F46: =ANÁLISIS!G70 -> 1 | G46: =ANÁLISIS!H70 -> 47121804 | H46: =ANÁLISIS!I70 -> 1521293 | I46: =ANÁLISIS!AF70 -> 84099.473
B47: =ANÁLISIS!B71 -> 38 | C47: =ANÁLISIS!C71 -> 4421705 | D47: =ANÁLISIS!D71 -> EXPANSOR DE TUBOS | E47: =ANÁLISIS!E71 -> UN | F47: =ANÁLISIS!G71 -> 1 | G47: =ANÁLISIS!H71 -> 43201605 | H47: =ANÁLISIS!I71 -> 1699571 | I47: =ANÁLISIS!AF71 -> 386654.93
B48: =ANÁLISIS!B72 -> 39 | C48: =ANÁLISIS!C72 -> 3623001 | D48: =ANÁLISIS!D72 -> MANGUERA AIRE 200 LIBRAS, ACOPLADA PARA COMPRESOR, 30 ML X ¼” | E48: =ANÁLISIS!E72 -> UN | F48: =ANÁLISIS!G72 -> 1 | G48: =ANÁLISIS!H72 -> 40142000 | H48: =ANÁLISIS!I72 -> 1478930 | I48: =ANÁLISIS!AF72 -> 607745.35
B49: =ANÁLISIS!B73 -> 40 | C49: =ANÁLISIS!C73 -> 3623001 | D49: =ANÁLISIS!D73 -> MANGUERA COMPLETA JARDÍN 1/2" CON PISTOLA Y ACOPLES, 50 M | E49: =ANÁLISIS!E73 -> UN | F49: =ANÁLISIS!G73 -> 1 | G49: =ANÁLISIS!H73 -> 40142000 | H49: =ANÁLISIS!I73 -> 1512789 | I49: =ANÁLISIS!AF73 -> 478455.08
B50: =ANÁLISIS!B74 -> 41 | C50: =ANÁLISIS!C74 -> 3623001 | D50: =ANÁLISIS!D74 -> MANGUERA DE NIVEL TRANSPARENTE 3/8 X 20M | E50: =ANÁLISIS!E74 -> UN | F50: =ANÁLISIS!G74 -> 1 | G50: =ANÁLISIS!H74 -> 40142000 | H50: =ANÁLISIS!I74 -> 1239080 | I50: =ANÁLISIS!AF74 -> 289383.25
B51: =ANÁLISIS!B75 -> 42 | C51: =ANÁLISIS!C75 -> 4292299 | D51: =ANÁLISIS!D75 -> NIVEL DE BURBUJA MAGNÉTICO | E51: =ANÁLISIS!E75 -> UN | F51: =ANÁLISIS!G75 -> 1 | G51: =ANÁLISIS!H75 -> 41111950 | H51: =ANÁLISIS!I75 -> 1650213 | I51: =ANÁLISIS!AF75 -> 38300.724
B52: =ANÁLISIS!B78 -> A-02-02-01-003-001 PRODUCTOS DE MADERA, CORCHO, CESTERÍA Y ESPARTERÍA
B53: =ANÁLISIS!B81 -> 43 | C53: =ANÁLISIS!C81 -> 4292106 | D53: =ANÁLISIS!D81 -> AZADÓN CABO DE MADERA | E53: =ANÁLISIS!E81 -> UN | F53: =ANÁLISIS!G81 -> 1 | G53: =ANÁLISIS!H81 -> 27112002 | H53: =ANÁLISIS!I81 -> 1734473 | I53: =ANÁLISIS!AF81 -> 182181.75
B54: =ANÁLISIS!B82 -> 44 | C54: =ANÁLISIS!C82 -> 4292130 | D54: =ANÁLISIS!D82 -> LLANA DENTADA DE 12X12 MANGO PLÁSTICO | E54: =ANÁLISIS!E82 -> UN | F54: =ANÁLISIS!G82 -> 1 | G54: =ANÁLISIS!H82 -> 27112202 | H54: =ANÁLISIS!I82 -> 1331712 | I54: =ANÁLISIS!AF82 -> 70278.789
B55: =ANÁLISIS!B83 -> 45 | C55: =ANÁLISIS!C83 -> 4292130 | D55: =ANÁLISIS!D83 -> LLANA INOXIDABLE DE 125 MM MANGO MADERA | E55: =ANÁLISIS!E83 -> UN | F55: =ANÁLISIS!G83 -> 1 | G55: =ANÁLISIS!H83 -> 27112202 | H55: =ANÁLISIS!I83 -> 1576006 | I55: =ANÁLISIS!AF83 -> 88963.057
B56: =ANÁLISIS!B84 -> 46 | C56: =ANÁLISIS!C84 -> 4292120 | D56: =ANÁLISIS!D84 -> MARTILLO 16 ONZAS MANGO MADERA | E56: =ANÁLISIS!E84 -> UN | F56: =ANÁLISIS!G84 -> 1 | G56: =ANÁLISIS!H84 -> 27111602 | H56: =ANÁLISIS!I84 -> 1657760 | I56: =ANÁLISIS!AF84 -> 91581.287
B57: =ANÁLISIS!B87 -> A-02-02-01-004-002 PRODUCTOS METÁLICOS ELABORADOS (EXCEPTO MAQUINARIA Y EQUIPO)
B58: =ANÁLISIS!B90 -> 47 | C58: =ANÁLISIS!C90 -> 42921 | D58: =ANÁLISIS!D90 -> ALICATE 8 1/2 215 MM | E58: =ANÁLISIS!E90 -> UN | F58: =ANÁLISIS!G90 -> 1 | G58: =ANÁLISIS!H90 -> 27112111 | H58: =ANÁLISIS!I90 -> 1729212 | I58: =ANÁLISIS!AF90 -> 180965.85
B59: =ANÁLISIS!B91 -> 48 | C59: =ANÁLISIS!C91 -> 42921 | D59: =ANÁLISIS!D91 -> ALICATE AISLADO 1000V CORTE DIAGONAL 7 175 MM | E59: =ANÁLISIS!E91 -> UN | F59: =ANÁLISIS!G91 -> 1 | G59: =ANÁLISIS!H91 -> 27112111 | H59: =ANÁLISIS!I91 -> 1615429 | I59: =ANÁLISIS!AF91 -> 246855.26
B60: =ANÁLISIS!B92 -> 49 | C60: =ANÁLISIS!C92 -> 42921 | D60: =ANÁLISIS!D92 -> ALICATE DE ELECTRICISTA 8” | E60: =ANÁLISIS!E92 -> UN | F60: =ANÁLISIS!G92 -> 1 | G60: =ANÁLISIS!H92 -> 27112106 | H60: =ANÁLISIS!I92 -> 1706789 | I60: =ANÁLISIS!AF92 -> 152880.68
B61: =ANÁLISIS!B93 -> 50 | C61: =ANÁLISIS!C93 -> 42921 | D61: =ANÁLISIS!D93 -> ALICATE DE PRESIÓN RECTO HOMBRESOLO 10" | E61: =ANÁLISIS!E93 -> UN | F61: =ANÁLISIS!G93 -> 1 | G61: =ANÁLISIS!H93 -> 27112106 | H61: =ANÁLISIS!I93 -> 1745462 | I61: =ANÁLISIS!AF93 -> 92892.428
B62: =ANÁLISIS!B94 -> 51 | C62: =ANÁLISIS!C94 -> 4219007 | D62: =ANÁLISIS!D94 -> ANDAMIO MULTIDIRECCIONAL CERTIFICADO, CON BASE DE 1,40 M X 1,40 M X 4 M DE ALTURA | E62: =ANÁLISIS!E94 -> UN | F62: =ANÁLISIS!G94 -> 1 | G62: =ANÁLISIS!H94 -> 30191502 | H62: =ANÁLISIS!I94 -> 1227984 | I62: =ANÁLISIS!AF94 -> 27864283
B63: =ANÁLISIS!B95 -> 52 | C63: =ANÁLISIS!C95 -> 4291402 | D63: =ANÁLISIS!D95 -> BISTURÍ ALMA METÁLICA TRABAJO PESADO CON KIT DE CUCHILLAS DE REPUESTO DE ACERO DE 18 MM X 10 UNDS | E63: =ANÁLISIS!E95 -> UN | F63: =ANÁLISIS!G95 -> 1 | G63: =ANÁLISIS!H95 -> 42291613 | H63: =ANÁLISIS!I95 -> 1439830 | I63: =ANÁLISIS!AF95 -> 180965.85
B64: =ANÁLISIS!B96 -> 53 | C64: =ANÁLISIS!C96 -> 3699022 | D64: =ANÁLISIS!D96 -> CARETA INTELIGENTE PARA SOLDADORES | E64: =ANÁLISIS!E96 -> UN | F64: =ANÁLISIS!G96 -> 1 | G64: =ANÁLISIS!H96 -> 46181711 | H64: =ANÁLISIS!I96 -> 1628362 | I64: =ANÁLISIS!AF96 -> 209675.19
B65: =ANÁLISIS!B97 -> 54 | C65: =ANÁLISIS!C97 -> 4292299 | D65: =ANÁLISIS!D97 -> CORTADORA MANUAL DE ENCHAPES Y BALDOSA X 66 CM | E65: =ANÁLISIS!E97 -> UN | F65: =ANÁLISIS!G97 -> 1 | G65: =ANÁLISIS!H97 -> 23101508 | H65: =ANÁLISIS!I97 -> 1643691 | I65: =ANÁLISIS!AF97 -> 2679804.4
B66: =ANÁLISIS!B98 -> 55 | C66: =ANÁLISIS!C98 -> 4292129 | D66: =ANÁLISIS!D98 -> CINCEL CUÑA PUNTA PARA CONCRETO 7/8 X 36 CM | E66: =ANÁLISIS!E98 -> UN | F66: =ANÁLISIS!G98 -> 1 | G66: =ANÁLISIS!H98 -> 27111914 | H66: =ANÁLISIS!I98 -> 1699642 | I66: =ANÁLISIS!AF98 -> 68698.124
B67: =ANÁLISIS!B99 -> 56 | C67: =ANÁLISIS!C99 -> 4292129 | D67: =ANÁLISIS!D99 -> CINCEL LARGO 10" CUÑA 1" | E67: =ANÁLISIS!E99 -> UN | F67: =ANÁLISIS!G99 -> 1 | G67: =ANÁLISIS!H99 -> 27111914 | H67: =ANÁLISIS!I99 -> 1589630 | I67: =ANÁLISIS!AF99 -> 121386.95
B68: =ANÁLISIS!B100 -> 57 | C68: =ANÁLISIS!C100 -> 42921 | D68: =ANÁLISIS!D100 -> CORTA TUBOS PVC | E68: =ANÁLISIS!E100 -> UN | F68: =ANÁLISIS!G100 -> 1 | G68: =ANÁLISIS!H100 -> 23241610 | H68: =ANÁLISIS!I100 -> 1691788 | I68: =ANÁLISIS!AF100 -> 242970.47
B69: =ANÁLISIS!B101 -> 58 | C69: =ANÁLISIS!C101 -> 4292119 | D69: =ANÁLISIS!D101 -> JUEGO DE 8 DESTORNILLADORES MANGO PVC | E69: =ANÁLISIS!E101 -> UN | F69: =ANÁLISIS!G101 -> 1 | G69: =ANÁLISIS!H101 -> 27111701 | H69: =ANÁLISIS!I101 -> 1745455 | I69: =ANÁLISIS!AF101 -> 145704.87
... B91: =ANÁLISIS!B123 -> 80 | C91: =ANÁLISIS!C123 -> 4292110 | D91: =ANÁLISIS!D123 -> TIJERA CORTA LATA DE 10” | E91: =ANÁLISIS!E123 -> UN | F91: =ANÁLISIS!G123 -> 1 | G91: =ANÁLISIS!H123 -> 44121618 | H91: =ANÁLISIS!I123 -> 1548659 | I91: =ANÁLISIS!AF123 -> 60592.151
